Workbook

Sheet READ ME FIRST
B1: Quarterly Initiative Update - WMP Initiative Status Updates
B4: Instructions for use
B5: 1 | C5: Update progress on WMP Initiatives on "Initiatives" sheet by populating columns A through AB. Progress currently filled in is an example. Yellow cells indicate information that needs to be filled out or confirmed by utility. WMP initiatives that are not already listed in the "Initiatives" sheet shall be added as separate line items on the "Initiatives" sheet. Quantitative information, included initiative targets, the units of said targets and subsequent progress are reported in columns L through U with qualitative targets and progress described in columns V through Z.
B6: 2 | C6: WSD Compliance will reach out to follow up on which Initiatives require documentation for auditing, indicated in columns AD and AE in the "Initiatives" sheet. For those initiatives requiring audit documentation, please fill out columns AF through AH. Please be sure to link to a Kiteworks folder in column AF.
B7: 3 | C7: Definitions for each field are provided in the table below starting in row 17 - READ BEFORE INPUTTING DATA
B8: 4 | C8: WSD Compliance will contact the electrical corporation with any follow-up questions regarding audits
B11: Update the below table to establish which year, quarter, month of the WMP cycle this submission represents
B12: Utility | D12: SDGE
B13: Report Year | D13: 2022
B14: Report Quarter | D14: Q1
B15: Submission Date | D15: 44683
B17: Definition of fields
C19: Column | D19: Column name | E19: Definition | F19: Input type | G19: Submission in which to be completed
C20: A | D20: UtilityID | E20: Standardized ID of utility (PGE, SCE, SDGE, BVES, LU, PC, HWT, or TBC) - auto populated by utility field above | F20: Text | G20: Q1
C21: B | D21: Submission Date | E21: Autogenerated based on submission date field above | F21: Date | G21: Q1
C22: C | D22: WMPInitiativeCategory | E22: One of the 10 initiative categories in the WMP | F22: Text | G22: Q1
C23: D | D23: WMPInitiativeCategory# | E23: Autogenerated based on initiative category | F23: Numeric | G23: Q1
C24: E | D24: WMPInitiativeActivity | E24: The relevant WMP activity classification for the initiative. If this initiative applies to an activity not presented, mark "other" | F24: Text | G24: Q1
C25: F | D25: ActivityNameifOther | E25: If activity was "other", then provide the name of the appropriate activity. Should match an activity name in utility's WMP (Table 12) | F25: Text | G25: Q1
C26: G | D26: WMPInitiativeActivity# | E26: Autogenerated based on initiative activity. Will be number or name of activity if activity was marked as "other" | F26: Numeric/Text | G26: Q1
C27: H | D27: UtilityInitiativeName | E27: Utility name for initiative | F27: Text | G27: Q1
C28: I | D28: InitiativeActivityID | E28: ID for the utility initiative. Must be unique to a utility's Initiative activity across submissions. If this initiative is also reported in the initiatives feature class for Grid hardening, Asset inspections, or vegetation management and inspections, then this ID should also connect to the ID in the corresponding initiative feature class (Fields "GhlogID", "AiLogID", "VmiLogID", "VmpLogID", and "OiLogID") | F28: Text | G28: Q1
C29: J | D29: WMPInitiativeCode | E29: Unique ID of the initiative. Must be unique for each initiative for each utility for each year. Follows the format “[UtilityID]_ [WMPInitiativeCategory]_[ WMPInitiativeActivity]_[InitiativeActivityID]_[Year four digit number (e.g., “2021”)]”. For example the code “PGE_Vegetation Management & Inspections_Substation vegetation management _001_2021” would be where utility is PG&E, Initiative category is Vegetation Management & Inspections, activity is Substation vegetation management, unique initiative ID is 001 and the year is 2021 | F29: Text | G29: Q1
C30: K | D30: WMPPageNumber | E30: Page of most recent WMP where initiative is detailed. If the initiative is detailed on multiple pages, put the first page | F30: Numeric | G30: Q1
... C47: AB | D47: CorrectiveActionsIfDelayed | E47: If initiative is delayed based on reported target vs progress (e.g., reported QuantProgress for Q1 was significantly below the ProjectedQuantProgress for Q1), detail corrective actions | F47: Text | G47: As needed
C48: AC-onwards is managed by WSD; columns AF-AH will only be completed by utility upon WSD request

Sheet Initiatives
A1: UtilityID | B1: Submission Date | C1: WMPInitiativeCategory | D1: WMPInitiativeCategory# | E1: WMPInitiativeActivity | F1: ActivityNameifOther | G1: WMPInitiativeActivity# | H1: WMPInitiativeActivity2 | I1: InitiativeActivityID | J1: WMPInitiativeCode | K1: WMPPageNumber | L1: QuantTargetUnits2 | M1: AnnualQuantTarget | N1: ProjectedQuantProgressQ1 | O1: ProjectedQuantProgressQ1-2 | P1: ProjectedQuantProgressQ1-3 | Q1: ProjectedQuantProgressQ1-4 | R1: QuantActualProgressQ1 | S1: QuantActualProgressQ1-2 | T1: QuantActualProgressQ1-3 | U1: QuantActualProgressQ1-4 | V1: AnnualQualTarget | W1: QualActualProgressQ1 | X1: QualActualProgressQ1-2 | Y1: QualActualProgressQ1-3 | Z1: QualActualProgressQ1-4 | AA1: Status | AB1: CorrectiveActionsIfDelayed | AC1: REFERENCE: Compliance Branch Requirements --> | AD1: Audit | AE1: Audit File Documentation Requested | AF1: FolderLink | AG1: PersonInChargeName | AH1: PersonInChargeEmail
A2: ='READ ME FIRST'!$D$12 -> SDGE | B2: ='READ ME FIRST'!$D$15 -> 44683 | C2: Risk Assessment & Mapping | D2: =IF(Table2[[#This Row],[WMPInitiativeCategory]]="", "",INDEX('Initiative mapping-DO NOT EDIT'!$H$3:$H$12, MATCH(Table2[[#This Row],[WMPInitiativeCategory]],'Initiative mapping-DO NOT EDIT'!$G$3:$G$12,0))) -> 5.3.1. | E2: A summarized risk map that shows the overall ignition probability and estimated wildfire consequence along the electric lines and equipment | G2: =IF(Table2[[#This Row],[WMPInitiativeActivity]]="","x",IF(Table2[[#This Row],[WMPInitiativeActivity]]="other", Table2[[#This Row],[ActivityNameifOther]], INDEX('Initiative mapping-DO NOT EDIT'!$C$3:$C$89,MATCH(Table2[[#This Row],[WMPInitiativeActivity]],'Initiative mapping-DO NOT EDIT'!$D$3:$D$89,0)))) -> 1 | H2: A summarized risk map showing the overall ignition probability and estimated wildfire consequence along electric lines and equipment - WRRM Ops (7.3.1.1) | I2: WMP.442 | J2: =_xlfn.CONCAT(Table2[[#This Row],[UtilityID]],"_", Table2[[#This Row],[WMPInitiativeCategory]],"_", IF(Table2[[#This Row],[WMPInitiativeActivity]]="","x",IF(Table2[[#This Row],[WMPInitiativeActivity]]="other", Table2[[#This Row],[ActivityNameifOther]], Table2[[#This Row],[WMPInitiativeActivity]])),"_",Table2[[#This Row],[InitiativeActivityID]], "_",YEAR(Table2[[#This Row],[Submission Date]])) -> SDGE_Risk Assessment & Mapping_A summarized risk map that shows the overall ignition probability and estimated wildfire consequence along the electric lines and equipment _WMP.442_2022 | K2: 196 | L2: N/A | M2: N/A | N2: N/A | O2: N/A | P2: N/A | Q2: N/A | R2: N/A | S2: N/A | T2: N/A | U2: N/A | V2: WRRM and WRRM-Ops - Enhancements planned for 2022 include: (1) Upgrade fuel moisture inputs into the fire behavior modeling (2) Upgrade the forecaster interface (3) Incorporate the data into a PSPS decision support toolWiNGS-Planning and WiNGS-Ops- Enhancements planned for 2022 include: (1) Complete WiNGS-Planning automation (2) Develop user interface/visualization tool for WiNGS-Planning (3) Improve WiNGS-Planning and WiNGS-Ops model with new data and models such as PoI models (4) Develop visualization (PoC) tool for WiNGS-Ops (5) Integration of Technosylva and weather data in WiNGS-OpsProbability of Ignition PoI -Enhancements planned for 2022 include: (1) Continue iteration and improvement of PoI models (2) Migration of models to the cloud (3) Initiation of third-party review of the models | W2: WRRM and WRRM-Ops - 2022 Q1 enhancements are on track. We are working closely to execute the 2022 SOW which includes updated fuels layers, enhancements to the forecaster interface and updates to the PSPS monitoring tool.WiNGS-Planning and WiNGS-Ops-2022 Q1 enhancements are on track.Probability of Ignition PoI -2022 Q1 enhancements are on track. | X2: LiDAR fuels data collected in May and June and being incorporated into surface and canopy fuels update planned for Aug 2022;Technosylva developed framework to incorporate WindNinja 250m surface winds into 100 hour weather forecast; Technosylva completed Risk Associated with Value Exposure (RAVE) analysis; RAVE Locational Risk Factors variables delivered in June. | AA2: In progress
A3: ='READ ME FIRST'!$D$12 -> SDGE | B3: ='READ ME FIRST'!$D$15 -> 44683 | C3: Risk Assessment & Mapping | D3: =IF(Table2[[#This Row],[WMPInitiativeCategory]]="", "",INDEX('Initiative mapping-DO NOT EDIT'!$H$3:$H$12, MATCH(Table2[[#This Row],[WMPInitiativeCategory]],'Initiative mapping-DO NOT EDIT'!$G$3:$G$12,0))) -> 5.3.1. | E3: Climate-driven risk map and modelling based on various relevant weather scenarios | G3: =IF(Table2[[#This Row],[WMPInitiativeActivity]]="","x",IF(Table2[[#This Row],[WMPInitiativeActivity]]="other", Table2[[#This Row],[ActivityNameifOther]], INDEX('Initiative mapping-DO NOT EDIT'!$C$3:$C$89,MATCH(Table2[[#This Row],[WMPInitiativeActivity]],'Initiative mapping-DO NOT EDIT'!$D$3:$D$89,0)))) -> 2 | H3: Climate-driven risk map and modelling based on various relevant weather stations (7.3.1.2) | I3: WMP.443 | J3: =_xlfn.CONCAT(Table2[[#This Row],[UtilityID]],"_", Table2[[#This Row],[WMPInitiativeCategory]],"_", IF(Table2[[#This Row],[WMPInitiativeActivity]]="","x",IF(Table2[[#This Row],[WMPInitiativeActivity]]="other", Table2[[#This Row],[ActivityNameifOther]], Table2[[#This Row],[WMPInitiativeActivity]])),"_",Table2[[#This Row],[InitiativeActivityID]], "_",YEAR(Table2[[#This Row],[Submission Date]])) -> SDGE_Risk Assessment & Mapping_Climate-driven risk map and modelling based on various relevant weather scenarios _WMP.443_2022 | K3: 200 | L3: N/A | M3: N/A | N3: N/A | O3: N/A | P3: N/A | Q3: N/A | R3: N/A | S3: N/A | T3: N/A | U3: N/A | V3: N/A | W3: N/A | X3: N/A | Y3: N/A | Z3: N/A | AA3: N/A
A4: ='READ ME FIRST'!$D$12 -> SDGE | B4: ='READ ME FIRST'!$D$15 -> 44683 | C4: Risk Assessment & Mapping | D4: =IF(Table2[[#This Row],[WMPInitiativeCategory]]="", "",INDEX('Initiative mapping-DO NOT EDIT'!$H$3:$H$12, MATCH(Table2[[#This Row],[WMPInitiativeCategory]],'Initiative mapping-DO NOT EDIT'!$G$3:$G$12,0))) -> 5.3.1. | E4: Ignition probability mapping showing the probability of ignition along the electric lines and equipment | G4: =IF(Table2[[#This Row],[WMPInitiativeActivity]]="","x",IF(Table2[[#This Row],[WMPInitiativeActivity]]="other", Table2[[#This Row],[ActivityNameifOther]], INDEX('Initiative mapping-DO NOT EDIT'!$C$3:$C$89,MATCH(Table2[[#This Row],[WMPInitiativeActivity]],'Initiative mapping-DO NOT EDIT'!$D$3:$D$89,0)))) -> 3 | H4: Ignition probability mapping (7.3.1.3) | I4: WMP.444 | J4: =_xlfn.CONCAT(Table2[[#This Row],[UtilityID]],"_", Table2[[#This Row],[WMPInitiativeCategory]],"_", IF(Table2[[#This Row],[WMPInitiativeActivity]]="","x",IF(Table2[[#This Row],[WMPInitiativeActivity]]="other", Table2[[#This Row],[ActivityNameifOther]], Table2[[#This Row],[WMPInitiativeActivity]])),"_",Table2[[#This Row],[InitiativeActivityID]], "_",YEAR(Table2[[#This Row],[Submission Date]])) -> SDGE_Risk Assessment & Mapping_Ignition probability mapping showing the probability of ignition along the electric lines and equipment _WMP.444_2022 | K4: 201 | L4: N/A | M4: N/A | N4: N/A | O4: N/A | P4: N/A | Q4: N/A | R4: N/A | S4: N/A | T4: N/A | U4: N/A | V4: N/A | W4: N/A | X4: N/A | Y4: N/A | Z4: N/A | AA4: N/A
A5: ='READ ME FIRST'!$D$12 -> SDGE | B5: ='READ ME FIRST'!$D$15 -> 44683 | C5: Risk Assessment & Mapping | D5: =IF(Table2[[#This Row],[WMPInitiativeCategory]]="", "",INDEX('Initiative mapping-DO NOT EDIT'!$H$3:$H$12, MATCH(Table2[[#This Row],[WMPInitiativeCategory]],'Initiative mapping-DO NOT EDIT'!$G$3:$G$12,0))) -> 5.3.1. | E5: Initiative mapping and estimation of wildfire and PSPS risk-reduction impact | G5: =IF(Table2[[#This Row],[WMPInitiativeActivity]]="","x",IF(Table2[[#This Row],[WMPInitiativeActivity]]="other", Table2[[#This Row],[ActivityNameifOther]], INDEX('Initiative mapping-DO NOT EDIT'!$C$3:$C$89,MATCH(Table2[[#This Row],[WMPInitiativeActivity]],'Initiative mapping-DO NOT EDIT'!$D$3:$D$89,0)))) -> 4 | H5: Initiative mapping and estimation of wildfire and PSPS risk-reduction impact (7.3.1.4) | I5: WMP.445 | J5: =_xlfn.CONCAT(Table2[[#This Row],[UtilityID]],"_", Table2[[#This Row],[WMPInitiativeCategory]],"_", IF(Table2[[#This Row],[WMPInitiativeActivity]]="","x",IF(Table2[[#This Row],[WMPInitiativeActivity]]="other", Table2[[#This Row],[ActivityNameifOther]], Table2[[#This Row],[WMPInitiativeActivity]])),"_",Table2[[#This Row],[InitiativeActivityID]], "_",YEAR(Table2[[#This Row],[Submission Date]])) -> SDGE_Risk Assessment & Mapping_Initiative mapping and estimation of wildfire and PSPS risk-reduction impact _WMP.445_2022 | K5: 201 | L5: N/A | M5: N/A | N5: N/A | O5: N/A | P5: N/A | Q5: N/A | R5: N/A | S5: N/A | T5: N/A | U5: N/A | V5: N/A | W5: N/A | X5: N/A | Y5: N/A | Z5: N/A | AA5: N/A
A6: ='READ ME FIRST'!$D$12 -> SDGE | B6: ='READ ME FIRST'!$D$15 -> 44683 | C6: Risk Assessment & Mapping | D6: =IF(Table2[[#This Row],[WMPInitiativeCategory]]="", "",INDEX('Initiative mapping-DO NOT EDIT'!$H$3:$H$12, MATCH(Table2[[#This Row],[WMPInitiativeCategory]],'Initiative mapping-DO NOT EDIT'!$G$3:$G$12,0))) -> 5.3.1. | E6: Match drop simulations showing the potential wildfire consequence of ignitions that occur along the electric lines and equipment | G6: =IF(Table2[[#This Row],[WMPInitiativeActivity]]="","x",IF(Table2[[#This Row],[WMPInitiativeActivity]]="other", Table2[[#This Row],[ActivityNameifOther]], INDEX('Initiative mapping-DO NOT EDIT'!$C$3:$C$89,MATCH(Table2[[#This Row],[WMPInitiativeActivity]],'Initiative mapping-DO NOT EDIT'!$D$3:$D$89,0)))) -> 5 | H6: Match drop simulations (7.3.1.5) | I6: WMP.446 | J6: =_xlfn.CONCAT(Table2[[#This Row],[UtilityID]],"_", Table2[[#This Row],[WMPInitiativeCategory]],"_", IF(Table2[[#This Row],[WMPInitiativeActivity]]="","x",IF(Table2[[#This Row],[WMPInitiativeActivity]]="other", Table2[[#This Row],[ActivityNameifOther]], Table2[[#This Row],[WMPInitiativeActivity]])),"_",Table2[[#This Row],[InitiativeActivityID]], "_",YEAR(Table2[[#This Row],[Submission Date]])) -> SDGE_Risk Assessment & Mapping_Match drop simulations showing the potential wildfire consequence of ignitions that occur along the electric lines and equipment _WMP.446_2022 | K6: 201 | L6: N/A | M6: N/A | N6: N/A | O6: N/A | P6: N/A | Q6: N/A | R6: N/A | S6: N/A | T6: N/A | U6: N/A | V6: N/A | W6: N/A | X6: N/A | Y6: N/A | Z6: N/A | AA6: N/A
A7: ='READ ME FIRST'!$D$12 -> SDGE | B7: ='READ ME FIRST'!$D$15 -> 44683 | C7: Situational Awareness & Forecasting | D7: =IF(Table2[[#This Row],[WMPInitiativeCategory]]="", "",INDEX('Initiative mapping-DO NOT EDIT'!$H$3:$H$12, MATCH(Table2[[#This Row],[WMPInitiativeCategory]],'Initiative mapping-DO NOT EDIT'!$G$3:$G$12,0))) -> 5.3.2. | E7: Advanced weather monitoring and weather stations | G7: =IF(Table2[[#This Row],[WMPInitiativeActivity]]="","x",IF(Table2[[#This Row],[WMPInitiativeActivity]]="other", Table2[[#This Row],[ActivityNameifOther]], INDEX('Initiative mapping-DO NOT EDIT'!$C$3:$C$89,MATCH(Table2[[#This Row],[WMPInitiativeActivity]],'Initiative mapping-DO NOT EDIT'!$D$3:$D$89,0)))) -> 1 | H7: Advanced weather monitoring and weather stations (7.3.2.1) | I7: WMP.447 | J7: =_xlfn.CONCAT(Table2[[#This Row],[UtilityID]],"_", Table2[[#This Row],[WMPInitiativeCategory]],"_", IF(Table2[[#This Row],[WMPInitiativeActivity]]="","x",IF(Table2[[#This Row],[WMPInitiativeActivity]]="other", Table2[[#This Row],[ActivityNameifOther]], Table2[[#This Row],[WMPInitiativeActivity]])),"_",Table2[[#This Row],[InitiativeActivityID]], "_",YEAR(Table2[[#This Row],[Submission Date]])) -> SDGE_Situational Awareness & Forecasting_Advanced weather monitoring and weather stations _WMP.447_2022 | K7: 202 | L7: Weather station upgrades | M7: 20 | N7: =Table2[[#This Row],[QuantActualProgressQ1]] -> 4 | O7: 10 | P7: 17 | Q7: 25 | R7: 4 | S7: 5 | V7: N/A | W7: N/A | X7: N/A | Y7: N/A | Z7: N/A | AA7: In progress
A8: ='READ ME FIRST'!$D$12 -> SDGE | B8: ='READ ME FIRST'!$D$15 -> 44683 | C8: Situational Awareness & Forecasting | D8: =IF(Table2[[#This Row],[WMPInitiativeCategory]]="", "",INDEX('Initiative mapping-DO NOT EDIT'!$H$3:$H$12, MATCH(Table2[[#This Row],[WMPInitiativeCategory]],'Initiative mapping-DO NOT EDIT'!$G$3:$G$12,0))) -> 5.3.2. | E8: Continuous monitoring sensors | G8: =IF(Table2[[#This Row],[WMPInitiativeActivity]]="","x",IF(Table2[[#This Row],[WMPInitiativeActivity]]="other", Table2[[#This Row],[ActivityNameifOther]], INDEX('Initiative mapping-DO NOT EDIT'!$C$3:$C$89,MATCH(Table2[[#This Row],[WMPInitiativeActivity]],'Initiative mapping-DO NOT EDIT'!$D$3:$D$89,0)))) -> 2 | H8: Continuous monitoring sensors (7.3.2.2) | I8: WMP.448 | J8: =_xlfn.CONCAT(Table2[[#This Row],[UtilityID]],"_", Table2[[#This Row],[WMPInitiativeCategory]],"_", IF(Table2[[#This Row],[WMPInitiativeActivity]]="","x",IF(Table2[[#This Row],[WMPInitiativeActivity]]="other", Table2[[#This Row],[ActivityNameifOther]], Table2[[#This Row],[WMPInitiativeActivity]])),"_",Table2[[#This Row],[InitiativeActivityID]], "_",YEAR(Table2[[#This Row],[Submission Date]])) -> SDGE_Situational Awareness & Forecasting_Continuous monitoring sensors _WMP.448_2022 | K8: 203 | L8: N/A | M8: N/A | N8: N/A | O8: N/A | P8: N/A | Q8: N/A | R8: N/A | S8: N/A | T8: N/A | U8: N/A | V8: N/A | W8: N/A | X8: N/A | Y8: N/A | Z8: N/A | AA8: N/A
A9: ='READ ME FIRST'!$D$12 -> SDGE | B9: ='READ ME FIRST'!$D$15 -> 44683 | C9: Situational Awareness & Forecasting | D9: =IF(Table2[[#This Row],[WMPInitiativeCategory]]="", "",INDEX('Initiative mapping-DO NOT EDIT'!$H$3:$H$12, MATCH(Table2[[#This Row],[WMPInitiativeCategory]],'Initiative mapping-DO NOT EDIT'!$G$3:$G$12,0))) -> 5.3.2. | E9: Other | F9: Air Quality Index | G9: Air Quality Index | H9: Air Quality Index (7.3.2.2.1) | I9: WMP.544 | J9: =_xlfn.CONCAT(Table2[[#This Row],[UtilityID]],"_", Table2[[#This Row],[WMPInitiativeCategory]],"_", IF(Table2[[#This Row],[WMPInitiativeActivity]]="","x",IF(Table2[[#This Row],[WMPInitiativeActivity]]="other", Table2[[#This Row],[ActivityNameifOther]], Table2[[#This Row],[WMPInitiativeActivity]])),"_",Table2[[#This Row],[InitiativeActivityID]], "_",YEAR(Table2[[#This Row],[Submission Date]])) -> SDGE_Situational Awareness & Forecasting_Air Quality Index_WMP.544_2022 | K9: 203 | L9: Sensors | M9: 6 | N9: 1 | O9: 4 | P9: 6 | Q9: 6 | R9: 1 | S9: 5 | V9: N/A | W9: N/A | X9: N/A | Y9: N/A | Z9: N/A | AA9: In progress
A10: ='READ ME FIRST'!$D$12 -> SDGE | B10: ='READ ME FIRST'!$D$15 -> 44683 | C10: Situational Awareness & Forecasting | D10: =IF(Table2[[#This Row],[WMPInitiativeCategory]]="", "",INDEX('Initiative mapping-DO NOT EDIT'!$H$3:$H$12, MATCH(Table2[[#This Row],[WMPInitiativeCategory]],'Initiative mapping-DO NOT EDIT'!$G$3:$G$12,0))) -> 5.3.2. | E10: Other | F10: Satellite-based remote sensing | G10: =IF(Table2[[#This Row],[WMPInitiativeActivity]]="","x",IF(Table2[[#This Row],[WMPInitiativeActivity]]="other", Table2[[#This Row],[ActivityNameifOther]], INDEX('Initiative mapping-DO NOT EDIT'!$C$3:$C$89,MATCH(Table2[[#This Row],[WMPInitiativeActivity]],'Initiative mapping-DO NOT EDIT'!$D$3:$D$89,0)))) -> Satellite-based remote sensing | H10: Satellite-based remote sensing (7.3.2.2.2) | I10: WMP.545 | J10: =_xlfn.CONCAT(Table2[[#This Row],[UtilityID]],"_", Table2[[#This Row],[WMPInitiativeCategory]],"_", IF(Table2[[#This Row],[WMPInitiativeActivity]]="","x",IF(Table2[[#This Row],[WMPInitiativeActivity]]="other", Table2[[#This Row],[ActivityNameifOther]], Table2[[#This Row],[WMPInitiativeActivity]])),"_",Table2[[#This Row],[InitiativeActivityID]], "_",YEAR(Table2[[#This Row],[Submission Date]])) -> SDGE_Situational Awareness & Forecasting_Satellite-based remote sensing _WMP.545_2022 | K10: 204 | L10: Cameras | M10: 8 | N10: =Table2[[#This Row],[QuantActualProgressQ1]] -> 6 | O10: 12 | P10: 18 | Q10: 22 | R10: 6 | S10: 12 | V10: N/A | W10: N/A | X10: N/A | Y10: N/A | Z10: N/A | AA10: In progress
A11: ='READ ME FIRST'!$D$12 -> SDGE | B11: ='READ ME FIRST'!$D$15 -> 44683 | C11: Situational Awareness & Forecasting | D11: =IF(Table2[[#This Row],[WMPInitiativeCategory]]="", "",INDEX('Initiative mapping-DO NOT EDIT'!$H$3:$H$12, MATCH(Table2[[#This Row],[WMPInitiativeCategory]],'Initiative mapping-DO NOT EDIT'!$G$3:$G$12,0))) -> 5.3.2. | E11: Fault indicators for detecting faults on electric lines and equipment | G11: =IF(Table2[[#This Row],[WMPInitiativeActivity]]="","x",IF(Table2[[#This Row],[WMPInitiativeActivity]]="other", Table2[[#This Row],[ActivityNameifOther]], INDEX('Initiative mapping-DO NOT EDIT'!$C$3:$C$89,MATCH(Table2[[#This Row],[WMPInitiativeActivity]],'Initiative mapping-DO NOT EDIT'!$D$3:$D$89,0)))) -> 3 | H11: Fault indicators for detecting faults on electric lines and equipment - Wireless Fault Indicators (7.3.2.3) | I11: WMP.449 | J11: =_xlfn.CONCAT(Table2[[#This Row],[UtilityID]],"_", Table2[[#This Row],[WMPInitiativeCategory]],"_", IF(Table2[[#This Row],[WMPInitiativeActivity]]="","x",IF(Table2[[#This Row],[WMPInitiativeActivity]]="other", Table2[[#This Row],[ActivityNameifOther]], Table2[[#This Row],[WMPInitiativeActivity]])),"_",Table2[[#This Row],[InitiativeActivityID]], "_",YEAR(Table2[[#This Row],[Submission Date]])) -> SDGE_Situational Awareness & Forecasting_Fault indicators for detecting faults on electric lines and equipment _WMP.449_2022 | K11: 205 | L11: Wireless fault indicators | M11: 500 | N11: 12 | O11: 88 | P11: 500 | Q11: 500 | R11: 12 | S11: 12 | V11: N/A | W11: N/A | X11: N/A | Y11: N/A | Z11: N/A | AA11: In progress
A12: ='READ ME FIRST'!$D$12 -> SDGE | B12: ='READ ME FIRST'!$D$15 -> 44683 | C12: Situational Awareness & Forecasting | D12: =IF(Table2[[#This Row],[WMPInitiativeCategory]]="", "",INDEX('Initiative mapping-DO NOT EDIT'!$H$3:$H$12, MATCH(Table2[[#This Row],[WMPInitiativeCategory]],'Initiative mapping-DO NOT EDIT'!$G$3:$G$12,0))) -> 5.3.2. | E12: Forecast of a fire risk index, fire potential index, or similar | F12: Fire potential index | G12: =IF(Table2[[#This Row],[WMPInitiativeActivity]]="","x",IF(Table2[[#This Row],[WMPInitiativeActivity]]="other", Table2[[#This Row],[ActivityNameifOther]], INDEX('Initiative mapping-DO NOT EDIT'!$C$3:$C$89,MATCH(Table2[[#This Row],[WMPInitiativeActivity]],'Initiative mapping-DO NOT EDIT'!$D$3:$D$89,0)))) -> 4 | H12: Fire potential index (7.3.2.4.1) | I12: WMP.450 | J12: =_xlfn.CONCAT(Table2[[#This Row],[UtilityID]],"_", Table2[[#This Row],[WMPInitiativeCategory]],"_", IF(Table2[[#This Row],[WMPInitiativeActivity]]="","x",IF(Table2[[#This Row],[WMPInitiativeActivity]]="other", Table2[[#This Row],[ActivityNameifOther]], Table2[[#This Row],[WMPInitiativeActivity]])),"_",Table2[[#This Row],[InitiativeActivityID]], "_",YEAR(Table2[[#This Row],[Submission Date]])) -> SDGE_Situational Awareness & Forecasting_Forecast of a fire risk index, fire potential index, or similar _WMP.450_2022 | K12: 207 | L12: N/A | M12: N/A | N12: N/A | O12: N/A | P12: N/A | Q12: N/A | R12: N/A | S12: N/A | T12: N/A | U12: N/A | V12: In 2022 partnerships with academia will continue to work to advance fire science and weather science. Operational decision making will continue to integrate of the FPI in operations in order to mitigate wildfire potential. Additionally, the accuracy and efficacy of the model will continue to be improved. | W12: On track toto work to advance fire science and weather science | X12: On track to work to advance fire science and weather science. SDSC weather model visualization is complete, SJSU Live Fuel Moisture model continues refinement with additional databases, University of Wisconsin space based fire alerts continue to prove effective temporally and spatially, and Scripps Oceanography is beginning to set up and run a long range advanced weather model for SDG&E. | Z12: N/A | AA12: In progress
A13: ='READ ME FIRST'!$D$12 -> SDGE | B13: ='READ ME FIRST'!$D$15 -> 44683 | C13: Situational Awareness & Forecasting | D13: =IF(Table2[[#This Row],[WMPInitiativeCategory]]="", "",INDEX('Initiative mapping-DO NOT EDIT'!$H$3:$H$12, MATCH(Table2[[#This Row],[WMPInitiativeCategory]],'Initiative mapping-DO NOT EDIT'!$G$3:$G$12,0))) -> 5.3.2. | E13: Other | F13: Santa Ana wildfire threat index | G13: =IF(Table2[[#This Row],[WMPInitiativeActivity]]="","x",IF(Table2[[#This Row],[WMPInitiativeActivity]]="other", Table2[[#This Row],[ActivityNameifOther]], INDEX('Initiative mapping-DO NOT EDIT'!$C$3:$C$89,MATCH(Table2[[#This Row],[WMPInitiativeActivity]],'Initiative mapping-DO NOT EDIT'!$D$3:$D$89,0)))) -> Santa Ana wildfire threat index | H13: Santa Ana wildfire threat index (7.3.2.4.2) | I13: WMP.546 | J13: =_xlfn.CONCAT(Table2[[#This Row],[UtilityID]],"_", Table2[[#This Row],[WMPInitiativeCategory]],"_", IF(Table2[[#This Row],[WMPInitiativeActivity]]="","x",IF(Table2[[#This Row],[WMPInitiativeActivity]]="other", Table2[[#This Row],[ActivityNameifOther]], Table2[[#This Row],[WMPInitiativeActivity]])),"_",Table2[[#This Row],[InitiativeActivityID]], "_",YEAR(Table2[[#This Row],[Submission Date]])) -> SDGE_Situational Awareness & Forecasting_Santa Ana wildfire threat index_WMP.546_2022 | K13: 208 | L13: N/A | M13: N/A | N13: N/A | O13: N/A | P13: N/A | Q13: N/A | R13: N/A | S13: N/A | T13: N/A | U13: N/A | V13: No significant changes were made to the SAWTI model in 2021, though the data delivery process to the U.S. Forest Service was modernized. In late 2022, the resolution of the modeling used to generate the SAWTI will be increased, which will require re-coding of the software that processes the weather and fuels data. | W13: New super computers and subsequent weather modeling upgrade to create a higher resolution baseline is on track. SDG&E will continue to work with academia and the fire agencies to further develop fire science for integration into SAWTI. | X13: New super computers and subsequent weather modeling upgrade to create a higher resolution baseline is on track. SDG&E will continue to work with academia and the fire agencies to further develop fire science for integration into SAWTI. | Z13: N/A | AA13: In progress
A14: ='READ ME FIRST'!$D$12 -> SDGE | B14: ='READ ME FIRST'!$D$15 -> 44683 | C14: Situational Awareness & Forecasting | D14: =IF(Table2[[#This Row],[WMPInitiativeCategory]]="", "",INDEX('Initiative mapping-DO NOT EDIT'!$H$3:$H$12, MATCH(Table2[[#This Row],[WMPInitiativeCategory]],'Initiative mapping-DO NOT EDIT'!$G$3:$G$12,0))) -> 5.3.2. | E14: Other | F14: High-performance computing infrastructure | G14: =IF(Table2[[#This Row],[WMPInitiativeActivity]]="","x",IF(Table2[[#This Row],[WMPInitiativeActivity]]="other", Table2[[#This Row],[ActivityNameifOther]], INDEX('Initiative mapping-DO NOT EDIT'!$C$3:$C$89,MATCH(Table2[[#This Row],[WMPInitiativeActivity]],'Initiative mapping-DO NOT EDIT'!$D$3:$D$89,0)))) -> High-performance computing infrastructure | H14: High-performance computing infrastructure (7.3.2.4.3) | I14: WMP.547 | J14: =_xlfn.CONCAT(Table2[[#This Row],[UtilityID]],"_", Table2[[#This Row],[WMPInitiativeCategory]],"_", IF(Table2[[#This Row],[WMPInitiativeActivity]]="","x",IF(Table2[[#This Row],[WMPInitiativeActivity]]="other", Table2[[#This Row],[ActivityNameifOther]], Table2[[#This Row],[WMPInitiativeActivity]])),"_",Table2[[#This Row],[InitiativeActivityID]], "_",YEAR(Table2[[#This Row],[Submission Date]])) -> SDGE_Situational Awareness & Forecasting_High-performance computing infrastructure_WMP.547_2022 | K14: 208 | L14: N/A | M14: N/A | N14: N/A | O14: N/A | P14: N/A | Q14: N/A | R14: N/A | S14: N/A | T14: N/A | U14: N/A | V14: SDG&E will add two new HPCC's, enhancing forecasting capabilities. | W14: SDG&E remains on track to acquire two new HPCCs in 2022. The contracting has been completed and the systems are in the process of being built. | X14: SDG&E remains on track to acquire two new HPCCs in 2022. The contracting has been completed and the systems are in the process of being built. | Z14: N/A | AA14: In progress
A15: ='READ ME FIRST'!$D$12 -> SDGE | B15: ='READ ME FIRST'!$D$15 -> 44683 | C15: Situational Awareness & Forecasting | D15: =IF(Table2[[#This Row],[WMPInitiativeCategory]]="", "",INDEX('Initiative mapping-DO NOT EDIT'!$H$3:$H$12, MATCH(Table2[[#This Row],[WMPInitiativeCategory]],'Initiative mapping-DO NOT EDIT'!$G$3:$G$12,0))) -> 5.3.2. | E15: Personnel monitoring areas of electric lines and equipment in elevated fire risk conditions | G15: =IF(Table2[[#This Row],[WMPInitiativeActivity]]="","x",IF(Table2[[#This Row],[WMPInitiativeActivity]]="other", Table2[[#This Row],[ActivityNameifOther]], INDEX('Initiative mapping-DO NOT EDIT'!$C$3:$C$89,MATCH(Table2[[#This Row],[WMPInitiativeActivity]],'Initiative mapping-DO NOT EDIT'!$D$3:$D$89,0)))) -> 5 | H15: Personnel monitoring areas of electric lines and equipment in elevated fire risk conditions (7.3.2.5) | I15: WMP.451 | J15: =_xlfn.CONCAT(Table2[[#This Row],[UtilityID]],"_", Table2[[#This Row],[WMPInitiativeCategory]],"_", IF(Table2[[#This Row],[WMPInitiativeActivity]]="","x",IF(Table2[[#This Row],[WMPInitiativeActivity]]="other", Table2[[#This Row],[ActivityNameifOther]], Table2[[#This Row],[WMPInitiativeActivity]])),"_",Table2[[#This Row],[InitiativeActivityID]], "_",YEAR(Table2[[#This Row],[Submission Date]])) -> SDGE_Situational Awareness & Forecasting_Personnel monitoring areas of electric lines and equipment in elevated fire risk conditions _WMP.451_2022 | K15: 209 | L15: N/A | M15: N/A | N15: N/A | O15: N/A | P15: N/A | Q15: N/A | R15: N/A | S15: N/A | T15: N/A | U15: N/A | V15: Ensure staging of QEW field observers during potential PSPS and extreme weather conditions, in compliance with SDG&E procedures. | W15: Personnel were stationed at key locations to monitor power lines during the single PSPS event that occurred in 2022. | X15: No potential PSPS or extreme weather conditions were present yet in 2022. | Z15: N/A | AA15: In progress
A16: ='READ ME FIRST'!$D$12 -> SDGE | B16: ='READ ME FIRST'!$D$15 -> 44683 | C16: Situational Awareness & Forecasting | D16: =IF(Table2[[#This Row],[WMPInitiativeCategory]]="", "",INDEX('Initiative mapping-DO NOT EDIT'!$H$3:$H$12, MATCH(Table2[[#This Row],[WMPInitiativeCategory]],'Initiative mapping-DO NOT EDIT'!$G$3:$G$12,0))) -> 5.3.2. | E16: Weather forecasting and estimating impacts on electric lines and equipment | G16: =IF(Table2[[#This Row],[WMPInitiativeActivity]]="","x",IF(Table2[[#This Row],[WMPInitiativeActivity]]="other", Table2[[#This Row],[ActivityNameifOther]], INDEX('Initiative mapping-DO NOT EDIT'!$C$3:$C$89,MATCH(Table2[[#This Row],[WMPInitiativeActivity]],'Initiative mapping-DO NOT EDIT'!$D$3:$D$89,0)))) -> 6 | H16: Weather forecasting and estimating impacts on electric lines and equipment (7.3.2.6) | I16: WMP.452 | J16: =_xlfn.CONCAT(Table2[[#This Row],[UtilityID]],"_", Table2[[#This Row],[WMPInitiativeCategory]],"_", IF(Table2[[#This Row],[WMPInitiativeActivity]]="","x",IF(Table2[[#This Row],[WMPInitiativeActivity]]="other", Table2[[#This Row],[ActivityNameifOther]], Table2[[#This Row],[WMPInitiativeActivity]])),"_",Table2[[#This Row],[InitiativeActivityID]], "_",YEAR(Table2[[#This Row],[Submission Date]])) -> SDGE_Situational Awareness & Forecasting_Weather forecasting and estimating impacts on electric lines and equipment _WMP.452_2022 | K16: 210 | L16: N/A | M16: N/A | N16: N/A | O16: N/A | P16: N/A | Q16: N/A | R16: N/A | S16: N/A | T16: N/A | U16: N/A | V16: N/A | W16: N/A | X16: N/A | Y16: N/A | Z16: N/A | AA16: N/A
A17: ='READ ME FIRST'!$D$12 -> SDGE | B17: ='READ ME FIRST'!$D$15 -> 44683 | C17: Grid Design & System Hardening | D17: =IF(Table2[[#This Row],[WMPInitiativeCategory]]="", "",INDEX('Initiative mapping-DO NOT EDIT'!$H$3:$H$12, MATCH(Table2[[#This Row],[WMPInitiativeCategory]],'Initiative mapping-DO NOT EDIT'!$G$3:$G$12,0))) -> 5.3.3. | E17: Capacitor maintenance and replacement program | G17: =IF(Table2[[#This Row],[WMPInitiativeActivity]]="","x",IF(Table2[[#This Row],[WMPInitiativeActivity]]="other", Table2[[#This Row],[ActivityNameifOther]], INDEX('Initiative mapping-DO NOT EDIT'!$C$3:$C$89,MATCH(Table2[[#This Row],[WMPInitiativeActivity]],'Initiative mapping-DO NOT EDIT'!$D$3:$D$89,0)))) -> 1 | H17: Capacitor maintenance and replacement program - SCADA Capacitors (7.3.3.1) | I17: WMP.453 | J17: =_xlfn.CONCAT(Table2[[#This Row],[UtilityID]],"_", Table2[[#This Row],[WMPInitiativeCategory]],"_", IF(Table2[[#This Row],[WMPInitiativeActivity]]="","x",IF(Table2[[#This Row],[WMPInitiativeActivity]]="other", Table2[[#This Row],[ActivityNameifOther]], Table2[[#This Row],[WMPInitiativeActivity]])),"_",Table2[[#This Row],[InitiativeActivityID]], "_",YEAR(Table2[[#This Row],[Submission Date]])) -> SDGE_Grid Design & System Hardening_Capacitor maintenance and replacement program _WMP.453_2022 | K17: 212 | L17: SCADA capacitors | M17: 40 | N17: 5 | O17: 25 | P17: 36 | Q17: 36 | R17: 5 | S17: 22 | V17: N/A | W17: N/A | X17: N/A | Y17: N/A | Z17: N/A | AA17: N/A
A18: ='READ ME FIRST'!$D$12 -> SDGE | B18: ='READ ME FIRST'!$D$15 -> 44683 | C18: Grid Design & System Hardening | D18: =IF(Table2[[#This Row],[WMPInitiativeCategory]]="", "",INDEX('Initiative mapping-DO NOT EDIT'!$H$3:$H$12, MATCH(Table2[[#This Row],[WMPInitiativeCategory]],'Initiative mapping-DO NOT EDIT'!$G$3:$G$12,0))) -> 5.3.3. | E18: Circuit breaker maintenance and installation to de-energize lines upon detecting a fault | G18: =IF(Table2[[#This Row],[WMPInitiativeActivity]]="","x",IF(Table2[[#This Row],[WMPInitiativeActivity]]="other", Table2[[#This Row],[ActivityNameifOther]], INDEX('Initiative mapping-DO NOT EDIT'!$C$3:$C$89,MATCH(Table2[[#This Row],[WMPInitiativeActivity]],'Initiative mapping-DO NOT EDIT'!$D$3:$D$89,0)))) -> 2 | H18: Circuit breaker maintenance and installation to de-energize lines upon detecting a fault (7.3.3.2) | I18: WMP.454 | J18: =_xlfn.CONCAT(Table2[[#This Row],[UtilityID]],"_", Table2[[#This Row],[WMPInitiativeCategory]],"_", IF(Table2[[#This Row],[WMPInitiativeActivity]]="","x",IF(Table2[[#This Row],[WMPInitiativeActivity]]="other", Table2[[#This Row],[ActivityNameifOther]], Table2[[#This Row],[WMPInitiativeActivity]])),"_",Table2[[#This Row],[InitiativeActivityID]], "_",YEAR(Table2[[#This Row],[Submission Date]])) -> SDGE_Grid Design & System Hardening_Circuit breaker maintenance and installation to de-energize lines upon detecting a fault _WMP.454_2022 | K18: 213 | L18: N/A | M18: N/A | N18: N/A | O18: N/A | P18: N/A | Q18: N/A | R18: N/A | S18: N/A | T18: N/A | U18: N/A | V18: N/A | W18: N/A | X18: N/A | Y18: N/A | Z18: N/A | AA18: N/A
A19: ='READ ME FIRST'!$D$12 -> SDGE | B19: ='READ ME FIRST'!$D$15 -> 44683 | C19: Grid Design & System Hardening | D19: =IF(Table2[[#This Row],[WMPInitiativeCategory]]="", "",INDEX('Initiative mapping-DO NOT EDIT'!$H$3:$H$12, MATCH(Table2[[#This Row],[WMPInitiativeCategory]],'Initiative mapping-DO NOT EDIT'!$G$3:$G$12,0))) -> 5.3.3. | E19: Covered conductor installation | G19: =IF(Table2[[#This Row],[WMPInitiativeActivity]]="","x",IF(Table2[[#This Row],[WMPInitiativeActivity]]="other", Table2[[#This Row],[ActivityNameifOther]], INDEX('Initiative mapping-DO NOT EDIT'!$C$3:$C$89,MATCH(Table2[[#This Row],[WMPInitiativeActivity]],'Initiative mapping-DO NOT EDIT'!$D$3:$D$89,0)))) -> 3 | H19: Covered conductor installation - Distribution OH Hardening (7.3.3.3) | I19: WMP.455 | J19: =_xlfn.CONCAT(Table2[[#This Row],[UtilityID]],"_", Table2[[#This Row],[WMPInitiativeCategory]],"_", IF(Table2[[#This Row],[WMPInitiativeActivity]]="","x",IF(Table2[[#This Row],[WMPInitiativeActivity]]="other", Table2[[#This Row],[ActivityNameifOther]], Table2[[#This Row],[WMPInitiativeActivity]])),"_",Table2[[#This Row],[InitiativeActivityID]], "_",YEAR(Table2[[#This Row],[Submission Date]])) -> SDGE_Grid Design & System Hardening_Covered conductor installation _WMP.455_2022 | K19: 213 | L19: Miles | M19: 60 | N19: =Table2[[#This Row],[QuantActualProgressQ1]] -> 3 | O19: 18.66 | P19: 41.34 | Q19: 60 | R19: 3 | S19: 12.6 | V19: N/A | W19: N/A | X19: N/A | Y19: N/A | Z19: N/A | AA19: In progress
A20: ='READ ME FIRST'!$D$12 -> SDGE | B20: ='READ ME FIRST'!$D$15 -> 44683 | C20: Grid Design & System Hardening | D20: =IF(Table2[[#This Row],[WMPInitiativeCategory]]="", "",INDEX('Initiative mapping-DO NOT EDIT'!$H$3:$H$12, MATCH(Table2[[#This Row],[WMPInitiativeCategory]],'Initiative mapping-DO NOT EDIT'!$G$3:$G$12,0))) -> 5.3.3. | E20: Covered conductor maintenance | G20: =IF(Table2[[#This Row],[WMPInitiativeActivity]]="","x",IF(Table2[[#This Row],[WMPInitiativeActivity]]="other", Table2[[#This Row],[ActivityNameifOther]], INDEX('Initiative mapping-DO NOT EDIT'!$C$3:$C$89,MATCH(Table2[[#This Row],[WMPInitiativeActivity]],'Initiative mapping-DO NOT EDIT'!$D$3:$D$89,0)))) -> 4 | H20: Covered conductor maintenance (7.3.3.4) | I20: WMP.456 | J20: =_xlfn.CONCAT(Table2[[#This Row],[UtilityID]],"_", Table2[[#This Row],[WMPInitiativeCategory]],"_", IF(Table2[[#This Row],[WMPInitiativeActivity]]="","x",IF(Table2[[#This Row],[WMPInitiativeActivity]]="other", Table2[[#This Row],[ActivityNameifOther]], Table2[[#This Row],[WMPInitiativeActivity]])),"_",Table2[[#This Row],[InitiativeActivityID]], "_",YEAR(Table2[[#This Row],[Submission Date]])) -> SDGE_Grid Design & System Hardening_Covered conductor maintenance _WMP.456_2022 | K20: 215 | L20: N/A | M20: N/A | N20: N/A | O20: N/A | P20: N/A | Q20: N/A | R20: N/A | S20: N/A | T20: N/A | U20: N/A | V20: N/A | W20: N/A | X20: N/A | Y20: N/A | Z20: N/A | AA20: N/A
A21: ='READ ME FIRST'!$D$12 -> SDGE | B21: ='READ ME FIRST'!$D$15 -> 44683 | C21: Grid Design & System Hardening | D21: =IF(Table2[[#This Row],[WMPInitiativeCategory]]="", "",INDEX('Initiative mapping-DO NOT EDIT'!$H$3:$H$12, MATCH(Table2[[#This Row],[WMPInitiativeCategory]],'Initiative mapping-DO NOT EDIT'!$G$3:$G$12,0))) -> 5.3.3. | E21: Crossarm maintenance, repair, and replacement | G21: =IF(Table2[[#This Row],[WMPInitiativeActivity]]="","x",IF(Table2[[#This Row],[WMPInitiativeActivity]]="other", Table2[[#This Row],[ActivityNameifOther]], INDEX('Initiative mapping-DO NOT EDIT'!$C$3:$C$89,MATCH(Table2[[#This Row],[WMPInitiativeActivity]],'Initiative mapping-DO NOT EDIT'!$D$3:$D$89,0)))) -> 5 | H21: Crossarm maintenance, repair, and replacement (7.3.3.5) | I21: WMP.457 | J21: =_xlfn.CONCAT(Table2[[#This Row],[UtilityID]],"_", Table2[[#This Row],[WMPInitiativeCategory]],"_", IF(Table2[[#This Row],[WMPInitiativeActivity]]="","x",IF(Table2[[#This Row],[WMPInitiativeActivity]]="other", Table2[[#This Row],[ActivityNameifOther]], Table2[[#This Row],[WMPInitiativeActivity]])),"_",Table2[[#This Row],[InitiativeActivityID]], "_",YEAR(Table2[[#This Row],[Submission Date]])) -> SDGE_Grid Design & System Hardening_Crossarm maintenance, repair, and replacement _WMP.457_2022 | K21: 216 | L21: N/A | M21: N/A | N21: N/A | O21: N/A | P21: N/A | Q21: N/A | R21: N/A | S21: N/A | T21: N/A | U21: N/A | V21: N/A | W21: N/A | X21: N/A | Y21: N/A | Z21: N/A | AA21: N/A
A22: ='READ ME FIRST'!$D$12 -> SDGE | B22: ='READ ME FIRST'!$D$15 -> 44683 | C22: Grid Design & System Hardening | D22: =IF(Table2[[#This Row],[WMPInitiativeCategory]]="", "",INDEX('Initiative mapping-DO NOT EDIT'!$H$3:$H$12, MATCH(Table2[[#This Row],[WMPInitiativeCategory]],'Initiative mapping-DO NOT EDIT'!$G$3:$G$12,0))) -> 5.3.3. | E22: Distribution pole replacement and reinforcement, including with composite poles | G22: =IF(Table2[[#This Row],[WMPInitiativeActivity]]="","x",IF(Table2[[#This Row],[WMPInitiativeActivity]]="other", Table2[[#This Row],[ActivityNameifOther]], INDEX('Initiative mapping-DO NOT EDIT'!$C$3:$C$89,MATCH(Table2[[#This Row],[WMPInitiativeActivity]],'Initiative mapping-DO NOT EDIT'!$D$3:$D$89,0)))) -> 6 | H22: Distribution pole replacement and reinforcement, including with composite poles - Pole Replacement and Reinforcement (7.3.3.6) | I22: WMP.458 | J22: =_xlfn.CONCAT(Table2[[#This Row],[UtilityID]],"_", Table2[[#This Row],[WMPInitiativeCategory]],"_", IF(Table2[[#This Row],[WMPInitiativeActivity]]="","x",IF(Table2[[#This Row],[WMPInitiativeActivity]]="other", Table2[[#This Row],[ActivityNameifOther]], Table2[[#This Row],[WMPInitiativeActivity]])),"_",Table2[[#This Row],[InitiativeActivityID]], "_",YEAR(Table2[[#This Row],[Submission Date]])) -> SDGE_Grid Design & System Hardening_Distribution pole replacement and reinforcement, including with composite poles _WMP.458_2022 | K22: 216 | L22: N/A | M22: N/A | N22: N/A | O22: N/A | P22: N/A | Q22: N/A | R22: N/A | S22: N/A | T22: N/A | U22: N/A | V22: SDGE completed 87% of the planned pole replacements in Q1 2022. | W22: SDGE completed 87% of the planned pole replacements in Q1 2022. | X22: SDGE completed 97% of the planned pole replacements in Q2 2022 | AA22: In progress
A23: ='READ ME FIRST'!$D$12 -> SDGE | B23: ='READ ME FIRST'!$D$15 -> 44683 | C23: Grid Design & System Hardening | D23: =IF(Table2[[#This Row],[WMPInitiativeCategory]]="", "",INDEX('Initiative mapping-DO NOT EDIT'!$H$3:$H$12, MATCH(Table2[[#This Row],[WMPInitiativeCategory]],'Initiative mapping-DO NOT EDIT'!$G$3:$G$12,0))) -> 5.3.3. | E23: Expulsion fuse replacement | G23: =IF(Table2[[#This Row],[WMPInitiativeActivity]]="","x",IF(Table2[[#This Row],[WMPInitiativeActivity]]="other", Table2[[#This Row],[ActivityNameifOther]], INDEX('Initiative mapping-DO NOT EDIT'!$C$3:$C$89,MATCH(Table2[[#This Row],[WMPInitiativeActivity]],'Initiative mapping-DO NOT EDIT'!$D$3:$D$89,0)))) -> 7 | H23: Expulsion fuse replacement (7.3.3.7) | I23: WMP.459 | J23: =_xlfn.CONCAT(Table2[[#This Row],[UtilityID]],"_", Table2[[#This Row],[WMPInitiativeCategory]],"_", IF(Table2[[#This Row],[WMPInitiativeActivity]]="","x",IF(Table2[[#This Row],[WMPInitiativeActivity]]="other", Table2[[#This Row],[ActivityNameifOther]], Table2[[#This Row],[WMPInitiativeActivity]])),"_",Table2[[#This Row],[InitiativeActivityID]], "_",YEAR(Table2[[#This Row],[Submission Date]])) -> SDGE_Grid Design & System Hardening_Expulsion fuse replacement _WMP.459_2022 | K23: 217 | L23: Expulsion fuses | M23: 277 | N23: =Table2[[#This Row],[QuantActualProgressQ1]] -> 98 | O23: 170 | P23: 277 | Q23: 277 | R23: 98 | S23: 167 | V23: N/A | W23: N/A | X23: N/A | Y23: N/A | Z23: N/A | AA23: In progress
A24: ='READ ME FIRST'!$D$12 -> SDGE | B24: ='READ ME FIRST'!$D$15 -> 44683 | C24: Grid Design & System Hardening | D24: =IF(Table2[[#This Row],[WMPInitiativeCategory]]="", "",INDEX('Initiative mapping-DO NOT EDIT'!$H$3:$H$12, MATCH(Table2[[#This Row],[WMPInitiativeCategory]],'Initiative mapping-DO NOT EDIT'!$G$3:$G$12,0))) -> 5.3.3. | E24: Other | F24: PSPS sectionalizing enhancements | G24: =IF(Table2[[#This Row],[WMPInitiativeActivity]]="","x",IF(Table2[[#This Row],[WMPInitiativeActivity]]="other", Table2[[#This Row],[ActivityNameifOther]], INDEX('Initiative mapping-DO NOT EDIT'!$C$3:$C$89,MATCH(Table2[[#This Row],[WMPInitiativeActivity]],'Initiative mapping-DO NOT EDIT'!$D$3:$D$89,0)))) -> PSPS sectionalizing enhancements | H24: PSPS sectionalizing enhancements (7.3.3.8.1) | I24: WMP.461 | J24: =_xlfn.CONCAT(Table2[[#This Row],[UtilityID]],"_", Table2[[#This Row],[WMPInitiativeCategory]],"_", IF(Table2[[#This Row],[WMPInitiativeActivity]]="","x",IF(Table2[[#This Row],[WMPInitiativeActivity]]="other", Table2[[#This Row],[ActivityNameifOther]], Table2[[#This Row],[WMPInitiativeActivity]])),"_",Table2[[#This Row],[InitiativeActivityID]], "_",YEAR(Table2[[#This Row],[Submission Date]])) -> SDGE_Grid Design & System Hardening_PSPS sectionalizing enhancements_WMP.461_2022 | K24: 218 | L24: Switches | M24: 10 | N24: =Table2[[#This Row],[QuantActualProgressQ1]] -> 3 | O24: 7 | P24: 11 | Q24: 11 | R24: 3 | S24: 6 | V24: N/A | W24: N/A | X24: N/A | Y24: N/A | Z24: N/A | AA24: In progress
A25: ='READ ME FIRST'!$D$12 -> SDGE | B25: ='READ ME FIRST'!$D$15 -> 44683 | C25: Grid Design & System Hardening | D25: =IF(Table2[[#This Row],[WMPInitiativeCategory]]="", "",INDEX('Initiative mapping-DO NOT EDIT'!$H$3:$H$12, MATCH(Table2[[#This Row],[WMPInitiativeCategory]],'Initiative mapping-DO NOT EDIT'!$G$3:$G$12,0))) -> 5.3.3. | E25: Other | F25: Microgrids | H25: Microgrids (7.3.3.8.2) | I25: WMP.462 | J25: =_xlfn.CONCAT(Table2[[#This Row],[UtilityID]],"_", Table2[[#This Row],[WMPInitiativeCategory]],"_", IF(Table2[[#This Row],[WMPInitiativeActivity]]="","x",IF(Table2[[#This Row],[WMPInitiativeActivity]]="other", Table2[[#This Row],[ActivityNameifOther]], Table2[[#This Row],[WMPInitiativeActivity]])),"_",Table2[[#This Row],[InitiativeActivityID]], "_",YEAR(Table2[[#This Row],[Submission Date]])) -> SDGE_Grid Design & System Hardening_Microgrids_WMP.462_2022 | K25: 219 | L25: Microgrids | M25: 4 | N25: =Table2[[#This Row],[QuantActualProgressQ1]] -> 1 | O25: 1 | P25: 1 | Q25: 0 | R25: 1 | S25: 1 | V25: N/A | W25: N/A | X25: N/A | Y25: N/A | Z25: N/A | AA25: Delayed | AB25: There is a potential for two of the four microgrids targeted in 2022 to slip to 2023. Additional information is being collected and alternatives are being explored.
A26: ='READ ME FIRST'!$D$12 -> SDGE | B26: ='READ ME FIRST'!$D$15 -> 44683 | C26: Grid Design & System Hardening | D26: =IF(Table2[[#This Row],[WMPInitiativeCategory]]="", "",INDEX('Initiative mapping-DO NOT EDIT'!$H$3:$H$12, MATCH(Table2[[#This Row],[WMPInitiativeCategory]],'Initiative mapping-DO NOT EDIT'!$G$3:$G$12,0))) -> 5.3.3. | E26: Installation of system automation equipment | G26: =IF(Table2[[#This Row],[WMPInitiativeActivity]]="","x",IF(Table2[[#This Row],[WMPInitiativeActivity]]="other", Table2[[#This Row],[ActivityNameifOther]], INDEX('Initiative mapping-DO NOT EDIT'!$C$3:$C$89,MATCH(Table2[[#This Row],[WMPInitiativeActivity]],'Initiative mapping-DO NOT EDIT'!$D$3:$D$89,0)))) -> 9 | H26: Installation of system automation equipment - Advanced Protection (7.3.3.9) | I26: WMP.463 | J26: =_xlfn.CONCAT(Table2[[#This Row],[UtilityID]],"_", Table2[[#This Row],[WMPInitiativeCategory]],"_", IF(Table2[[#This Row],[WMPInitiativeActivity]]="","x",IF(Table2[[#This Row],[WMPInitiativeActivity]]="other", Table2[[#This Row],[ActivityNameifOther]], Table2[[#This Row],[WMPInitiativeActivity]])),"_",Table2[[#This Row],[InitiativeActivityID]], "_",YEAR(Table2[[#This Row],[Submission Date]])) -> SDGE_Grid Design & System Hardening_Installation of system automation equipment _WMP.463_2022 | K26: 221 | L26: Circuits | M26: 8 | N26: =Table2[[#This Row],[QuantActualProgressQ1]] -> 0 | O26: 3 | P26: 5 | Q26: 8 | R26: 0 | S26: 2 | V26: N/A | W26: N/A | X26: N/A | Y26: N/A | Z26: N/A | AA26: Delayed | AB26: Several circuits are currently delayed due to permitting. SDG&E is exploring options to expedite these permits.
A27: ='READ ME FIRST'!$D$12 -> SDGE | B27: ='READ ME FIRST'!$D$15 -> 44683 | C27: Grid Design & System Hardening | D27: =IF(Table2[[#This Row],[WMPInitiativeCategory]]="", "",INDEX('Initiative mapping-DO NOT EDIT'!$H$3:$H$12, MATCH(Table2[[#This Row],[WMPInitiativeCategory]],'Initiative mapping-DO NOT EDIT'!$G$3:$G$12,0))) -> 5.3.3. | E27: Maintenance, repair, and replacement of connectors, including hotline clamps | G27: =IF(Table2[[#This Row],[WMPInitiativeActivity]]="","x",IF(Table2[[#This Row],[WMPInitiativeActivity]]="other", Table2[[#This Row],[ActivityNameifOther]], INDEX('Initiative mapping-DO NOT EDIT'!$C$3:$C$89,MATCH(Table2[[#This Row],[WMPInitiativeActivity]],'Initiative mapping-DO NOT EDIT'!$D$3:$D$89,0)))) -> 10 | H27: Maintenance, repair, and replacement of connectors, including hotline clamps - Hotline Clamps (7.3.3.10) | I27: WMP.464 | J27: =_xlfn.CONCAT(Table2[[#This Row],[UtilityID]],"_", Table2[[#This Row],[WMPInitiativeCategory]],"_", IF(Table2[[#This Row],[WMPInitiativeActivity]]="","x",IF(Table2[[#This Row],[WMPInitiativeActivity]]="other", Table2[[#This Row],[ActivityNameifOther]], Table2[[#This Row],[WMPInitiativeActivity]])),"_",Table2[[#This Row],[InitiativeActivityID]], "_",YEAR(Table2[[#This Row],[Submission Date]])) -> SDGE_Grid Design & System Hardening_Maintenance, repair, and replacement of connectors, including hotline clamps _WMP.464_2022 | K27: 223 | L27: Hotline clamps | M27: 1650 | N27: =Table2[[#This Row],[QuantActualProgressQ1]] -> 576 | O27: 1554 | P27: 1700 | Q27: 1700 | R27: 576 | S27: 1548 | V27: N/A | W27: N/A | X27: N/A | Y27: N/A | Z27: N/A | AA27: In progress
A28: ='READ ME FIRST'!$D$12 -> SDGE | B28: ='READ ME FIRST'!$D$15 -> 44683 | C28: Grid Design & System Hardening | D28: =IF(Table2[[#This Row],[WMPInitiativeCategory]]="", "",INDEX('Initiative mapping-DO NOT EDIT'!$H$3:$H$12, MATCH(Table2[[#This Row],[WMPInitiativeCategory]],'Initiative mapping-DO NOT EDIT'!$G$3:$G$12,0))) -> 5.3.3. | E28: Other | F28: Generator Grant Programs | G28: =IF(Table2[[#This Row],[WMPInitiativeActivity]]="","x",IF(Table2[[#This Row],[WMPInitiativeActivity]]="other", Table2[[#This Row],[ActivityNameifOther]], INDEX('Initiative mapping-DO NOT EDIT'!$C$3:$C$89,MATCH(Table2[[#This Row],[WMPInitiativeActivity]],'Initiative mapping-DO NOT EDIT'!$D$3:$D$89,0)))) -> Generator Grant Programs | H28: Generator Grant Programs (7.3.3.11.1) | I28: WMP.466 | J28: =_xlfn.CONCAT(Table2[[#This Row],[UtilityID]],"_", Table2[[#This Row],[WMPInitiativeCategory]],"_", IF(Table2[[#This Row],[WMPInitiativeActivity]]="","x",IF(Table2[[#This Row],[WMPInitiativeActivity]]="other", Table2[[#This Row],[ActivityNameifOther]], Table2[[#This Row],[WMPInitiativeActivity]])),"_",Table2[[#This Row],[InitiativeActivityID]], "_",YEAR(Table2[[#This Row],[Submission Date]])) -> SDGE_Grid Design & System Hardening_Generator Grant Programs_WMP.466_2022 | K28: 225 | L28: Generators | M28: 3000 | N28: =Table2[[#This Row],[QuantActualProgressQ1]] -> 8 | O28: 1008 | P28: 2508 | Q28: 3008 | R28: 8 | S28: 8 | V28: N/A | W28: N/A | X28: N/A | Y28: N/A | Z28: N/A | AA28: Delayed | AB28: Program delayed due to reevaluation of new technology. Target likely to change to 700 generators.
A29: ='READ ME FIRST'!$D$12 -> SDGE | B29: ='READ ME FIRST'!$D$15 -> 44683 | C29: Grid Design & System Hardening | D29: =IF(Table2[[#This Row],[WMPInitiativeCategory]]="", "",INDEX('Initiative mapping-DO NOT EDIT'!$H$3:$H$12, MATCH(Table2[[#This Row],[WMPInitiativeCategory]],'Initiative mapping-DO NOT EDIT'!$G$3:$G$12,0))) -> 5.3.3. | E29: Other | F29: Standby Power Programs | G29: =IF(Table2[[#This Row],[WMPInitiativeActivity]]="","x",IF(Table2[[#This Row],[WMPInitiativeActivity]]="other", Table2[[#This Row],[ActivityNameifOther]], INDEX('Initiative mapping-DO NOT EDIT'!$C$3:$C$89,MATCH(Table2[[#This Row],[WMPInitiativeActivity]],'Initiative mapping-DO NOT EDIT'!$D$3:$D$89,0)))) -> Standby Power Programs | H29: Standby Power Programs (7.3.3.11.2) | I29: WMP.467 | J29: =_xlfn.CONCAT(Table2[[#This Row],[UtilityID]],"_", Table2[[#This Row],[WMPInitiativeCategory]],"_", IF(Table2[[#This Row],[WMPInitiativeActivity]]="","x",IF(Table2[[#This Row],[WMPInitiativeActivity]]="other", Table2[[#This Row],[ActivityNameifOther]], Table2[[#This Row],[WMPInitiativeActivity]])),"_",Table2[[#This Row],[InitiativeActivityID]], "_",YEAR(Table2[[#This Row],[Submission Date]])) -> SDGE_Grid Design & System Hardening_Standby Power Programs_WMP.467_2022 | K29: 226 | L29: Generators | M29: 412 | N29: =Table2[[#This Row],[QuantActualProgressQ1]] -> 46 | O29: 186 | P29: 326 | Q29: 466 | R29: 46 | S29: 122 | V29: N/A | W29: N/A | X29: N/A | Y29: N/A | Z29: N/A | AA29: In progress
A30: ='READ ME FIRST'!$D$12 -> SDGE | B30: ='READ ME FIRST'!$D$15 -> 44683 | C30: Grid Design & System Hardening | D30: =IF(Table2[[#This Row],[WMPInitiativeCategory]]="", "",INDEX('Initiative mapping-DO NOT EDIT'!$H$3:$H$12, MATCH(Table2[[#This Row],[WMPInitiativeCategory]],'Initiative mapping-DO NOT EDIT'!$G$3:$G$12,0))) -> 5.3.3. | E30: Other | F30: Generator Assistance Programs | G30: =IF(Table2[[#This Row],[WMPInitiativeActivity]]="","x",IF(Table2[[#This Row],[WMPInitiativeActivity]]="other", Table2[[#This Row],[ActivityNameifOther]], INDEX('Initiative mapping-DO NOT EDIT'!$C$3:$C$89,MATCH(Table2[[#This Row],[WMPInitiativeActivity]],'Initiative mapping-DO NOT EDIT'!$D$3:$D$89,0)))) -> Generator Assistance Programs | H30: Generator Assistance Programs (7.3.3.11.3) | I30: WMP.468 | J30: =_xlfn.CONCAT(Table2[[#This Row],[UtilityID]],"_", Table2[[#This Row],[WMPInitiativeCategory]],"_", IF(Table2[[#This Row],[WMPInitiativeActivity]]="","x",IF(Table2[[#This Row],[WMPInitiativeActivity]]="other", Table2[[#This Row],[ActivityNameifOther]], Table2[[#This Row],[WMPInitiativeActivity]])),"_",Table2[[#This Row],[InitiativeActivityID]], "_",YEAR(Table2[[#This Row],[Submission Date]])) -> SDGE_Grid Design & System Hardening_Generator Assistance Programs_WMP.468_2022 | K30: 228 | L30: Generators | M30: 1250 | N30: =Table2[[#This Row],[QuantActualProgressQ1]] -> 0 | O30: 100 | P30: 650 | Q30: 1250 | R30: 0 | S30: 0 | V30: N/A | W30: N/A | X30: N/A | Y30: N/A | Z30: N/A | AA30: Planned
A31: ='READ ME FIRST'!$D$12 -> SDGE | B31: ='READ ME FIRST'!$D$15 -> 44683 | C31: Grid Design & System Hardening | D31: =IF(Table2[[#This Row],[WMPInitiativeCategory]]="", "",INDEX('Initiative mapping-DO NOT EDIT'!$H$3:$H$12, MATCH(Table2[[#This Row],[WMPInitiativeCategory]],'Initiative mapping-DO NOT EDIT'!$G$3:$G$12,0))) -> 5.3.3. | E31: Other corrective action | G31: =IF(Table2[[#This Row],[WMPInitiativeActivity]]="","x",IF(Table2[[#This Row],[WMPInitiativeActivity]]="other", Table2[[#This Row],[ActivityNameifOther]], INDEX('Initiative mapping-DO NOT EDIT'!$C$3:$C$89,MATCH(Table2[[#This Row],[WMPInitiativeActivity]],'Initiative mapping-DO NOT EDIT'!$D$3:$D$89,0)))) -> 12 | H31: Other corrective action (7.3.3.12) | I31: WMP.469 | J31: =_xlfn.CONCAT(Table2[[#This Row],[UtilityID]],"_", Table2[[#This Row],[WMPInitiativeCategory]],"_", IF(Table2[[#This Row],[WMPInitiativeActivity]]="","x",IF(Table2[[#This Row],[WMPInitiativeActivity]]="other", Table2[[#This Row],[ActivityNameifOther]], Table2[[#This Row],[WMPInitiativeActivity]])),"_",Table2[[#This Row],[InitiativeActivityID]], "_",YEAR(Table2[[#This Row],[Submission Date]])) -> SDGE_Grid Design & System Hardening_Other corrective action _WMP.469_2022 | K31: 230 | L31: N/A | M31: N/A | N31: N/A | O31: N/A | P31: N/A | Q31: N/A | R31: N/A | S31: N/A | T31: N/A | U31: N/A | V31: N/A | W31: N/A | X31: N/A | Y31: N/A | Z31: N/A | AA31: N/A
A32: ='READ ME FIRST'!$D$12 -> SDGE | B32: ='READ ME FIRST'!$D$15 -> 44683 | C32: Grid Design & System Hardening | D32: =IF(Table2[[#This Row],[WMPInitiativeCategory]]="", "",INDEX('Initiative mapping-DO NOT EDIT'!$H$3:$H$12, MATCH(Table2[[#This Row],[WMPInitiativeCategory]],'Initiative mapping-DO NOT EDIT'!$G$3:$G$12,0))) -> 5.3.3. | E32: Pole loading infrastructure hardening and replacement program based on pole loading assessment program | G32: =IF(Table2[[#This Row],[WMPInitiativeActivity]]="","x",IF(Table2[[#This Row],[WMPInitiativeActivity]]="other", Table2[[#This Row],[ActivityNameifOther]], INDEX('Initiative mapping-DO NOT EDIT'!$C$3:$C$89,MATCH(Table2[[#This Row],[WMPInitiativeActivity]],'Initiative mapping-DO NOT EDIT'!$D$3:$D$89,0)))) -> 13 | H32: Pole loading infrastructure hardening and replacement program (7.3.3.13) | I32: WMP.470 | J32: =_xlfn.CONCAT(Table2[[#This Row],[UtilityID]],"_", Table2[[#This Row],[WMPInitiativeCategory]],"_", IF(Table2[[#This Row],[WMPInitiativeActivity]]="","x",IF(Table2[[#This Row],[WMPInitiativeActivity]]="other", Table2[[#This Row],[ActivityNameifOther]], Table2[[#This Row],[WMPInitiativeActivity]])),"_",Table2[[#This Row],[InitiativeActivityID]], "_",YEAR(Table2[[#This Row],[Submission Date]])) -> SDGE_Grid Design & System Hardening_Pole loading infrastructure hardening and replacement program based on pole loading assessment program _WMP.470_2022 | K32: 230 | L32: N/A | M32: N/A | N32: N/A | O32: N/A | P32: N/A | Q32: N/A | R32: N/A | S32: N/A | T32: N/A | U32: N/A | V32: N/A | W32: N/A | X32: N/A | Y32: N/A | Z32: N/A | AA32: N/A
A33: ='READ ME FIRST'!$D$12 -> SDGE | B33: ='READ ME FIRST'!$D$15 -> 44683 | C33: Grid Design & System Hardening | D33: =IF(Table2[[#This Row],[WMPInitiativeCategory]]="", "",INDEX('Initiative mapping-DO NOT EDIT'!$H$3:$H$12, MATCH(Table2[[#This Row],[WMPInitiativeCategory]],'Initiative mapping-DO NOT EDIT'!$G$3:$G$12,0))) -> 5.3.3. | E33: Transformers maintenance and replacement | G33: =IF(Table2[[#This Row],[WMPInitiativeActivity]]="","x",IF(Table2[[#This Row],[WMPInitiativeActivity]]="other", Table2[[#This Row],[ActivityNameifOther]], INDEX('Initiative mapping-DO NOT EDIT'!$C$3:$C$89,MATCH(Table2[[#This Row],[WMPInitiativeActivity]],'Initiative mapping-DO NOT EDIT'!$D$3:$D$89,0)))) -> 14 | H33: Transformers maintenance and replacement (7.3.3.14) | I33: WMP.471 | J33: =_xlfn.CONCAT(Table2[[#This Row],[UtilityID]],"_", Table2[[#This Row],[WMPInitiativeCategory]],"_", IF(Table2[[#This Row],[WMPInitiativeActivity]]="","x",IF(Table2[[#This Row],[WMPInitiativeActivity]]="other", Table2[[#This Row],[ActivityNameifOther]], Table2[[#This Row],[WMPInitiativeActivity]])),"_",Table2[[#This Row],[InitiativeActivityID]], "_",YEAR(Table2[[#This Row],[Submission Date]])) -> SDGE_Grid Design & System Hardening_Transformers maintenance and replacement _WMP.471_2022 | K33: 230 | L33: N/A | M33: N/A | N33: N/A | O33: N/A | P33: N/A | Q33: N/A | R33: N/A | S33: N/A | T33: N/A | U33: N/A | V33: N/A | W33: N/A | X33: N/A | Y33: N/A | Z33: N/A | AA33: N/A
A34: ='READ ME FIRST'!$D$12 -> SDGE | B34: ='READ ME FIRST'!$D$15 -> 44683 | C34: Grid Design & System Hardening | D34: =IF(Table2[[#This Row],[WMPInitiativeCategory]]="", "",INDEX('Initiative mapping-DO NOT EDIT'!$H$3:$H$12, MATCH(Table2[[#This Row],[WMPInitiativeCategory]],'Initiative mapping-DO NOT EDIT'!$G$3:$G$12,0))) -> 5.3.3. | E34: Transmission tower maintenance and replacement | G34: =IF(Table2[[#This Row],[WMPInitiativeActivity]]="","x",IF(Table2[[#This Row],[WMPInitiativeActivity]]="other", Table2[[#This Row],[ActivityNameifOther]], INDEX('Initiative mapping-DO NOT EDIT'!$C$3:$C$89,MATCH(Table2[[#This Row],[WMPInitiativeActivity]],'Initiative mapping-DO NOT EDIT'!$D$3:$D$89,0)))) -> 15 | H34: Transmission tower maintenance and replacement (7.3.3.15) | I34: WMP.472 | J34: =_xlfn.CONCAT(Table2[[#This Row],[UtilityID]],"_", Table2[[#This Row],[WMPInitiativeCategory]],"_", IF(Table2[[#This Row],[WMPInitiativeActivity]]="","x",IF(Table2[[#This Row],[WMPInitiativeActivity]]="other", Table2[[#This Row],[ActivityNameifOther]], Table2[[#This Row],[WMPInitiativeActivity]])),"_",Table2[[#This Row],[InitiativeActivityID]], "_",YEAR(Table2[[#This Row],[Submission Date]])) -> SDGE_Grid Design & System Hardening_Transmission tower maintenance and replacement _WMP.472_2022 | K34: 230 | L34: N/A | M34: N/A | N34: N/A | O34: N/A | P34: N/A | Q34: N/A | R34: N/A | S34: N/A | T34: N/A | U34: N/A | V34: N/A | W34: N/A | X34: N/A | Y34: N/A | Z34: N/A | AA34: N/A
A35: ='READ ME FIRST'!$D$12 -> SDGE | B35: ='READ ME FIRST'!$D$15 -> 44683 | C35: Grid Design & System Hardening | D35: =IF(Table2[[#This Row],[WMPInitiativeCategory]]="", "",INDEX('Initiative mapping-DO NOT EDIT'!$H$3:$H$12, MATCH(Table2[[#This Row],[WMPInitiativeCategory]],'Initiative mapping-DO NOT EDIT'!$G$3:$G$12,0))) -> 5.3.3. | E35: Undergrounding of electric lines and/or equipment | G35: =IF(Table2[[#This Row],[WMPInitiativeActivity]]="","x",IF(Table2[[#This Row],[WMPInitiativeActivity]]="other", Table2[[#This Row],[ActivityNameifOther]], INDEX('Initiative mapping-DO NOT EDIT'!$C$3:$C$89,MATCH(Table2[[#This Row],[WMPInitiativeActivity]],'Initiative mapping-DO NOT EDIT'!$D$3:$D$89,0)))) -> 16 | H35: Undergrounding of electric lines and/or equipment (7.3.3.16) | I35: WMP.473 | J35: =_xlfn.CONCAT(Table2[[#This Row],[UtilityID]],"_", Table2[[#This Row],[WMPInitiativeCategory]],"_", IF(Table2[[#This Row],[WMPInitiativeActivity]]="","x",IF(Table2[[#This Row],[WMPInitiativeActivity]]="other", Table2[[#This Row],[ActivityNameifOther]], Table2[[#This Row],[WMPInitiativeActivity]])),"_",Table2[[#This Row],[InitiativeActivityID]], "_",YEAR(Table2[[#This Row],[Submission Date]])) -> SDGE_Grid Design & System Hardening_Undergrounding of electric lines and/or equipment _WMP.473_2022 | K35: 230 | L35: Miles | M35: 65 | N35: =Table2[[#This Row],[QuantActualProgressQ1]] -> 9.91 | O35: 11.77 | P35: 26.62 | Q35: 65 | R35: 9.91 | S35: 11.07 | V35: N/A | W35: N/A | X35: N/A | Y35: N/A | Z35: N/A | AA35: In progress
A36: ='READ ME FIRST'!$D$12 -> SDGE | B36: ='READ ME FIRST'!$D$15 -> 44683 | C36: Grid Design & System Hardening | D36: =IF(Table2[[#This Row],[WMPInitiativeCategory]]="", "",INDEX('Initiative mapping-DO NOT EDIT'!$H$3:$H$12, MATCH(Table2[[#This Row],[WMPInitiativeCategory]],'Initiative mapping-DO NOT EDIT'!$G$3:$G$12,0))) -> 5.3.3. | E36: Other | F36: Traditional hardening distribution overhead system hardening | G36: =IF(Table2[[#This Row],[WMPInitiativeActivity]]="","x",IF(Table2[[#This Row],[WMPInitiativeActivity]]="other", Table2[[#This Row],[ActivityNameifOther]], INDEX('Initiative mapping-DO NOT EDIT'!$C$3:$C$89,MATCH(Table2[[#This Row],[WMPInitiativeActivity]],'Initiative mapping-DO NOT EDIT'!$D$3:$D$89,0)))) -> Traditional hardening distribution overhead system hardening | H36: Traditional Hardening - Distribution overhead system hardening (7.3.3.17.1) | I36: WMP.475 | J36: =_xlfn.CONCAT(Table2[[#This Row],[UtilityID]],"_", Table2[[#This Row],[WMPInitiativeCategory]],"_", IF(Table2[[#This Row],[WMPInitiativeActivity]]="","x",IF(Table2[[#This Row],[WMPInitiativeActivity]]="other", Table2[[#This Row],[ActivityNameifOther]], Table2[[#This Row],[WMPInitiativeActivity]])),"_",Table2[[#This Row],[InitiativeActivityID]], "_",YEAR(Table2[[#This Row],[Submission Date]])) -> SDGE_Grid Design & System Hardening_Traditional hardening distribution overhead system hardening _WMP.475_2022 | K36: 234 | L36: Miles | M36: 5 | N36: =Table2[[#This Row],[QuantActualProgressQ1]] -> 12.65 | O36: 28.08 | P36: 28.62 | Q36: 31.41 | R36: 12.65 | S36: 24.66 | V36: N/A | W36: N/A | X36: N/A | Y36: N/A | Z36: N/A | AA36: In progress
A37: ='READ ME FIRST'!$D$12 -> SDGE | B37: ='READ ME FIRST'!$D$15 -> 44683 | C37: Grid Design & System Hardening | D37: =IF(Table2[[#This Row],[WMPInitiativeCategory]]="", "",INDEX('Initiative mapping-DO NOT EDIT'!$H$3:$H$12, MATCH(Table2[[#This Row],[WMPInitiativeCategory]],'Initiative mapping-DO NOT EDIT'!$G$3:$G$12,0))) -> 5.3.3. | E37: Other | F37: Overhead transmission fire hardening (Transmission) | G37: =IF(Table2[[#This Row],[WMPInitiativeActivity]]="","x",IF(Table2[[#This Row],[WMPInitiativeActivity]]="other", Table2[[#This Row],[ActivityNameifOther]], INDEX('Initiative mapping-DO NOT EDIT'!$C$3:$C$89,MATCH(Table2[[#This Row],[WMPInitiativeActivity]],'Initiative mapping-DO NOT EDIT'!$D$3:$D$89,0)))) -> Overhead transmission fire hardening (Transmission) | H37: Overhead transmission fire hardening (7.3.3.17.2.1) | I37: WMP.476 | J37: =_xlfn.CONCAT(Table2[[#This Row],[UtilityID]],"_", Table2[[#This Row],[WMPInitiativeCategory]],"_", IF(Table2[[#This Row],[WMPInitiativeActivity]]="","x",IF(Table2[[#This Row],[WMPInitiativeActivity]]="other", Table2[[#This Row],[ActivityNameifOther]], Table2[[#This Row],[WMPInitiativeActivity]])),"_",Table2[[#This Row],[InitiativeActivityID]], "_",YEAR(Table2[[#This Row],[Submission Date]])) -> SDGE_Grid Design & System Hardening_Overhead transmission fire hardening (Transmission)_WMP.476_2022 | K37: 234 | L37: Miles | M37: 18.5 | N37: =Table2[[#This Row],[QuantActualProgressQ1]] -> 1.45 | O37: 1.45 | P37: 10.95 | Q37: 18.55 | R37: 1.45 | S37: 3.43 | V37: N/A | W37: N/A | X37: N/A | Y37: N/A | Z37: N/A | AA37: In progress
A38: ='READ ME FIRST'!$D$12 -> SDGE | B38: ='READ ME FIRST'!$D$15 -> 44683 | C38: Grid Design & System Hardening | D38: =IF(Table2[[#This Row],[WMPInitiativeCategory]]="", "",INDEX('Initiative mapping-DO NOT EDIT'!$H$3:$H$12, MATCH(Table2[[#This Row],[WMPInitiativeCategory]],'Initiative mapping-DO NOT EDIT'!$G$3:$G$12,0))) -> 5.3.3. | E38: Other | F38: Underground transmission fire hardening (Transmission) | G38: =IF(Table2[[#This Row],[WMPInitiativeActivity]]="","x",IF(Table2[[#This Row],[WMPInitiativeActivity]]="other", Table2[[#This Row],[ActivityNameifOther]], INDEX('Initiative mapping-DO NOT EDIT'!$C$3:$C$89,MATCH(Table2[[#This Row],[WMPInitiativeActivity]],'Initiative mapping-DO NOT EDIT'!$D$3:$D$89,0)))) -> Underground transmission fire hardening (Transmission) | H38: Underground transmission fire hardening (7.3.3.17.2.2) | I38: WMP.543 | J38: =_xlfn.CONCAT(Table2[[#This Row],[UtilityID]],"_", Table2[[#This Row],[WMPInitiativeCategory]],"_", IF(Table2[[#This Row],[WMPInitiativeActivity]]="","x",IF(Table2[[#This Row],[WMPInitiativeActivity]]="other", Table2[[#This Row],[ActivityNameifOther]], Table2[[#This Row],[WMPInitiativeActivity]])),"_",Table2[[#This Row],[InitiativeActivityID]], "_",YEAR(Table2[[#This Row],[Submission Date]])) -> SDGE_Grid Design & System Hardening_Underground transmission fire hardening (Transmission)_WMP.543_2022 | K38: 221 | L38: Miles | M38: 5.5 | N38: =Table2[[#This Row],[QuantActualProgressQ1]] -> 0 | O38: 0 | P38: 0 | Q38: 5.5 | R38: 0 | S38: 0 | V38: N/A | W38: N/A | X38: N/A | Y38: N/A | Z38: N/A | AA38: Planned
A39: ='READ ME FIRST'!$D$12 -> SDGE | B39: ='READ ME FIRST'!$D$15 -> 44683 | C39: Grid Design & System Hardening | D39: =IF(Table2[[#This Row],[WMPInitiativeCategory]]="", "",INDEX('Initiative mapping-DO NOT EDIT'!$H$3:$H$12, MATCH(Table2[[#This Row],[WMPInitiativeCategory]],'Initiative mapping-DO NOT EDIT'!$G$3:$G$12,0))) -> 5.3.3. | E39: Other | F39: Overhead transmission fire hardening (Distribution Underbuilt) | G39: =IF(Table2[[#This Row],[WMPInitiativeActivity]]="","x",IF(Table2[[#This Row],[WMPInitiativeActivity]]="other", Table2[[#This Row],[ActivityNameifOther]], INDEX('Initiative mapping-DO NOT EDIT'!$C$3:$C$89,MATCH(Table2[[#This Row],[WMPInitiativeActivity]],'Initiative mapping-DO NOT EDIT'!$D$3:$D$89,0)))) -> Overhead transmission fire hardening (Distribution Underbuilt) | H39: Overhead transmission fire hardening (Distribution Underbuilt) (7.3.3.17.2.3) | I39: WMP.542 | J39: =_xlfn.CONCAT(Table2[[#This Row],[UtilityID]],"_", Table2[[#This Row],[WMPInitiativeCategory]],"_", IF(Table2[[#This Row],[WMPInitiativeActivity]]="","x",IF(Table2[[#This Row],[WMPInitiativeActivity]]="other", Table2[[#This Row],[ActivityNameifOther]], Table2[[#This Row],[WMPInitiativeActivity]])),"_",Table2[[#This Row],[InitiativeActivityID]], "_",YEAR(Table2[[#This Row],[Submission Date]])) -> SDGE_Grid Design & System Hardening_Overhead transmission fire hardening (Distribution Underbuilt)_WMP.542_2022 | K39: 221 | L39: Miles | M39: 7.6 | N39: =Table2[[#This Row],[QuantActualProgressQ1]] -> 0 | O39: 0 | P39: 0.6 | Q39: 7.6 | R39: 0 | S39: 0.6 | V39: N/A | W39: N/A | X39: N/A | Y39: N/A | Z39: N/A | AA39: Planned
A40: ='READ ME FIRST'!$D$12 -> SDGE | B40: ='READ ME FIRST'!$D$15 -> 44683 | C40: Grid Design & System Hardening | D40: =IF(Table2[[#This Row],[WMPInitiativeCategory]]="", "",INDEX('Initiative mapping-DO NOT EDIT'!$H$3:$H$12, MATCH(Table2[[#This Row],[WMPInitiativeCategory]],'Initiative mapping-DO NOT EDIT'!$G$3:$G$12,0))) -> 5.3.3. | E40: Other | F40: Distribution Communications Reliability Improvements (LTE) | G40: =IF(Table2[[#This Row],[WMPInitiativeActivity]]="","x",IF(Table2[[#This Row],[WMPInitiativeActivity]]="other", Table2[[#This Row],[ActivityNameifOther]], INDEX('Initiative mapping-DO NOT EDIT'!$C$3:$C$89,MATCH(Table2[[#This Row],[WMPInitiativeActivity]],'Initiative mapping-DO NOT EDIT'!$D$3:$D$89,0)))) -> Distribution Communications Reliability Improvements (LTE) | H40: Distribution Communications Reliability Improvements (7.3.3.18.1) | I40: WMP.537 | J40: =_xlfn.CONCAT(Table2[[#This Row],[UtilityID]],"_", Table2[[#This Row],[WMPInitiativeCategory]],"_", IF(Table2[[#This Row],[WMPInitiativeActivity]]="","x",IF(Table2[[#This Row],[WMPInitiativeActivity]]="other", Table2[[#This Row],[ActivityNameifOther]], Table2[[#This Row],[WMPInitiativeActivity]])),"_",Table2[[#This Row],[InitiativeActivityID]], "_",YEAR(Table2[[#This Row],[Submission Date]])) -> SDGE_Grid Design & System Hardening_Distribution Communications Reliability Improvements (LTE)_WMP.537_2022 | K40: 240 | L40: Base stations | M40: 25 | N40: =Table2[[#This Row],[QuantActualProgressQ1]] -> 2 | O40: 6 | P40: 16 | Q40: 25 | R40: 2 | S40: 3 | V40: N/A | W40: N/A | X40: N/A | Y40: N/A | Z40: N/A | AA40: In progress
A41: ='READ ME FIRST'!$D$12 -> SDGE | B41: ='READ ME FIRST'!$D$15 -> 44683 | C41: Grid Design & System Hardening | D41: =IF(Table2[[#This Row],[WMPInitiativeCategory]]="", "",INDEX('Initiative mapping-DO NOT EDIT'!$H$3:$H$12, MATCH(Table2[[#This Row],[WMPInitiativeCategory]],'Initiative mapping-DO NOT EDIT'!$G$3:$G$12,0))) -> 5.3.3. | E41: Other | F41: Lightning arrestor removal and replacement | G41: =IF(Table2[[#This Row],[WMPInitiativeActivity]]="","x",IF(Table2[[#This Row],[WMPInitiativeActivity]]="other", Table2[[#This Row],[ActivityNameifOther]], INDEX('Initiative mapping-DO NOT EDIT'!$C$3:$C$89,MATCH(Table2[[#This Row],[WMPInitiativeActivity]],'Initiative mapping-DO NOT EDIT'!$D$3:$D$89,0)))) -> Lightning arrestor removal and replacement | H41: Lightning arrestor removal and replacement (7.3.3.18.2) | I41: WMP.548 | J41: =_xlfn.CONCAT(Table2[[#This Row],[UtilityID]],"_", Table2[[#This Row],[WMPInitiativeCategory]],"_", IF(Table2[[#This Row],[WMPInitiativeActivity]]="","x",IF(Table2[[#This Row],[WMPInitiativeActivity]]="other", Table2[[#This Row],[ActivityNameifOther]], Table2[[#This Row],[WMPInitiativeActivity]])),"_",Table2[[#This Row],[InitiativeActivityID]], "_",YEAR(Table2[[#This Row],[Submission Date]])) -> SDGE_Grid Design & System Hardening_Lightning arrestor removal and replacement_WMP.548_2022 | K41: 241 | L41: Lightning arrestors | M41: 1848 | N41: =Table2[[#This Row],[QuantActualProgressQ1]] -> 341 | O41: 1000 | P41: 1600 | Q41: 1848 | R41: 341 | S41: 1702 | V41: N/A | W41: N/A | X41: N/A | Y41: N/A | Z41: N/A | AA41: In progress
A42: ='READ ME FIRST'!$D$12 -> SDGE | B42: ='READ ME FIRST'!$D$15 -> 44683 | C42: Grid Design & System Hardening | D42: =IF(Table2[[#This Row],[WMPInitiativeCategory]]="", "",INDEX('Initiative mapping-DO NOT EDIT'!$H$3:$H$12, MATCH(Table2[[#This Row],[WMPInitiativeCategory]],'Initiative mapping-DO NOT EDIT'!$G$3:$G$12,0))) -> 5.3.3. | E42: Other | F42: Avian Mitigation | G42: =IF(Table2[[#This Row],[WMPInitiativeActivity]]="","x",IF(Table2[[#This Row],[WMPInitiativeActivity]]="other", Table2[[#This Row],[ActivityNameifOther]], INDEX('Initiative mapping-DO NOT EDIT'!$C$3:$C$89,MATCH(Table2[[#This Row],[WMPInitiativeActivity]],'Initiative mapping-DO NOT EDIT'!$D$3:$D$89,0)))) -> Avian Mitigation | H42: Avian Mitigation (7.3.3.18.3) | I42: WMP.549 | J42: =_xlfn.CONCAT(Table2[[#This Row],[UtilityID]],"_", Table2[[#This Row],[WMPInitiativeCategory]],"_", IF(Table2[[#This Row],[WMPInitiativeActivity]]="","x",IF(Table2[[#This Row],[WMPInitiativeActivity]]="other", Table2[[#This Row],[ActivityNameifOther]], Table2[[#This Row],[WMPInitiativeActivity]])),"_",Table2[[#This Row],[InitiativeActivityID]], "_",YEAR(Table2[[#This Row],[Submission Date]])) -> SDGE_Grid Design & System Hardening_Avian Mitigation _WMP.549_2022 | K42: 243 | L42: Poles | M42: 847 | N42: =Table2[[#This Row],[QuantActualProgressQ1]] -> 205 | O42: 464 | P42: 714 | Q42: 847 | R42: 205 | S42: 427 | V42: N/A | W42: N/A | X42: N/A | Y42: N/A | Z42: N/A | AA42: In progress
A43: ='READ ME FIRST'!$D$12 -> SDGE | B43: ='READ ME FIRST'!$D$15 -> 44683 | C43: Asset Management & Inspections | D43: =IF(Table2[[#This Row],[WMPInitiativeCategory]]="", "",INDEX('Initiative mapping-DO NOT EDIT'!$H$3:$H$12, MATCH(Table2[[#This Row],[WMPInitiativeCategory]],'Initiative mapping-DO NOT EDIT'!$G$3:$G$12,0))) -> 5.3.4. | E43: Detailed inspections of distribution electric lines and equipment | G43: =IF(Table2[[#This Row],[WMPInitiativeActivity]]="","x",IF(Table2[[#This Row],[WMPInitiativeActivity]]="other", Table2[[#This Row],[ActivityNameifOther]], INDEX('Initiative mapping-DO NOT EDIT'!$C$3:$C$89,MATCH(Table2[[#This Row],[WMPInitiativeActivity]],'Initiative mapping-DO NOT EDIT'!$D$3:$D$89,0)))) -> 1 | H43: Detailed inspections of distribution electric lines and equipment (7.3.4.1) | I43: WMP.478 | J43: =_xlfn.CONCAT(Table2[[#This Row],[UtilityID]],"_", Table2[[#This Row],[WMPInitiativeCategory]],"_", IF(Table2[[#This Row],[WMPInitiativeActivity]]="","x",IF(Table2[[#This Row],[WMPInitiativeActivity]]="other", Table2[[#This Row],[ActivityNameifOther]], Table2[[#This Row],[WMPInitiativeActivity]])),"_",Table2[[#This Row],[InitiativeActivityID]], "_",YEAR(Table2[[#This Row],[Submission Date]])) -> SDGE_Asset Management & Inspections_Detailed inspections of distribution electric lines and equipment _WMP.478_2022 | K43: 248 | L43: Inspections | M43: 18177 | N43: =Table2[[#This Row],[QuantActualProgressQ1]] -> 9639 | O43: 13419 | P43: 16952 | Q43: 18177 | R43: 9639 | S43: 15751 | V43: N/A | W43: N/A | X43: N/A | Y43: N/A | Z43: N/A | AA43: In progress
A44: ='READ ME FIRST'!$D$12 -> SDGE | B44: ='READ ME FIRST'!$D$15 -> 44683 | C44: Asset Management & Inspections | D44: =IF(Table2[[#This Row],[WMPInitiativeCategory]]="", "",INDEX('Initiative mapping-DO NOT EDIT'!$H$3:$H$12, MATCH(Table2[[#This Row],[WMPInitiativeCategory]],'Initiative mapping-DO NOT EDIT'!$G$3:$G$12,0))) -> 5.3.4. | E44: Detailed inspections of transmission electric lines and equipment | G44: =IF(Table2[[#This Row],[WMPInitiativeActivity]]="","x",IF(Table2[[#This Row],[WMPInitiativeActivity]]="other", Table2[[#This Row],[ActivityNameifOther]], INDEX('Initiative mapping-DO NOT EDIT'!$C$3:$C$89,MATCH(Table2[[#This Row],[WMPInitiativeActivity]],'Initiative mapping-DO NOT EDIT'!$D$3:$D$89,0)))) -> 2 | H44: Detailed inspections of transmission electric lines and equipment (7.3.4.2) | I44: WMP.479 | J44: =_xlfn.CONCAT(Table2[[#This Row],[UtilityID]],"_", Table2[[#This Row],[WMPInitiativeCategory]],"_", IF(Table2[[#This Row],[WMPInitiativeActivity]]="","x",IF(Table2[[#This Row],[WMPInitiativeActivity]]="other", Table2[[#This Row],[ActivityNameifOther]], Table2[[#This Row],[WMPInitiativeActivity]])),"_",Table2[[#This Row],[InitiativeActivityID]], "_",YEAR(Table2[[#This Row],[Submission Date]])) -> SDGE_Asset Management & Inspections_Detailed inspections of transmission electric lines and equipment _WMP.479_2022 | K44: 249 | L44: Inspections | M44: 2087 | N44: =Table2[[#This Row],[QuantActualProgressQ1]] -> 531 | O44: 570 | P44: 1120 | Q44: 1777 | R44: 531 | S44: 988 | V44: N/A | W44: N/A | X44: N/A | Y44: N/A | Z44: N/A | AA44: N/A
A45: ='READ ME FIRST'!$D$12 -> SDGE | B45: ='READ ME FIRST'!$D$15 -> 44683 | C45: Asset Management & Inspections | D45: =IF(Table2[[#This Row],[WMPInitiativeCategory]]="", "",INDEX('Initiative mapping-DO NOT EDIT'!$H$3:$H$12, MATCH(Table2[[#This Row],[WMPInitiativeCategory]],'Initiative mapping-DO NOT EDIT'!$G$3:$G$12,0))) -> 5.3.4. | E45: Improvement of inspections | G45: =IF(Table2[[#This Row],[WMPInitiativeActivity]]="","x",IF(Table2[[#This Row],[WMPInitiativeActivity]]="other", Table2[[#This Row],[ActivityNameifOther]], INDEX('Initiative mapping-DO NOT EDIT'!$C$3:$C$89,MATCH(Table2[[#This Row],[WMPInitiativeActivity]],'Initiative mapping-DO NOT EDIT'!$D$3:$D$89,0)))) -> 3 | H45: Improvement of inspections (7.3.4.3) | I45: WMP.480 | J45: =_xlfn.CONCAT(Table2[[#This Row],[UtilityID]],"_", Table2[[#This Row],[WMPInitiativeCategory]],"_", IF(Table2[[#This Row],[WMPInitiativeActivity]]="","x",IF(Table2[[#This Row],[WMPInitiativeActivity]]="other", Table2[[#This Row],[ActivityNameifOther]], Table2[[#This Row],[WMPInitiativeActivity]])),"_",Table2[[#This Row],[InitiativeActivityID]], "_",YEAR(Table2[[#This Row],[Submission Date]])) -> SDGE_Asset Management & Inspections_Improvement of inspections _WMP.480_2022 | K45: 251 | L45: N/A | M45: N/A | N45: N/A | O45: N/A | P45: N/A | Q45: N/A | R45: N/A | S45: N/A | T45: N/A | U45: N/A | V45: N/A | W45: N/A | X45: N/A | Y45: N/A | Z45: N/A | AA45: In progress
A46: ='READ ME FIRST'!$D$12 -> SDGE | B46: ='READ ME FIRST'!$D$15 -> 44683 | C46: Asset Management & Inspections | D46: =IF(Table2[[#This Row],[WMPInitiativeCategory]]="", "",INDEX('Initiative mapping-DO NOT EDIT'!$H$3:$H$12, MATCH(Table2[[#This Row],[WMPInitiativeCategory]],'Initiative mapping-DO NOT EDIT'!$G$3:$G$12,0))) -> 5.3.4. | E46: Infrared inspections of distribution electric lines and equipment | G46: =IF(Table2[[#This Row],[WMPInitiativeActivity]]="","x",IF(Table2[[#This Row],[WMPInitiativeActivity]]="other", Table2[[#This Row],[ActivityNameifOther]], INDEX('Initiative mapping-DO NOT EDIT'!$C$3:$C$89,MATCH(Table2[[#This Row],[WMPInitiativeActivity]],'Initiative mapping-DO NOT EDIT'!$D$3:$D$89,0)))) -> 4 | H46: Infrared inspections of distribution electric lines and equipment (7.3.4.4) | I46: WMP.481 | J46: =_xlfn.CONCAT(Table2[[#This Row],[UtilityID]],"_", Table2[[#This Row],[WMPInitiativeCategory]],"_", IF(Table2[[#This Row],[WMPInitiativeActivity]]="","x",IF(Table2[[#This Row],[WMPInitiativeActivity]]="other", Table2[[#This Row],[ActivityNameifOther]], Table2[[#This Row],[WMPInitiativeActivity]])),"_",Table2[[#This Row],[InitiativeActivityID]], "_",YEAR(Table2[[#This Row],[Submission Date]])) -> SDGE_Asset Management & Inspections_Infrared inspections of distribution electric lines and equipment _WMP.481_2022 | K46: 251 | L46: Inspections | M46: 12000 | N46: =Table2[[#This Row],[QuantActualProgressQ1]] -> 3820 | O46: 7519 | P46: 10519 | Q46: 12000 | R46: =1831+1989 -> 3820 | S46: 7368 | V46: N/A | W46: N/A | X46: N/A | Y46: N/A | Z46: N/A | AA46: In progress
A47: ='READ ME FIRST'!$D$12 -> SDGE | B47: ='READ ME FIRST'!$D$15 -> 44683 | C47: Asset Management & Inspections | D47: =IF(Table2[[#This Row],[WMPInitiativeCategory]]="", "",INDEX('Initiative mapping-DO NOT EDIT'!$H$3:$H$12, MATCH(Table2[[#This Row],[WMPInitiativeCategory]],'Initiative mapping-DO NOT EDIT'!$G$3:$G$12,0))) -> 5.3.4. | E47: Infrared inspections of transmission electric lines and equipment | G47: =IF(Table2[[#This Row],[WMPInitiativeActivity]]="","x",IF(Table2[[#This Row],[WMPInitiativeActivity]]="other", Table2[[#This Row],[ActivityNameifOther]], INDEX('Initiative mapping-DO NOT EDIT'!$C$3:$C$89,MATCH(Table2[[#This Row],[WMPInitiativeActivity]],'Initiative mapping-DO NOT EDIT'!$D$3:$D$89,0)))) -> 5 | H47: Infrared inspections of transmission electric lines and equipment (7.3.4.5) | I47: WMP.482 | J47: =_xlfn.CONCAT(Table2[[#This Row],[UtilityID]],"_", Table2[[#This Row],[WMPInitiativeCategory]],"_", IF(Table2[[#This Row],[WMPInitiativeActivity]]="","x",IF(Table2[[#This Row],[WMPInitiativeActivity]]="other", Table2[[#This Row],[ActivityNameifOther]], Table2[[#This Row],[WMPInitiativeActivity]])),"_",Table2[[#This Row],[InitiativeActivityID]], "_",YEAR(Table2[[#This Row],[Submission Date]])) -> SDGE_Asset Management & Inspections_Infrared inspections of transmission electric lines and equipment _WMP.482_2022 | K47: 253 | L47: Inspections | M47: 6154 | N47: =Table2[[#This Row],[QuantActualProgressQ1]] -> 0 | O47: 0 | P47: 0 | Q47: 6154 | R47: 0 | S47: 0 | V47: N/A | W47: N/A | X47: N/A | Y47: N/A | Z47: N/A | AA47: Planned
A48: ='READ ME FIRST'!$D$12 -> SDGE | B48: ='READ ME FIRST'!$D$15 -> 44683 | C48: Asset Management & Inspections | D48: =IF(Table2[[#This Row],[WMPInitiativeCategory]]="", "",INDEX('Initiative mapping-DO NOT EDIT'!$H$3:$H$12, MATCH(Table2[[#This Row],[WMPInitiativeCategory]],'Initiative mapping-DO NOT EDIT'!$G$3:$G$12,0))) -> 5.3.4. | E48: Intrusive pole inspections | G48: =IF(Table2[[#This Row],[WMPInitiativeActivity]]="","x",IF(Table2[[#This Row],[WMPInitiativeActivity]]="other", Table2[[#This Row],[ActivityNameifOther]], INDEX('Initiative mapping-DO NOT EDIT'!$C$3:$C$89,MATCH(Table2[[#This Row],[WMPInitiativeActivity]],'Initiative mapping-DO NOT EDIT'!$D$3:$D$89,0)))) -> 6 | H48: Intrusive pole inspections (7.3.4.6) | I48: WMP.483 | J48: =_xlfn.CONCAT(Table2[[#This Row],[UtilityID]],"_", Table2[[#This Row],[WMPInitiativeCategory]],"_", IF(Table2[[#This Row],[WMPInitiativeActivity]]="","x",IF(Table2[[#This Row],[WMPInitiativeActivity]]="other", Table2[[#This Row],[ActivityNameifOther]], Table2[[#This Row],[WMPInitiativeActivity]])),"_",Table2[[#This Row],[InitiativeActivityID]], "_",YEAR(Table2[[#This Row],[Submission Date]])) -> SDGE_Asset Management & Inspections_Intrusive pole inspections _WMP.483_2022 | K48: 255 | L48: Inspections | M48: 350 | N48: =Table2[[#This Row],[QuantActualProgressQ1]] -> 135 | O48: 194 | P48: 253 | Q48: 350 | R48: 135 | S48: 328 | V48: N/A | W48: N/A | X48: N/A | Y48: N/A | Z48: N/A | AA48: In progress
A49: ='READ ME FIRST'!$D$12 -> SDGE | B49: ='READ ME FIRST'!$D$15 -> 44683 | C49: Asset Management & Inspections | D49: =IF(Table2[[#This Row],[WMPInitiativeCategory]]="", "",INDEX('Initiative mapping-DO NOT EDIT'!$H$3:$H$12, MATCH(Table2[[#This Row],[WMPInitiativeCategory]],'Initiative mapping-DO NOT EDIT'!$G$3:$G$12,0))) -> 5.3.4. | E49: LiDAR inspections of distribution electric lines and equipment | G49: =IF(Table2[[#This Row],[WMPInitiativeActivity]]="","x",IF(Table2[[#This Row],[WMPInitiativeActivity]]="other", Table2[[#This Row],[ActivityNameifOther]], INDEX('Initiative mapping-DO NOT EDIT'!$C$3:$C$89,MATCH(Table2[[#This Row],[WMPInitiativeActivity]],'Initiative mapping-DO NOT EDIT'!$D$3:$D$89,0)))) -> 7 | H49: LiDAR inspections of distribution electric lines and equipment (7.3.4.7) | I49: WMP.484 | J49: =_xlfn.CONCAT(Table2[[#This Row],[UtilityID]],"_", Table2[[#This Row],[WMPInitiativeCategory]],"_", IF(Table2[[#This Row],[WMPInitiativeActivity]]="","x",IF(Table2[[#This Row],[WMPInitiativeActivity]]="other", Table2[[#This Row],[ActivityNameifOther]], Table2[[#This Row],[WMPInitiativeActivity]])),"_",Table2[[#This Row],[InitiativeActivityID]], "_",YEAR(Table2[[#This Row],[Submission Date]])) -> SDGE_Asset Management & Inspections_LiDAR inspections of distribution electric lines and equipment _WMP.484_2022 | K49: 257 | L49: N/A | M49: N/A | N49: N/A | O49: N/A | P49: N/A | Q49: N/A | R49: N/A | S49: N/A | T49: N/A | U49: N/A | V49: SDG&E continues to use LiDAR inspections to supplement the grid hardening efforts and post-construction analysis, where possible. SDG&E plans to implement vegetation risk analysis within the HFTD and potentially expand into non-HFTD projects. Additionally, SDG&E plans to use the results of these analyses for emergency operations during red flag and other extreme events. | W49: LiDAR vendor continued and completed the data collection process of all distribution lines within the HFTD Tier 2 and 3. Approximately 4,370 miles (44%) have been captured and are now in data processing by the vendor and expected to complete by 3rd quarter 2022. | X49: Total miles have been updated to 4,081 miles based on flights. The LiDAR vendor continues to process the data from collections, with approximately 6% of the circuits in scope have been fully delivered to SDG&E through Q2. Some circuits were found to have missing LiDAR data and are in process to be re-flown (less than 1% of scope) in Q3. | AA49: In progress
A50: ='READ ME FIRST'!$D$12 -> SDGE | B50: ='READ ME FIRST'!$D$15 -> 44683 | C50: Asset Management & Inspections | D50: =IF(Table2[[#This Row],[WMPInitiativeCategory]]="", "",INDEX('Initiative mapping-DO NOT EDIT'!$H$3:$H$12, MATCH(Table2[[#This Row],[WMPInitiativeCategory]],'Initiative mapping-DO NOT EDIT'!$G$3:$G$12,0))) -> 5.3.4. | E50: LiDAR inspections of transmission electric lines and equipment | G50: =IF(Table2[[#This Row],[WMPInitiativeActivity]]="","x",IF(Table2[[#This Row],[WMPInitiativeActivity]]="other", Table2[[#This Row],[ActivityNameifOther]], INDEX('Initiative mapping-DO NOT EDIT'!$C$3:$C$89,MATCH(Table2[[#This Row],[WMPInitiativeActivity]],'Initiative mapping-DO NOT EDIT'!$D$3:$D$89,0)))) -> 8 | H50: LiDAR inspections of transmission electric lines and equipment (7.3.4.8) | I50: WMP.485 | J50: =_xlfn.CONCAT(Table2[[#This Row],[UtilityID]],"_", Table2[[#This Row],[WMPInitiativeCategory]],"_", IF(Table2[[#This Row],[WMPInitiativeActivity]]="","x",IF(Table2[[#This Row],[WMPInitiativeActivity]]="other", Table2[[#This Row],[ActivityNameifOther]], Table2[[#This Row],[WMPInitiativeActivity]])),"_",Table2[[#This Row],[InitiativeActivityID]], "_",YEAR(Table2[[#This Row],[Submission Date]])) -> SDGE_Asset Management & Inspections_LiDAR inspections of transmission electric lines and equipment _WMP.485_2022 | K50: 258 | L50: N/A | M50: N/A | N50: N/A | O50: N/A | P50: N/A | Q50: N/A | R50: N/A | S50: N/A | T50: N/A | U50: N/A | V50: 18.55 miles | W50: 50.42 miles (projected 2021 but performed in Q1 2022) | X50: 44.3 Miles, total 94.72 miles YTD | Y50: N/A | Z50: N/A | AA50: N/A
A51: ='READ ME FIRST'!$D$12 -> SDGE | B51: ='READ ME FIRST'!$D$15 -> 44683 | C51: Asset Management & Inspections | D51: =IF(Table2[[#This Row],[WMPInitiativeCategory]]="", "",INDEX('Initiative mapping-DO NOT EDIT'!$H$3:$H$12, MATCH(Table2[[#This Row],[WMPInitiativeCategory]],'Initiative mapping-DO NOT EDIT'!$G$3:$G$12,0))) -> 5.3.4. | E51: Other | F51: HFTD Tier 3 distribution pole inspections | G51: =IF(Table2[[#This Row],[WMPInitiativeActivity]]="","x",IF(Table2[[#This Row],[WMPInitiativeActivity]]="other", Table2[[#This Row],[ActivityNameifOther]], INDEX('Initiative mapping-DO NOT EDIT'!$C$3:$C$89,MATCH(Table2[[#This Row],[WMPInitiativeActivity]],'Initiative mapping-DO NOT EDIT'!$D$3:$D$89,0)))) -> HFTD Tier 3 distribution pole inspections | H51: HFTD Tier 3 distribution pole inspections (7.3.4.9.1) | I51: WMP.538 | J51: =_xlfn.CONCAT(Table2[[#This Row],[UtilityID]],"_", Table2[[#This Row],[WMPInitiativeCategory]],"_", IF(Table2[[#This Row],[WMPInitiativeActivity]]="","x",IF(Table2[[#This Row],[WMPInitiativeActivity]]="other", Table2[[#This Row],[ActivityNameifOther]], Table2[[#This Row],[WMPInitiativeActivity]])),"_",Table2[[#This Row],[InitiativeActivityID]], "_",YEAR(Table2[[#This Row],[Submission Date]])) -> SDGE_Asset Management & Inspections_HFTD Tier 3 distribution pole inspections_WMP.538_2022 | K51: 259 | L51: Inspections | M51: 12268 | N51: =Table2[[#This Row],[QuantActualProgressQ1]] -> 12404 | O51: 12268 | P51: 12268 | Q51: 12268 | R51: 12404 | S51: 12263 | V51: N/A | W51: N/A | X51: N/A | Y51: N/A | Z51: N/A | AA51: In progress
A52: ='READ ME FIRST'!$D$12 -> SDGE | B52: ='READ ME FIRST'!$D$15 -> 44683 | C52: Asset Management & Inspections | D52: =IF(Table2[[#This Row],[WMPInitiativeCategory]]="", "",INDEX('Initiative mapping-DO NOT EDIT'!$H$3:$H$12, MATCH(Table2[[#This Row],[WMPInitiativeCategory]],'Initiative mapping-DO NOT EDIT'!$G$3:$G$12,0))) -> 5.3.4. | E52: Other | F52: Drone assessments of distribution infrastructure | G52: =IF(Table2[[#This Row],[WMPInitiativeActivity]]="","x",IF(Table2[[#This Row],[WMPInitiativeActivity]]="other", Table2[[#This Row],[ActivityNameifOther]], INDEX('Initiative mapping-DO NOT EDIT'!$C$3:$C$89,MATCH(Table2[[#This Row],[WMPInitiativeActivity]],'Initiative mapping-DO NOT EDIT'!$D$3:$D$89,0)))) -> Drone assessments of distribution infrastructure | H52: Drone assessments of distribution infrastructure (7.3.4.9.2) | I52: WMP.539 | J52: =_xlfn.CONCAT(Table2[[#This Row],[UtilityID]],"_", Table2[[#This Row],[WMPInitiativeCategory]],"_", IF(Table2[[#This Row],[WMPInitiativeActivity]]="","x",IF(Table2[[#This Row],[WMPInitiativeActivity]]="other", Table2[[#This Row],[ActivityNameifOther]], Table2[[#This Row],[WMPInitiativeActivity]])),"_",Table2[[#This Row],[InitiativeActivityID]], "_",YEAR(Table2[[#This Row],[Submission Date]])) -> SDGE_Asset Management & Inspections_Drone assessments of distribution infrastructure_WMP.539_2022 | K52: 261 | L52: Inspections | M52: 22000 | N52: =Table2[[#This Row],[QuantActualProgressQ1]] -> 11441 | O52: 22000 | P52: 0 | Q52: 0 | R52: 11441 | S52: 17273 | V52: N/A | W52: N/A | X52: N/A | Y52: N/A | Z52: N/A | AA52: In progress
A53: ='READ ME FIRST'!$D$12 -> SDGE | B53: ='READ ME FIRST'!$D$15 -> 44683 | C53: Asset Management & Inspections | D53: =IF(Table2[[#This Row],[WMPInitiativeCategory]]="", "",INDEX('Initiative mapping-DO NOT EDIT'!$H$3:$H$12, MATCH(Table2[[#This Row],[WMPInitiativeCategory]],'Initiative mapping-DO NOT EDIT'!$G$3:$G$12,0))) -> 5.3.4. | E53: Other | F53: Circuit ownership | G53: =IF(Table2[[#This Row],[WMPInitiativeActivity]]="","x",IF(Table2[[#This Row],[WMPInitiativeActivity]]="other", Table2[[#This Row],[ActivityNameifOther]], INDEX('Initiative mapping-DO NOT EDIT'!$C$3:$C$89,MATCH(Table2[[#This Row],[WMPInitiativeActivity]],'Initiative mapping-DO NOT EDIT'!$D$3:$D$89,0)))) -> Circuit ownership | H53: Circuit ownership (7.3.4.9.3) | I53: WMP.550 | J53: =_xlfn.CONCAT(Table2[[#This Row],[UtilityID]],"_", Table2[[#This Row],[WMPInitiativeCategory]],"_", IF(Table2[[#This Row],[WMPInitiativeActivity]]="","x",IF(Table2[[#This Row],[WMPInitiativeActivity]]="other", Table2[[#This Row],[ActivityNameifOther]], Table2[[#This Row],[WMPInitiativeActivity]])),"_",Table2[[#This Row],[InitiativeActivityID]], "_",YEAR(Table2[[#This Row],[Submission Date]])) -> SDGE_Asset Management & Inspections_Circuit ownership_WMP.550_2022 | K53: 261 | L53: N/A | M53: N/A | N53: N/A | O53: N/A | P53: N/A | Q53: N/A | R53: N/A | S53: N/A | T53: N/A | U53: N/A | V53: N/A | W53: N/A | X53: N/A | Y53: N/A | Z53: N/A | AA53: N/A
A54: ='READ ME FIRST'!$D$12 -> SDGE | B54: ='READ ME FIRST'!$D$15 -> 44683 | C54: Asset Management & Inspections | D54: =IF(Table2[[#This Row],[WMPInitiativeCategory]]="", "",INDEX('Initiative mapping-DO NOT EDIT'!$H$3:$H$12, MATCH(Table2[[#This Row],[WMPInitiativeCategory]],'Initiative mapping-DO NOT EDIT'!$G$3:$G$12,0))) -> 5.3.4. | E54: Other | F54: Drone assessment of transmission | G54: =IF(Table2[[#This Row],[WMPInitiativeActivity]]="","x",IF(Table2[[#This Row],[WMPInitiativeActivity]]="other", Table2[[#This Row],[ActivityNameifOther]], INDEX('Initiative mapping-DO NOT EDIT'!$C$3:$C$89,MATCH(Table2[[#This Row],[WMPInitiativeActivity]],'Initiative mapping-DO NOT EDIT'!$D$3:$D$89,0)))) -> Drone assessment of transmission | H54: Drone assessment of transmission (7.3.4.10.1) | I54: WMP.540 | J54: =_xlfn.CONCAT(Table2[[#This Row],[UtilityID]],"_", Table2[[#This Row],[WMPInitiativeCategory]],"_", IF(Table2[[#This Row],[WMPInitiativeActivity]]="","x",IF(Table2[[#This Row],[WMPInitiativeActivity]]="other", Table2[[#This Row],[ActivityNameifOther]], Table2[[#This Row],[WMPInitiativeActivity]])),"_",Table2[[#This Row],[InitiativeActivityID]], "_",YEAR(Table2[[#This Row],[Submission Date]])) -> SDGE_Asset Management & Inspections_Drone assessment of transmission_WMP.540_2022 | K54: 266 | L54: Inspections | M54: 500 | N54: =Table2[[#This Row],[QuantActualProgressQ1]] -> 468 | O54: 500 | P54: 500 | Q54: 500 | R54: 468 | S54: 530 | V54: N/A | W54: N/A | X54: N/A | Y54: N/A | Z54: N/A | AA54: In progress
A55: ='READ ME FIRST'!$D$12 -> SDGE | B55: ='READ ME FIRST'!$D$15 -> 44683 | C55: Asset Management & Inspections | D55: =IF(Table2[[#This Row],[WMPInitiativeCategory]]="", "",INDEX('Initiative mapping-DO NOT EDIT'!$H$3:$H$12, MATCH(Table2[[#This Row],[WMPInitiativeCategory]],'Initiative mapping-DO NOT EDIT'!$G$3:$G$12,0))) -> 5.3.4. | E55: Other | F55: Additional Transmission Aerial 69kV Tier 3 Visual Inspection | G55: =IF(Table2[[#This Row],[WMPInitiativeActivity]]="","x",IF(Table2[[#This Row],[WMPInitiativeActivity]]="other", Table2[[#This Row],[ActivityNameifOther]], INDEX('Initiative mapping-DO NOT EDIT'!$C$3:$C$89,MATCH(Table2[[#This Row],[WMPInitiativeActivity]],'Initiative mapping-DO NOT EDIT'!$D$3:$D$89,0)))) -> Additional Transmission Aerial 69kV Tier 3 Visual Inspection | H55: Additional Transmission Aerial 69kV Tier 3 Visual Inspection (7.3.4.10.2) | I55: WMP.541 | J55: =_xlfn.CONCAT(Table2[[#This Row],[UtilityID]],"_", Table2[[#This Row],[WMPInitiativeCategory]],"_", IF(Table2[[#This Row],[WMPInitiativeActivity]]="","x",IF(Table2[[#This Row],[WMPInitiativeActivity]]="other", Table2[[#This Row],[ActivityNameifOther]], Table2[[#This Row],[WMPInitiativeActivity]])),"_",Table2[[#This Row],[InitiativeActivityID]], "_",YEAR(Table2[[#This Row],[Submission Date]])) -> SDGE_Asset Management & Inspections_Additional Transmission Aerial 69kV Tier 3 Visual Inspection_WMP.541_2022 | K55: 268 | L55: Inspections | M55: 1654 | N55: =Table2[[#This Row],[QuantActualProgressQ1]] -> 0 | O55: 0 | P55: 0 | Q55: 1651 | R55: 0 | S55: 0 | V55: N/A | W55: N/A | X55: N/A | Y55: N/A | Z55: N/A | AA55: Planned
A56: ='READ ME FIRST'!$D$12 -> SDGE | B56: ='READ ME FIRST'!$D$15 -> 44683 | C56: Asset Management & Inspections | D56: =IF(Table2[[#This Row],[WMPInitiativeCategory]]="", "",INDEX('Initiative mapping-DO NOT EDIT'!$H$3:$H$12, MATCH(Table2[[#This Row],[WMPInitiativeCategory]],'Initiative mapping-DO NOT EDIT'!$G$3:$G$12,0))) -> 5.3.4. | E56: Patrol inspections of distribution electric lines and equipment | G56: =IF(Table2[[#This Row],[WMPInitiativeActivity]]="","x",IF(Table2[[#This Row],[WMPInitiativeActivity]]="other", Table2[[#This Row],[ActivityNameifOther]], INDEX('Initiative mapping-DO NOT EDIT'!$C$3:$C$89,MATCH(Table2[[#This Row],[WMPInitiativeActivity]],'Initiative mapping-DO NOT EDIT'!$D$3:$D$89,0)))) -> 11 | H56: Patrol inspections of distribution electric lines and equipment (7.3.4.11) | I56: WMP.488 | J56: =_xlfn.CONCAT(Table2[[#This Row],[UtilityID]],"_", Table2[[#This Row],[WMPInitiativeCategory]],"_", IF(Table2[[#This Row],[WMPInitiativeActivity]]="","x",IF(Table2[[#This Row],[WMPInitiativeActivity]]="other", Table2[[#This Row],[ActivityNameifOther]], Table2[[#This Row],[WMPInitiativeActivity]])),"_",Table2[[#This Row],[InitiativeActivityID]], "_",YEAR(Table2[[#This Row],[Submission Date]])) -> SDGE_Asset Management & Inspections_Patrol inspections of distribution electric lines and equipment _WMP.488_2022 | K56: 270 | L56: Inspections | M56: 86490 | N56: 37000 | O56: 49544 | P56: 84162 | Q56: 86490 | R56: 37567 | S56: 67221 | V56: N/A | W56: N/A | X56: N/A | Y56: N/A | Z56: N/A | AA56: In progress
A57: ='READ ME FIRST'!$D$12 -> SDGE | B57: ='READ ME FIRST'!$D$15 -> 44683 | C57: Asset Management & Inspections | D57: =IF(Table2[[#This Row],[WMPInitiativeCategory]]="", "",INDEX('Initiative mapping-DO NOT EDIT'!$H$3:$H$12, MATCH(Table2[[#This Row],[WMPInitiativeCategory]],'Initiative mapping-DO NOT EDIT'!$G$3:$G$12,0))) -> 5.3.4. | E57: Patrol inspections of transmission electric lines and equipment | G57: =IF(Table2[[#This Row],[WMPInitiativeActivity]]="","x",IF(Table2[[#This Row],[WMPInitiativeActivity]]="other", Table2[[#This Row],[ActivityNameifOther]], INDEX('Initiative mapping-DO NOT EDIT'!$C$3:$C$89,MATCH(Table2[[#This Row],[WMPInitiativeActivity]],'Initiative mapping-DO NOT EDIT'!$D$3:$D$89,0)))) -> 12 | H57: Patrol inspections of transmission electric lines and equipment (7.3.4.12) | I57: WMP.489 | J57: =_xlfn.CONCAT(Table2[[#This Row],[UtilityID]],"_", Table2[[#This Row],[WMPInitiativeCategory]],"_", IF(Table2[[#This Row],[WMPInitiativeActivity]]="","x",IF(Table2[[#This Row],[WMPInitiativeActivity]]="other", Table2[[#This Row],[ActivityNameifOther]], Table2[[#This Row],[WMPInitiativeActivity]])),"_",Table2[[#This Row],[InitiativeActivityID]], "_",YEAR(Table2[[#This Row],[Submission Date]])) -> SDGE_Asset Management & Inspections_Patrol inspections of transmission electric lines and equipment _WMP.489_2022 | K57: 271 | L57: Inspections | M57: 6312 | N57: =Table2[[#This Row],[QuantActualProgressQ1]] -> 1962 | O57: 5589 | P57: 5589 | Q57: 5924 | R57: 1962 | S57: 6111 | V57: N/A | W57: N/A | X57: N/A | Y57: N/A | Z57: N/A | AA57: In progress
A58: ='READ ME FIRST'!$D$12 -> SDGE | B58: ='READ ME FIRST'!$D$15 -> 44683 | C58: Asset Management & Inspections | D58: =IF(Table2[[#This Row],[WMPInitiativeCategory]]="", "",INDEX('Initiative mapping-DO NOT EDIT'!$H$3:$H$12, MATCH(Table2[[#This Row],[WMPInitiativeCategory]],'Initiative mapping-DO NOT EDIT'!$G$3:$G$12,0))) -> 5.3.4. | E58: Pole loading assessment program to determine safety factor | G58: =IF(Table2[[#This Row],[WMPInitiativeActivity]]="","x",IF(Table2[[#This Row],[WMPInitiativeActivity]]="other", Table2[[#This Row],[ActivityNameifOther]], INDEX('Initiative mapping-DO NOT EDIT'!$C$3:$C$89,MATCH(Table2[[#This Row],[WMPInitiativeActivity]],'Initiative mapping-DO NOT EDIT'!$D$3:$D$89,0)))) -> 13 | H58: Pole loading assessment program to determine safety factor (7.3.4.13) | I58: WMP.490 | J58: =_xlfn.CONCAT(Table2[[#This Row],[UtilityID]],"_", Table2[[#This Row],[WMPInitiativeCategory]],"_", IF(Table2[[#This Row],[WMPInitiativeActivity]]="","x",IF(Table2[[#This Row],[WMPInitiativeActivity]]="other", Table2[[#This Row],[ActivityNameifOther]], Table2[[#This Row],[WMPInitiativeActivity]])),"_",Table2[[#This Row],[InitiativeActivityID]], "_",YEAR(Table2[[#This Row],[Submission Date]])) -> SDGE_Asset Management & Inspections_Pole loading assessment program to determine safety factor _WMP.490_2022 | K58: 272 | L58: N/A | M58: N/A | N58: N/A | O58: N/A | P58: N/A | Q58: N/A | R58: N/A | S58: N/A | T58: N/A | U58: N/A | V58: N/A | W58: N/A | X58: N/A | Y58: N/A | Z58: N/A | AA58: N/A
A59: ='READ ME FIRST'!$D$12 -> SDGE | B59: ='READ ME FIRST'!$D$15 -> 44683 | C59: Asset Management & Inspections | D59: =IF(Table2[[#This Row],[WMPInitiativeCategory]]="", "",INDEX('Initiative mapping-DO NOT EDIT'!$H$3:$H$12, MATCH(Table2[[#This Row],[WMPInitiativeCategory]],'Initiative mapping-DO NOT EDIT'!$G$3:$G$12,0))) -> 5.3.4. | E59: Quality assurance / quality control of inspections | G59: =IF(Table2[[#This Row],[WMPInitiativeActivity]]="","x",IF(Table2[[#This Row],[WMPInitiativeActivity]]="other", Table2[[#This Row],[ActivityNameifOther]], INDEX('Initiative mapping-DO NOT EDIT'!$C$3:$C$89,MATCH(Table2[[#This Row],[WMPInitiativeActivity]],'Initiative mapping-DO NOT EDIT'!$D$3:$D$89,0)))) -> 14 | H59: Quality assurance/quality control of inspections (7.3.4.14) | I59: WMP.491 | J59: =_xlfn.CONCAT(Table2[[#This Row],[UtilityID]],"_", Table2[[#This Row],[WMPInitiativeCategory]],"_", IF(Table2[[#This Row],[WMPInitiativeActivity]]="","x",IF(Table2[[#This Row],[WMPInitiativeActivity]]="other", Table2[[#This Row],[ActivityNameifOther]], Table2[[#This Row],[WMPInitiativeActivity]])),"_",Table2[[#This Row],[InitiativeActivityID]], "_",YEAR(Table2[[#This Row],[Submission Date]])) -> SDGE_Asset Management & Inspections_Quality assurance / quality control of inspections _WMP.491_2022 | K59: 272 | L59: N/A | M59: N/A | N59: N/A | O59: N/A | P59: N/A | Q59: N/A | R59: N/A | S59: N/A | T59: N/A | U59: N/A | V59: SDG&E performed 443 detailed inspection audits for Q1 2022, which is 100% of the goal. | W59: SDG&E performed 443 detailed inspection audits for Q1 2022, which is 100% of the gial | X59: SDG&E performed 252 detailed inspection audits for Q2 2022, which is 100% of the goal.; | AA59: In progress
A60: ='READ ME FIRST'!$D$12 -> SDGE | B60: ='READ ME FIRST'!$D$15 -> 44683 | C60: Asset Management & Inspections | D60: =IF(Table2[[#This Row],[WMPInitiativeCategory]]="", "",INDEX('Initiative mapping-DO NOT EDIT'!$H$3:$H$12, MATCH(Table2[[#This Row],[WMPInitiativeCategory]],'Initiative mapping-DO NOT EDIT'!$G$3:$G$12,0))) -> 5.3.4. | E60: Substation inspections | G60: =IF(Table2[[#This Row],[WMPInitiativeActivity]]="","x",IF(Table2[[#This Row],[WMPInitiativeActivity]]="other", Table2[[#This Row],[ActivityNameifOther]], INDEX('Initiative mapping-DO NOT EDIT'!$C$3:$C$89,MATCH(Table2[[#This Row],[WMPInitiativeActivity]],'Initiative mapping-DO NOT EDIT'!$D$3:$D$89,0)))) -> 15 | H60: Substation inspections (7.3.4.15) | I60: WMP.492 | J60: =_xlfn.CONCAT(Table2[[#This Row],[UtilityID]],"_", Table2[[#This Row],[WMPInitiativeCategory]],"_", IF(Table2[[#This Row],[WMPInitiativeActivity]]="","x",IF(Table2[[#This Row],[WMPInitiativeActivity]]="other", Table2[[#This Row],[ActivityNameifOther]], Table2[[#This Row],[WMPInitiativeActivity]])),"_",Table2[[#This Row],[InitiativeActivityID]], "_",YEAR(Table2[[#This Row],[Submission Date]])) -> SDGE_Asset Management & Inspections_Substation inspections _WMP.492_2022 | K60: 280 | L60: Inspections | M60: 330 | N60: =Table2[[#This Row],[QuantActualProgressQ1]] -> 91 | O60: 197 | P60: 133 | Q60: 330 | R60: 91 | S60: 199 | V60: N/A | W60: N/A | X60: N/A | AA60: In progress
A61: ='READ ME FIRST'!$D$12 -> SDGE | B61: ='READ ME FIRST'!$D$15 -> 44683 | C61: Vegetation Management & Inspections | D61: =IF(Table2[[#This Row],[WMPInitiativeCategory]]="", "",INDEX('Initiative mapping-DO NOT EDIT'!$H$3:$H$12, MATCH(Table2[[#This Row],[WMPInitiativeCategory]],'Initiative mapping-DO NOT EDIT'!$G$3:$G$12,0))) -> 5.3.5. | E61: Additional efforts to manage community and environmental impacts | G61: =IF(Table2[[#This Row],[WMPInitiativeActivity]]="","x",IF(Table2[[#This Row],[WMPInitiativeActivity]]="other", Table2[[#This Row],[ActivityNameifOther]], INDEX('Initiative mapping-DO NOT EDIT'!$C$3:$C$89,MATCH(Table2[[#This Row],[WMPInitiativeActivity]],'Initiative mapping-DO NOT EDIT'!$D$3:$D$89,0)))) -> 1 | H61: Additional efforts to manage community and environmental impacts (7.3.5.1) | I61: WMP.493 | J61: =_xlfn.CONCAT(Table2[[#This Row],[UtilityID]],"_", Table2[[#This Row],[WMPInitiativeCategory]],"_", IF(Table2[[#This Row],[WMPInitiativeActivity]]="","x",IF(Table2[[#This Row],[WMPInitiativeActivity]]="other", Table2[[#This Row],[ActivityNameifOther]], Table2[[#This Row],[WMPInitiativeActivity]])),"_",Table2[[#This Row],[InitiativeActivityID]], "_",YEAR(Table2[[#This Row],[Submission Date]])) -> SDGE_Vegetation Management & Inspections_Additional efforts to manage community and environmental impacts _WMP.493_2022 | K61: 280 | L61: N/A | M61: N/A | N61: N/A | O61: N/A | P61: N/A | Q61: N/A | R61: N/A | S61: N/A | T61: N/A | U61: N/A | V61: SDG&E plans to continue to engage with communities and stakeholders in outreach and wildfire mitigation education campaigns through company-sponsored webinars and safety fairs. SDG&E will continue engagement with state and federal land agencies in the mitigation of negative impacts through internal environmental reviews associated with tree operations. SDG&E will continue its annual 10K tree planting goal with an expansion into a Tree Rebate Program which will offer customers in under-represented communities and climate-challenged areas the ability to purchase and plant trees to improve the environment and climate quality.SDG&E plans to continue to engage with communities and stakeholders in outreach and wildfire mitigation education campaigns through company-sponsored webinars and safety fairs. SDG&E will continue engagement with state and federal land agencies in the mitigation of negative impacts through internal environmental reviews associated with tree operations. SDG&E will continue its annual 10K tree planting goal with an expansion into a Tree Rebate Program which will offer customers in under-represented communities and climate-challenged areas the ability to purchase and plant trees to improve the environment and climate quality. | W61: Met with U.S. Forest Service to discuss work activities and reporting requirements within the newly-implemented O&M activity planContinued meetings with CA State Parks on scheduled vegetation management activitiesBegan planning discussions for the upcoming Q2 wildfire preparedness webinar and wildfire community safety fairsContinued 10K tree planting program | X61: Ongoing meetings and communications with USFS, State Parks, and tribal agencies to review scale and scope of operations, notification protocols, environmental reviews, etc.Continued with 10K tree planting initiative. Approximately 6,529;trees given away by end of Q2.Launched Tree Rebate Program website to educate customers of;tree benefits and how to request trees for planting.Participated in first seasonal SDG&E Wildfire Safety Fair in Ramona, CA to educate public on preparedness and VM operations.; Approximately 400 attendees. Approximately 448 small trees given away.Worked with vendor to produce a Virtual Meeting Townhall to educate customers on SDG&E Fuels Modification Program, the activity to reduce vegetation around structures to reduce fire threat.; Townhall sessions scheduled for the month of July. | AA61: In progress
A62: ='READ ME FIRST'!$D$12 -> SDGE | B62: ='READ ME FIRST'!$D$15 -> 44683 | C62: Vegetation Management & Inspections | D62: =IF(Table2[[#This Row],[WMPInitiativeCategory]]="", "",INDEX('Initiative mapping-DO NOT EDIT'!$H$3:$H$12, MATCH(Table2[[#This Row],[WMPInitiativeCategory]],'Initiative mapping-DO NOT EDIT'!$G$3:$G$12,0))) -> 5.3.5. | E62: Detailed inspections of vegetation around distribution electric lines and equipment | G62: =IF(Table2[[#This Row],[WMPInitiativeActivity]]="","x",IF(Table2[[#This Row],[WMPInitiativeActivity]]="other", Table2[[#This Row],[ActivityNameifOther]], INDEX('Initiative mapping-DO NOT EDIT'!$C$3:$C$89,MATCH(Table2[[#This Row],[WMPInitiativeActivity]],'Initiative mapping-DO NOT EDIT'!$D$3:$D$89,0)))) -> 2 | H62: Detailed inspections of vegetation around distribution electric lines and equipment (7.3.5.2) | I62: WMP.494 | J62: =_xlfn.CONCAT(Table2[[#This Row],[UtilityID]],"_", Table2[[#This Row],[WMPInitiativeCategory]],"_", IF(Table2[[#This Row],[WMPInitiativeActivity]]="","x",IF(Table2[[#This Row],[WMPInitiativeActivity]]="other", Table2[[#This Row],[ActivityNameifOther]], Table2[[#This Row],[WMPInitiativeActivity]])),"_",Table2[[#This Row],[InitiativeActivityID]], "_",YEAR(Table2[[#This Row],[Submission Date]])) -> SDGE_Vegetation Management & Inspections_Detailed inspections of vegetation around distribution electric lines and equipment _WMP.494_2022 | K62: 283 | L62: trees inspected | M62: 491822 | N62: =Table2[[#This Row],[QuantActualProgressQ1]] -> 123917 | O62: 246917 | P62: 369917 | Q62: 491822 | R62: 123917 | S62: 247282 | V62: N/A | W62: N/A | X62: N/A | Y62: N/A | Z62: N/A | AA62: In progress
A63: ='READ ME FIRST'!$D$12 -> SDGE | B63: ='READ ME FIRST'!$D$15 -> 44683 | C63: Vegetation Management & Inspections | D63: =IF(Table2[[#This Row],[WMPInitiativeCategory]]="", "",INDEX('Initiative mapping-DO NOT EDIT'!$H$3:$H$12, MATCH(Table2[[#This Row],[WMPInitiativeCategory]],'Initiative mapping-DO NOT EDIT'!$G$3:$G$12,0))) -> 5.3.5. | E63: Detailed inspections of vegetation around transmission electric lines and equipment | G63: =IF(Table2[[#This Row],[WMPInitiativeActivity]]="","x",IF(Table2[[#This Row],[WMPInitiativeActivity]]="other", Table2[[#This Row],[ActivityNameifOther]], INDEX('Initiative mapping-DO NOT EDIT'!$C$3:$C$89,MATCH(Table2[[#This Row],[WMPInitiativeActivity]],'Initiative mapping-DO NOT EDIT'!$D$3:$D$89,0)))) -> 3 | H63: Detailed inspections of vegetation around transmission electric lines and equipment (7.3.5.3) | I63: WMP.495 | J63: =_xlfn.CONCAT(Table2[[#This Row],[UtilityID]],"_", Table2[[#This Row],[WMPInitiativeCategory]],"_", IF(Table2[[#This Row],[WMPInitiativeActivity]]="","x",IF(Table2[[#This Row],[WMPInitiativeActivity]]="other", Table2[[#This Row],[ActivityNameifOther]], Table2[[#This Row],[WMPInitiativeActivity]])),"_",Table2[[#This Row],[InitiativeActivityID]], "_",YEAR(Table2[[#This Row],[Submission Date]])) -> SDGE_Vegetation Management & Inspections_Detailed inspections of vegetation around transmission electric lines and equipment _WMP.495_2022 | K63: 287 | L63: N/A | M63: N/A | N63: N/A | O63: N/A | P63: N/A | Q63: N/A | R63: N/A | S63: N/A | T63: N/A | U63: N/A | V63: N/A | W63: N/A | X63: N/A | Y63: N/A | Z63: N/A | AA63: N/A
A64: ='READ ME FIRST'!$D$12 -> SDGE | B64: ='READ ME FIRST'!$D$15 -> 44683 | C64: Vegetation Management & Inspections | D64: =IF(Table2[[#This Row],[WMPInitiativeCategory]]="", "",INDEX('Initiative mapping-DO NOT EDIT'!$H$3:$H$12, MATCH(Table2[[#This Row],[WMPInitiativeCategory]],'Initiative mapping-DO NOT EDIT'!$G$3:$G$12,0))) -> 5.3.5. | E64: Emergency response vegetation management due to red flag warning or other urgent conditions | G64: =IF(Table2[[#This Row],[WMPInitiativeActivity]]="","x",IF(Table2[[#This Row],[WMPInitiativeActivity]]="other", Table2[[#This Row],[ActivityNameifOther]], INDEX('Initiative mapping-DO NOT EDIT'!$C$3:$C$89,MATCH(Table2[[#This Row],[WMPInitiativeActivity]],'Initiative mapping-DO NOT EDIT'!$D$3:$D$89,0)))) -> 4 | H64: Emergency response vegetation management due to red flag warning or other urgent conditions (7.3.5.4) | I64: WMP.496 | J64: =_xlfn.CONCAT(Table2[[#This Row],[UtilityID]],"_", Table2[[#This Row],[WMPInitiativeCategory]],"_", IF(Table2[[#This Row],[WMPInitiativeActivity]]="","x",IF(Table2[[#This Row],[WMPInitiativeActivity]]="other", Table2[[#This Row],[ActivityNameifOther]], Table2[[#This Row],[WMPInitiativeActivity]])),"_",Table2[[#This Row],[InitiativeActivityID]], "_",YEAR(Table2[[#This Row],[Submission Date]])) -> SDGE_Vegetation Management & Inspections_Emergency response vegetation management due to red flag warning or other urgent conditions _WMP.496_2022 | K64: 287 | L64: N/A | M64: N/A | N64: N/A | O64: N/A | P64: N/A | Q64: N/A | R64: N/A | S64: N/A | T64: N/A | U64: N/A | V64: N/A | W64: N/A | X64: N/A | Y64: N/A | Z64: N/A | AA64: N/A
A65: ='READ ME FIRST'!$D$12 -> SDGE | B65: ='READ ME FIRST'!$D$15 -> 44683 | C65: Vegetation Management & Inspections | D65: =IF(Table2[[#This Row],[WMPInitiativeCategory]]="", "",INDEX('Initiative mapping-DO NOT EDIT'!$H$3:$H$12, MATCH(Table2[[#This Row],[WMPInitiativeCategory]],'Initiative mapping-DO NOT EDIT'!$G$3:$G$12,0))) -> 5.3.5. | E65: Fuel management and reduction of “slash” from vegetation management activities | G65: =IF(Table2[[#This Row],[WMPInitiativeActivity]]="","x",IF(Table2[[#This Row],[WMPInitiativeActivity]]="other", Table2[[#This Row],[ActivityNameifOther]], INDEX('Initiative mapping-DO NOT EDIT'!$C$3:$C$89,MATCH(Table2[[#This Row],[WMPInitiativeActivity]],'Initiative mapping-DO NOT EDIT'!$D$3:$D$89,0)))) -> 5 | H65: Fuels management and reduction of “slash” from vegetation management activities (7.3.5.5) | I65: WMP.497 | J65: =_xlfn.CONCAT(Table2[[#This Row],[UtilityID]],"_", Table2[[#This Row],[WMPInitiativeCategory]],"_", IF(Table2[[#This Row],[WMPInitiativeActivity]]="","x",IF(Table2[[#This Row],[WMPInitiativeActivity]]="other", Table2[[#This Row],[ActivityNameifOther]], Table2[[#This Row],[WMPInitiativeActivity]])),"_",Table2[[#This Row],[InitiativeActivityID]], "_",YEAR(Table2[[#This Row],[Submission Date]])) -> SDGE_Vegetation Management & Inspections_Fuel management and reduction of “slash” from vegetation management activities _WMP.497_2022 | K65: 288 | L65: poles cleared | M65: 500 | N65: =Table2[[#This Row],[QuantActualProgressQ1]] -> 90 | O65: 90 | P65: 180 | Q65: 500 | R65: 90 | S65: 90 | V65: Land Services abatment activity scope has not changed from 2021, continung by grazing or mechanincal means. | W65: Land Services has abated 37 acres initially either by prescribed grazing or mechanical means. The expectation is to initially abate approximately 643 acres. The total (including re-cuts) depends on rainfall events, timeliness and soil temperatures. The anticipation is that at least a total of 1600 acres will be abated in 2022, combining the initial & re-cut activities. | X65: FSCA has established a grant process through Fire Safe Council of San Diego County to fund a cooperative cost share chipping; program for residents in wildland areas.; The current accomplishments from 1/1/22 to 6/30/22 are;Homes with inproved defensible space - 63Poles within the treatment areas recieving enhanced protectoin - 47Acres treated - 48 | AA65: In progress
A66: ='READ ME FIRST'!$D$12 -> SDGE | B66: ='READ ME FIRST'!$D$15 -> 44683 | C66: Vegetation Management & Inspections | D66: =IF(Table2[[#This Row],[WMPInitiativeCategory]]="", "",INDEX('Initiative mapping-DO NOT EDIT'!$H$3:$H$12, MATCH(Table2[[#This Row],[WMPInitiativeCategory]],'Initiative mapping-DO NOT EDIT'!$G$3:$G$12,0))) -> 5.3.5. | E66: Improvement of inspections | G66: =IF(Table2[[#This Row],[WMPInitiativeActivity]]="","x",IF(Table2[[#This Row],[WMPInitiativeActivity]]="other", Table2[[#This Row],[ActivityNameifOther]], INDEX('Initiative mapping-DO NOT EDIT'!$C$3:$C$89,MATCH(Table2[[#This Row],[WMPInitiativeActivity]],'Initiative mapping-DO NOT EDIT'!$D$3:$D$89,0)))) -> 3 | H66: Improvement of inspections (7.3.5.6) | I66: WMP.498 | J66: =_xlfn.CONCAT(Table2[[#This Row],[UtilityID]],"_", Table2[[#This Row],[WMPInitiativeCategory]],"_", IF(Table2[[#This Row],[WMPInitiativeActivity]]="","x",IF(Table2[[#This Row],[WMPInitiativeActivity]]="other", Table2[[#This Row],[ActivityNameifOther]], Table2[[#This Row],[WMPInitiativeActivity]])),"_",Table2[[#This Row],[InitiativeActivityID]], "_",YEAR(Table2[[#This Row],[Submission Date]])) -> SDGE_Vegetation Management & Inspections_Improvement of inspections _WMP.498_2022 | K66: 291 | L66: N/A | M66: N/A | N66: N/A | O66: N/A | P66: N/A | Q66: N/A | R66: N/A | S66: N/A | T66: N/A | U66: N/A | V66: N/A | W66: N/A | X66: N/A | Y66: N/A | Z66: N/A | AA66: N/A
A67: ='READ ME FIRST'!$D$12 -> SDGE | B67: ='READ ME FIRST'!$D$15 -> 44683 | C67: Vegetation Management & Inspections | D67: =IF(Table2[[#This Row],[WMPInitiativeCategory]]="", "",INDEX('Initiative mapping-DO NOT EDIT'!$H$3:$H$12, MATCH(Table2[[#This Row],[WMPInitiativeCategory]],'Initiative mapping-DO NOT EDIT'!$G$3:$G$12,0))) -> 5.3.5. | E67: LiDAR inspections of vegetation around distribution electric lines and equipment | G67: =IF(Table2[[#This Row],[WMPInitiativeActivity]]="","x",IF(Table2[[#This Row],[WMPInitiativeActivity]]="other", Table2[[#This Row],[ActivityNameifOther]], INDEX('Initiative mapping-DO NOT EDIT'!$C$3:$C$89,MATCH(Table2[[#This Row],[WMPInitiativeActivity]],'Initiative mapping-DO NOT EDIT'!$D$3:$D$89,0)))) -> 7 | H67: LiDAR inspections of vegetation around distribution electric lines and equipment (7.3.5.7) | I67: WMP.499 | J67: =_xlfn.CONCAT(Table2[[#This Row],[UtilityID]],"_", Table2[[#This Row],[WMPInitiativeCategory]],"_", IF(Table2[[#This Row],[WMPInitiativeActivity]]="","x",IF(Table2[[#This Row],[WMPInitiativeActivity]]="other", Table2[[#This Row],[ActivityNameifOther]], Table2[[#This Row],[WMPInitiativeActivity]])),"_",Table2[[#This Row],[InitiativeActivityID]], "_",YEAR(Table2[[#This Row],[Submission Date]])) -> SDGE_Vegetation Management & Inspections_LiDAR inspections of vegetation around distribution electric lines and equipment _WMP.499_2022 | K67: 292 | L67: Circuit line mile | M67: 730 | N67: =Table2[[#This Row],[QuantActualProgressQ1]] -> 56.2 | O67: 555 | P67: 688 | Q67: 746 | R67: 56.2 | S67: 250.85 | V67: N/A | W67: N/A | X67: N/A | Y67: N/A | Z67: N/A | AA67: In progress
A68: ='READ ME FIRST'!$D$12 -> SDGE | B68: ='READ ME FIRST'!$D$15 -> 44683 | C68: Vegetation Management & Inspections | D68: =IF(Table2[[#This Row],[WMPInitiativeCategory]]="", "",INDEX('Initiative mapping-DO NOT EDIT'!$H$3:$H$12, MATCH(Table2[[#This Row],[WMPInitiativeCategory]],'Initiative mapping-DO NOT EDIT'!$G$3:$G$12,0))) -> 5.3.5. | E68: LiDAR inspections of transmission electric lines and equipment | G68: =IF(Table2[[#This Row],[WMPInitiativeActivity]]="","x",IF(Table2[[#This Row],[WMPInitiativeActivity]]="other", Table2[[#This Row],[ActivityNameifOther]], INDEX('Initiative mapping-DO NOT EDIT'!$C$3:$C$89,MATCH(Table2[[#This Row],[WMPInitiativeActivity]],'Initiative mapping-DO NOT EDIT'!$D$3:$D$89,0)))) -> 8 | H68: LiDAR inspections for vegetation around transmission electric lines and equipment (7.3.5.8) | I68: WMP.500 | J68: =_xlfn.CONCAT(Table2[[#This Row],[UtilityID]],"_", Table2[[#This Row],[WMPInitiativeCategory]],"_", IF(Table2[[#This Row],[WMPInitiativeActivity]]="","x",IF(Table2[[#This Row],[WMPInitiativeActivity]]="other", Table2[[#This Row],[ActivityNameifOther]], Table2[[#This Row],[WMPInitiativeActivity]])),"_",Table2[[#This Row],[InitiativeActivityID]], "_",YEAR(Table2[[#This Row],[Submission Date]])) -> SDGE_Vegetation Management & Inspections_LiDAR inspections of transmission electric lines and equipment _WMP.500_2022 | K68: 292 | L68: N/A | M68: N/A | N68: N/A | O68: N/A | P68: N/A | Q68: N/A | R68: N/A | S68: N/A | T68: N/A | U68: N/A | V68: N/A | W68: N/A | X68: N/A | Y68: N/A | Z68: N/A | AA68: N/A
A69: ='READ ME FIRST'!$D$12 -> SDGE | B69: ='READ ME FIRST'!$D$15 -> 44683 | C69: Vegetation Management & Inspections | D69: =IF(Table2[[#This Row],[WMPInitiativeCategory]]="", "",INDEX('Initiative mapping-DO NOT EDIT'!$H$3:$H$12, MATCH(Table2[[#This Row],[WMPInitiativeCategory]],'Initiative mapping-DO NOT EDIT'!$G$3:$G$12,0))) -> 5.3.5. | E69: Other discretionary inspection of distribution electric lines and equipment, beyond inspections mandated by rules and regulations | G69: =IF(Table2[[#This Row],[WMPInitiativeActivity]]="","x",IF(Table2[[#This Row],[WMPInitiativeActivity]]="other", Table2[[#This Row],[ActivityNameifOther]], INDEX('Initiative mapping-DO NOT EDIT'!$C$3:$C$89,MATCH(Table2[[#This Row],[WMPInitiativeActivity]],'Initiative mapping-DO NOT EDIT'!$D$3:$D$89,0)))) -> 9 | H69: Other discretionary inspection of vegetation around distribution electric lines and equipment, beyond inspections mandated by rules and regulations (7.3.5.9) | I69: WMP.501 | J69: =_xlfn.CONCAT(Table2[[#This Row],[UtilityID]],"_", Table2[[#This Row],[WMPInitiativeCategory]],"_", IF(Table2[[#This Row],[WMPInitiativeActivity]]="","x",IF(Table2[[#This Row],[WMPInitiativeActivity]]="other", Table2[[#This Row],[ActivityNameifOther]], Table2[[#This Row],[WMPInitiativeActivity]])),"_",Table2[[#This Row],[InitiativeActivityID]], "_",YEAR(Table2[[#This Row],[Submission Date]])) -> SDGE_Vegetation Management & Inspections_Other discretionary inspection of distribution electric lines and equipment, beyond inspections mandated by rules and regulations _WMP.501_2022 | K69: 292 | L69: Trees trimmed/removed | M69: 12500 | N69: =Table2[[#This Row],[QuantActualProgressQ1]] -> 2110 | O69: 5576 | P69: 9038 | Q69: 12500 | R69: 2110 | S69: 5462 | V69: N/A | W69: N/A | X69: N/A | Y69: N/A | Z69: N/A | AA69: In progress
A70: ='READ ME FIRST'!$D$12 -> SDGE | B70: ='READ ME FIRST'!$D$15 -> 44683 | C70: Vegetation Management & Inspections | D70: =IF(Table2[[#This Row],[WMPInitiativeCategory]]="", "",INDEX('Initiative mapping-DO NOT EDIT'!$H$3:$H$12, MATCH(Table2[[#This Row],[WMPInitiativeCategory]],'Initiative mapping-DO NOT EDIT'!$G$3:$G$12,0))) -> 5.3.5. | E70: Other discretionary inspection of transmission electric lines and | G70: =IF(Table2[[#This Row],[WMPInitiativeActivity]]="","x",IF(Table2[[#This Row],[WMPInitiativeActivity]]="other", Table2[[#This Row],[ActivityNameifOther]], INDEX('Initiative mapping-DO NOT EDIT'!$C$3:$C$89,MATCH(Table2[[#This Row],[WMPInitiativeActivity]],'Initiative mapping-DO NOT EDIT'!$D$3:$D$89,0)))) -> 10 | H70: Other discretionary inspection of vegetation around transmission electric lines and equipment, beyond inspections mandated by rules and regulations (7.3.5.10) | I70: WMP.502 | J70: =_xlfn.CONCAT(Table2[[#This Row],[UtilityID]],"_", Table2[[#This Row],[WMPInitiativeCategory]],"_", IF(Table2[[#This Row],[WMPInitiativeActivity]]="","x",IF(Table2[[#This Row],[WMPInitiativeActivity]]="other", Table2[[#This Row],[ActivityNameifOther]], Table2[[#This Row],[WMPInitiativeActivity]])),"_",Table2[[#This Row],[InitiativeActivityID]], "_",YEAR(Table2[[#This Row],[Submission Date]])) -> SDGE_Vegetation Management & Inspections_Other discretionary inspection of transmission electric lines and _WMP.502_2022 | K70: 292 | L70: N/A | M70: N/A | N70: N/A | O70: N/A | P70: N/A | Q70: N/A | R70: N/A | S70: N/A | T70: N/A | U70: N/A | V70: N/A | W70: N/A | X70: N/A | Y70: N/A | Z70: N/A | AA70: N/A
A71: ='READ ME FIRST'!$D$12 -> SDGE | B71: ='READ ME FIRST'!$D$15 -> 44683 | C71: Vegetation Management & Inspections | D71: =IF(Table2[[#This Row],[WMPInitiativeCategory]]="", "",INDEX('Initiative mapping-DO NOT EDIT'!$H$3:$H$12, MATCH(Table2[[#This Row],[WMPInitiativeCategory]],'Initiative mapping-DO NOT EDIT'!$G$3:$G$12,0))) -> 5.3.5. | E71: Patrol inspections of distribution electric lines and equipment | G71: =IF(Table2[[#This Row],[WMPInitiativeActivity]]="","x",IF(Table2[[#This Row],[WMPInitiativeActivity]]="other", Table2[[#This Row],[ActivityNameifOther]], INDEX('Initiative mapping-DO NOT EDIT'!$C$3:$C$89,MATCH(Table2[[#This Row],[WMPInitiativeActivity]],'Initiative mapping-DO NOT EDIT'!$D$3:$D$89,0)))) -> 11 | H71: Patrol inspections of vegetation around distribution electric lines and equipment (7.3.5.11) | I71: WMP.503 | J71: =_xlfn.CONCAT(Table2[[#This Row],[UtilityID]],"_", Table2[[#This Row],[WMPInitiativeCategory]],"_", IF(Table2[[#This Row],[WMPInitiativeActivity]]="","x",IF(Table2[[#This Row],[WMPInitiativeActivity]]="other", Table2[[#This Row],[ActivityNameifOther]], Table2[[#This Row],[WMPInitiativeActivity]])),"_",Table2[[#This Row],[InitiativeActivityID]], "_",YEAR(Table2[[#This Row],[Submission Date]])) -> SDGE_Vegetation Management & Inspections_Patrol inspections of distribution electric lines and equipment _WMP.503_2022 | K71: 292 | L71: N/A | M71: N/A | N71: N/A | O71: N/A | P71: N/A | Q71: N/A | R71: N/A | S71: N/A | T71: N/A | U71: N/A | V71: N/A | W71: N/A | X71: N/A | Y71: N/A | Z71: N/A | AA71: N/A
A72: ='READ ME FIRST'!$D$12 -> SDGE | B72: ='READ ME FIRST'!$D$15 -> 44683 | C72: Vegetation Management & Inspections | D72: =IF(Table2[[#This Row],[WMPInitiativeCategory]]="", "",INDEX('Initiative mapping-DO NOT EDIT'!$H$3:$H$12, MATCH(Table2[[#This Row],[WMPInitiativeCategory]],'Initiative mapping-DO NOT EDIT'!$G$3:$G$12,0))) -> 5.3.5. | E72: Patrol inspections of transmission electric lines and equipment | G72: =IF(Table2[[#This Row],[WMPInitiativeActivity]]="","x",IF(Table2[[#This Row],[WMPInitiativeActivity]]="other", Table2[[#This Row],[ActivityNameifOther]], INDEX('Initiative mapping-DO NOT EDIT'!$C$3:$C$89,MATCH(Table2[[#This Row],[WMPInitiativeActivity]],'Initiative mapping-DO NOT EDIT'!$D$3:$D$89,0)))) -> 12 | H72: Patrol inspections of vegetation around transmission electric lines and equipment (7.3.5.12) | I72: WMP.504 | J72: =_xlfn.CONCAT(Table2[[#This Row],[UtilityID]],"_", Table2[[#This Row],[WMPInitiativeCategory]],"_", IF(Table2[[#This Row],[WMPInitiativeActivity]]="","x",IF(Table2[[#This Row],[WMPInitiativeActivity]]="other", Table2[[#This Row],[ActivityNameifOther]], Table2[[#This Row],[WMPInitiativeActivity]])),"_",Table2[[#This Row],[InitiativeActivityID]], "_",YEAR(Table2[[#This Row],[Submission Date]])) -> SDGE_Vegetation Management & Inspections_Patrol inspections of transmission electric lines and equipment _WMP.504_2022 | K72: 293 | L72: N/A | M72: N/A | N72: N/A | O72: N/A | P72: N/A | Q72: N/A | R72: N/A | S72: N/A | T72: N/A | U72: N/A | V72: N/A | W72: N/A | X72: N/A | Y72: N/A | Z72: N/A | AA72: N/A
A73: ='READ ME FIRST'!$D$12 -> SDGE | B73: ='READ ME FIRST'!$D$15 -> 44683 | C73: Vegetation Management & Inspections | D73: =IF(Table2[[#This Row],[WMPInitiativeCategory]]="", "",INDEX('Initiative mapping-DO NOT EDIT'!$H$3:$H$12, MATCH(Table2[[#This Row],[WMPInitiativeCategory]],'Initiative mapping-DO NOT EDIT'!$G$3:$G$12,0))) -> 5.3.5. | E73: Quality assurance / quality control of vegetation inspections | G73: =IF(Table2[[#This Row],[WMPInitiativeActivity]]="","x",IF(Table2[[#This Row],[WMPInitiativeActivity]]="other", Table2[[#This Row],[ActivityNameifOther]], INDEX('Initiative mapping-DO NOT EDIT'!$C$3:$C$89,MATCH(Table2[[#This Row],[WMPInitiativeActivity]],'Initiative mapping-DO NOT EDIT'!$D$3:$D$89,0)))) -> 13 | H73: Quality assurance/quality control of inspections (7.3.5.13) | I73: WMP.505 | J73: =_xlfn.CONCAT(Table2[[#This Row],[UtilityID]],"_", Table2[[#This Row],[WMPInitiativeCategory]],"_", IF(Table2[[#This Row],[WMPInitiativeActivity]]="","x",IF(Table2[[#This Row],[WMPInitiativeActivity]]="other", Table2[[#This Row],[ActivityNameifOther]], Table2[[#This Row],[WMPInitiativeActivity]])),"_",Table2[[#This Row],[InitiativeActivityID]], "_",YEAR(Table2[[#This Row],[Submission Date]])) -> SDGE_Vegetation Management & Inspections_Quality assurance / quality control of vegetation inspections _WMP.505_2022 | K73: 293 | L73: Inspections | M73: 0.15 | N73: 0.0375 | O73: 0.075 | P73: 0.1125 | Q73: 0.15 | R73: 0.0375 | S73: 0.064 | V73: N/A | W73: N/A | X73: N/A | Y73: N/A | Z73: N/A | AA73: In progress
A74: ='READ ME FIRST'!$D$12 -> SDGE | B74: ='READ ME FIRST'!$D$15 -> 44683 | C74: Vegetation Management & Inspections | D74: =IF(Table2[[#This Row],[WMPInitiativeCategory]]="", "",INDEX('Initiative mapping-DO NOT EDIT'!$H$3:$H$12, MATCH(Table2[[#This Row],[WMPInitiativeCategory]],'Initiative mapping-DO NOT EDIT'!$G$3:$G$12,0))) -> 5.3.5. | E74: Recruiting and training of vegetation management personnel | G74: =IF(Table2[[#This Row],[WMPInitiativeActivity]]="","x",IF(Table2[[#This Row],[WMPInitiativeActivity]]="other", Table2[[#This Row],[ActivityNameifOther]], INDEX('Initiative mapping-DO NOT EDIT'!$C$3:$C$89,MATCH(Table2[[#This Row],[WMPInitiativeActivity]],'Initiative mapping-DO NOT EDIT'!$D$3:$D$89,0)))) -> 14 | H74: Recruiting and training of vegetation management personnel (7.3.5.14) | I74: WMP.506 | J74: =_xlfn.CONCAT(Table2[[#This Row],[UtilityID]],"_", Table2[[#This Row],[WMPInitiativeCategory]],"_", IF(Table2[[#This Row],[WMPInitiativeActivity]]="","x",IF(Table2[[#This Row],[WMPInitiativeActivity]]="other", Table2[[#This Row],[ActivityNameifOther]], Table2[[#This Row],[WMPInitiativeActivity]])),"_",Table2[[#This Row],[InitiativeActivityID]], "_",YEAR(Table2[[#This Row],[Submission Date]])) -> SDGE_Vegetation Management & Inspections_Recruiting and training of vegetation management personnel _WMP.506_2022 | K74: 294 | L74: N/A | M74: N/A | N74: N/A | O74: N/A | P74: N/A | Q74: N/A | R74: N/A | S74: N/A | T74: N/A | U74: N/A | V74: SDG&E will continue joint industry training opportunities with the next scheduled Line Clearance Tree Trimming training program in Q1, and the planned development of a new Pre-inspection training module in 2022. SDG&E is targeting to have all annual, contractor internal wildfire training completed in advance of peak fire season in September. | W74: SDG&E, in collaboration with the San Diego Community College District, utility industry representatives, and the California Conservation Corps completed the first 5-week Line Clearance Tree Trimming training course of the year, graduating the cohort class on February 11. | X74: Planning and coordination between SDG&E, San Diego Community College District, San Diego Continuing Education Foundation continued for next;Line Clearance Tree Trimming training session scheduled for August, 2022. SDG&E secured internal funding for the line clearance program through July, 2025.;Budget to be funded under the Wildfire Memorandum Account.Curriculum to be developed to expand program to include training for Certified Arborists.VM contractor annual fire-preparedness training completed for multiple contractors. | AA74: In progress
A75: ='READ ME FIRST'!$D$12 -> SDGE | B75: ='READ ME FIRST'!$D$15 -> 44683 | C75: Vegetation Management & Inspections | D75: =IF(Table2[[#This Row],[WMPInitiativeCategory]]="", "",INDEX('Initiative mapping-DO NOT EDIT'!$H$3:$H$12, MATCH(Table2[[#This Row],[WMPInitiativeCategory]],'Initiative mapping-DO NOT EDIT'!$G$3:$G$12,0))) -> 5.3.5. | E75: Remediation of at-risk species | G75: =IF(Table2[[#This Row],[WMPInitiativeActivity]]="","x",IF(Table2[[#This Row],[WMPInitiativeActivity]]="other", Table2[[#This Row],[ActivityNameifOther]], INDEX('Initiative mapping-DO NOT EDIT'!$C$3:$C$89,MATCH(Table2[[#This Row],[WMPInitiativeActivity]],'Initiative mapping-DO NOT EDIT'!$D$3:$D$89,0)))) -> 15 | H75: Remediation of at-risk species (7.3.5.15) | I75: WMP.507 | J75: =_xlfn.CONCAT(Table2[[#This Row],[UtilityID]],"_", Table2[[#This Row],[WMPInitiativeCategory]],"_", IF(Table2[[#This Row],[WMPInitiativeActivity]]="","x",IF(Table2[[#This Row],[WMPInitiativeActivity]]="other", Table2[[#This Row],[ActivityNameifOther]], Table2[[#This Row],[WMPInitiativeActivity]])),"_",Table2[[#This Row],[InitiativeActivityID]], "_",YEAR(Table2[[#This Row],[Submission Date]])) -> SDGE_Vegetation Management & Inspections_Remediation of at-risk species _WMP.507_2022 | K75: 296 | L75: N/A | M75: N/A | N75: N/A | O75: N/A | P75: N/A | Q75: N/A | R75: N/A | S75: N/A | T75: N/A | U75: N/A | V75: SDG&E will continue to refine its identification of the highest risk species, and continue its study of the relationship between species, clearances, and outage frequency to minimize risk events. | W75: SDG&E continued its study with the UCSD San Diego Supercomputing Center on enhanced tree clearances and tree-related outages with updated data to better understand its assessment of targeted species.Continued collaboration on the vegetation management study with the joint IOUs to benchmark VM practices and data collection methodologies in the development of uniform standards. Joint IOU meetings were held bi-weekly.Began working with database designers to add genus/species identification in the inventory tree records. | X75: Ongoing collaborative study with San Diego Supercomputing Center to develop risk assessment and predictive modeling tool using VM tree data and meteorological data. Bi-weekly joint IOU meetings as required by Energy Safety (OEIS) to benchmark and develop BMPs for outage tracking and clearance standards.Completed design and development to include;genus and species attributes within tree inventory database. Implementation scheduled for July, 2022.Began tree data analysis and modeling within WiNGS, and opportunities for synergies with other, ongoing VM studies. | AA75: In progress
A76: ='READ ME FIRST'!$D$12 -> SDGE | B76: ='READ ME FIRST'!$D$15 -> 44683 | C76: Vegetation Management & Inspections | D76: =IF(Table2[[#This Row],[WMPInitiativeCategory]]="", "",INDEX('Initiative mapping-DO NOT EDIT'!$H$3:$H$12, MATCH(Table2[[#This Row],[WMPInitiativeCategory]],'Initiative mapping-DO NOT EDIT'!$G$3:$G$12,0))) -> 5.3.5. | E76: Removal and remediation of trees with strike potential to electric lines and equipment | G76: =IF(Table2[[#This Row],[WMPInitiativeActivity]]="","x",IF(Table2[[#This Row],[WMPInitiativeActivity]]="other", Table2[[#This Row],[ActivityNameifOther]], INDEX('Initiative mapping-DO NOT EDIT'!$C$3:$C$89,MATCH(Table2[[#This Row],[WMPInitiativeActivity]],'Initiative mapping-DO NOT EDIT'!$D$3:$D$89,0)))) -> 16 | H76: Removal and remediation of trees with strike potential to electric lines and equipment (Hazard tree removal and Right Tree-Right Place) (7.3.5.16) | I76: WMP.508 | J76: =_xlfn.CONCAT(Table2[[#This Row],[UtilityID]],"_", Table2[[#This Row],[WMPInitiativeCategory]],"_", IF(Table2[[#This Row],[WMPInitiativeActivity]]="","x",IF(Table2[[#This Row],[WMPInitiativeActivity]]="other", Table2[[#This Row],[ActivityNameifOther]], Table2[[#This Row],[WMPInitiativeActivity]])),"_",Table2[[#This Row],[InitiativeActivityID]], "_",YEAR(Table2[[#This Row],[Submission Date]])) -> SDGE_Vegetation Management & Inspections_Removal and remediation of trees with strike potential to electric lines and equipment _WMP.508_2022 | K76: 299 | L76: Vegetation Management Areas (VMAs) | M76: 106 | N76: =Table2[[#This Row],[QuantActualProgressQ1]] -> 0 | O76: 9 | P76: 106 | Q76: 106 | R76: 0 | S76: 34 | V76: N/A | W76: N/A | X76: N/A | Y76: N/A | Z76: N/A | AA76: Planned
A77: ='READ ME FIRST'!$D$12 -> SDGE | B77: ='READ ME FIRST'!$D$15 -> 44683 | C77: Vegetation Management & Inspections | D77: =IF(Table2[[#This Row],[WMPInitiativeCategory]]="", "",INDEX('Initiative mapping-DO NOT EDIT'!$H$3:$H$12, MATCH(Table2[[#This Row],[WMPInitiativeCategory]],'Initiative mapping-DO NOT EDIT'!$G$3:$G$12,0))) -> 5.3.5. | E77: Substation inspection | G77: =IF(Table2[[#This Row],[WMPInitiativeActivity]]="","x",IF(Table2[[#This Row],[WMPInitiativeActivity]]="other", Table2[[#This Row],[ActivityNameifOther]], INDEX('Initiative mapping-DO NOT EDIT'!$C$3:$C$89,MATCH(Table2[[#This Row],[WMPInitiativeActivity]],'Initiative mapping-DO NOT EDIT'!$D$3:$D$89,0)))) -> 17 | H77: Substation inspections (7.3.5.17) | I77: WMP.509 | J77: =_xlfn.CONCAT(Table2[[#This Row],[UtilityID]],"_", Table2[[#This Row],[WMPInitiativeCategory]],"_", IF(Table2[[#This Row],[WMPInitiativeActivity]]="","x",IF(Table2[[#This Row],[WMPInitiativeActivity]]="other", Table2[[#This Row],[ActivityNameifOther]], Table2[[#This Row],[WMPInitiativeActivity]])),"_",Table2[[#This Row],[InitiativeActivityID]], "_",YEAR(Table2[[#This Row],[Submission Date]])) -> SDGE_Vegetation Management & Inspections_Substation inspection _WMP.509_2022 | K77: 300 | L77: N/A | M77: N/A | N77: N/A | O77: N/A | P77: N/A | Q77: N/A | R77: N/A | S77: N/A | T77: N/A | U77: N/A | V77: N/A | W77: N/A | X77: N/A | Y77: N/A | Z77: N/A | AA77: N/A
A78: ='READ ME FIRST'!$D$12 -> SDGE | B78: ='READ ME FIRST'!$D$15 -> 44683 | C78: Vegetation Management & Inspections | D78: =IF(Table2[[#This Row],[WMPInitiativeCategory]]="", "",INDEX('Initiative mapping-DO NOT EDIT'!$H$3:$H$12, MATCH(Table2[[#This Row],[WMPInitiativeCategory]],'Initiative mapping-DO NOT EDIT'!$G$3:$G$12,0))) -> 5.3.5. | E78: Substation vegetation management | G78: =IF(Table2[[#This Row],[WMPInitiativeActivity]]="","x",IF(Table2[[#This Row],[WMPInitiativeActivity]]="other", Table2[[#This Row],[ActivityNameifOther]], INDEX('Initiative mapping-DO NOT EDIT'!$C$3:$C$89,MATCH(Table2[[#This Row],[WMPInitiativeActivity]],'Initiative mapping-DO NOT EDIT'!$D$3:$D$89,0)))) -> 18 | H78: Substation vegetation management (7.3.5.18) | I78: WMP.510 | J78: =_xlfn.CONCAT(Table2[[#This Row],[UtilityID]],"_", Table2[[#This Row],[WMPInitiativeCategory]],"_", IF(Table2[[#This Row],[WMPInitiativeActivity]]="","x",IF(Table2[[#This Row],[WMPInitiativeActivity]]="other", Table2[[#This Row],[ActivityNameifOther]], Table2[[#This Row],[WMPInitiativeActivity]])),"_",Table2[[#This Row],[InitiativeActivityID]], "_",YEAR(Table2[[#This Row],[Submission Date]])) -> SDGE_Vegetation Management & Inspections_Substation vegetation management _WMP.510_2022 | K78: 300 | L78: N/A | M78: N/A | N78: N/A | O78: N/A | P78: N/A | Q78: N/A | R78: N/A | S78: N/A | T78: N/A | U78: N/A | V78: N/A | W78: N/A | X78: N/A | Y78: N/A | Z78: N/A | AA78: N/A
A79: ='READ ME FIRST'!$D$12 -> SDGE | B79: ='READ ME FIRST'!$D$15 -> 44683 | C79: Vegetation Management & Inspections | D79: =IF(Table2[[#This Row],[WMPInitiativeCategory]]="", "",INDEX('Initiative mapping-DO NOT EDIT'!$H$3:$H$12, MATCH(Table2[[#This Row],[WMPInitiativeCategory]],'Initiative mapping-DO NOT EDIT'!$G$3:$G$12,0))) -> 5.3.5. | E79: Vegetation inventory system | G79: =IF(Table2[[#This Row],[WMPInitiativeActivity]]="","x",IF(Table2[[#This Row],[WMPInitiativeActivity]]="other", Table2[[#This Row],[ActivityNameifOther]], INDEX('Initiative mapping-DO NOT EDIT'!$C$3:$C$89,MATCH(Table2[[#This Row],[WMPInitiativeActivity]],'Initiative mapping-DO NOT EDIT'!$D$3:$D$89,0)))) -> 19 | H79: Vegetation inventory system (7.3.5.19) | I79: WMP.511 | J79: =_xlfn.CONCAT(Table2[[#This Row],[UtilityID]],"_", Table2[[#This Row],[WMPInitiativeCategory]],"_", IF(Table2[[#This Row],[WMPInitiativeActivity]]="","x",IF(Table2[[#This Row],[WMPInitiativeActivity]]="other", Table2[[#This Row],[ActivityNameifOther]], Table2[[#This Row],[WMPInitiativeActivity]])),"_",Table2[[#This Row],[InitiativeActivityID]], "_",YEAR(Table2[[#This Row],[Submission Date]])) -> SDGE_Vegetation Management & Inspections_Vegetation inventory system _WMP.511_2022 | K79: 300 | L79: N/A | M79: N/A | N79: N/A | O79: N/A | P79: N/A | Q79: N/A | R79: N/A | S79: N/A | T79: N/A | U79: N/A | V79: SDG&E will continue to enhance its tree inventory database to meet evolving process requirements with additional tree data capture such as genus/species, outage information, and markup. VM will also develop additional reporting requirements to meet business needs and internal audit recommendations. | W79: Began design and development to capture and record genus and species of inventory trees within the inventory database.Began design and development to enhance the ability to record and track customer refusals and history within the electronic tree records.Continued to update all inventory tree records with accurate GPS lat/long information. | X79: Completed design and development to include;genus and species attributes within tree inventory database. Implementation scheduled for July, 2022.Continued design and development of enhancement to Powerworkz management system to more effectively track customer refusals and other deferred work activities. Secured contract to update mapping imagery within Powerworkz mobile application, "Epoch". Completed improvements to reporting functionality. | AA79: In progress
A80: ='READ ME FIRST'!$D$12 -> SDGE | B80: ='READ ME FIRST'!$D$15 -> 44683 | C80: Vegetation Management & Inspections | D80: =IF(Table2[[#This Row],[WMPInitiativeCategory]]="", "",INDEX('Initiative mapping-DO NOT EDIT'!$H$3:$H$12, MATCH(Table2[[#This Row],[WMPInitiativeCategory]],'Initiative mapping-DO NOT EDIT'!$G$3:$G$12,0))) -> 5.3.5. | E80: Vegetation management to achieve clearances around electric lines and equipment | G80: =IF(Table2[[#This Row],[WMPInitiativeActivity]]="","x",IF(Table2[[#This Row],[WMPInitiativeActivity]]="other", Table2[[#This Row],[ActivityNameifOther]], INDEX('Initiative mapping-DO NOT EDIT'!$C$3:$C$89,MATCH(Table2[[#This Row],[WMPInitiativeActivity]],'Initiative mapping-DO NOT EDIT'!$D$3:$D$89,0)))) -> 20 | H80: Vegetation management to achieve clearances around electric lines and equipment (7.3.5.20) | I80: WMP.512 | J80: =_xlfn.CONCAT(Table2[[#This Row],[UtilityID]],"_", Table2[[#This Row],[WMPInitiativeCategory]],"_", IF(Table2[[#This Row],[WMPInitiativeActivity]]="","x",IF(Table2[[#This Row],[WMPInitiativeActivity]]="other", Table2[[#This Row],[ActivityNameifOther]], Table2[[#This Row],[WMPInitiativeActivity]])),"_",Table2[[#This Row],[InitiativeActivityID]], "_",YEAR(Table2[[#This Row],[Submission Date]])) -> SDGE_Vegetation Management & Inspections_Vegetation management to achieve clearances around electric lines and equipment _WMP.512_2022 | K80: 302 | L80: poles brushed | M80: 34000 | N80: =Table2[[#This Row],[QuantActualProgressQ1]] -> 13317 | O80: 20317 | P80: 27317 | Q80: 34000 | R80: 13317 | S80: 24698 | V80: N/A | W80: N/A | X80: N/A | Y80: N/A | Z80: N/A | AA80: In progress
A81: ='READ ME FIRST'!$D$12 -> SDGE | B81: ='READ ME FIRST'!$D$15 -> 44683 | C81: Vegetation Management & Inspections | D81: =IF(Table2[[#This Row],[WMPInitiativeCategory]]="", "",INDEX('Initiative mapping-DO NOT EDIT'!$H$3:$H$12, MATCH(Table2[[#This Row],[WMPInitiativeCategory]],'Initiative mapping-DO NOT EDIT'!$G$3:$G$12,0))) -> 5.3.5. | E81: Other | F81: Vegetation management activities post-fire | G81: =IF(Table2[[#This Row],[WMPInitiativeActivity]]="","x",IF(Table2[[#This Row],[WMPInitiativeActivity]]="other", Table2[[#This Row],[ActivityNameifOther]], INDEX('Initiative mapping-DO NOT EDIT'!$C$3:$C$89,MATCH(Table2[[#This Row],[WMPInitiativeActivity]],'Initiative mapping-DO NOT EDIT'!$D$3:$D$89,0)))) -> Vegetation management activities post-fire | H81: Vegetation management activities post-fire (7.3.5.21) | I81: WMP.551 | J81: =_xlfn.CONCAT(Table2[[#This Row],[UtilityID]],"_", Table2[[#This Row],[WMPInitiativeCategory]],"_", IF(Table2[[#This Row],[WMPInitiativeActivity]]="","x",IF(Table2[[#This Row],[WMPInitiativeActivity]]="other", Table2[[#This Row],[ActivityNameifOther]], Table2[[#This Row],[WMPInitiativeActivity]])),"_",Table2[[#This Row],[InitiativeActivityID]], "_",YEAR(Table2[[#This Row],[Submission Date]])) -> SDGE_Vegetation Management & Inspections_Vegetation management activities post-fire _WMP.551_2022 | K81: 304 | L81: N/A | M81: N/A | N81: N/A | O81: N/A | P81: N/A | Q81: N/A | R81: N/A | S81: N/A | T81: N/A | U81: N/A | V81: N/A | W81: N/A | X81: N/A | Y81: N/A | Z81: N/A | AA81: N/A
A82: ='READ ME FIRST'!$D$12 -> SDGE | B82: ='READ ME FIRST'!$D$15 -> 44683 | C82: Grid Operations & Operating Protocols | D82: =IF(Table2[[#This Row],[WMPInitiativeCategory]]="", "",INDEX('Initiative mapping-DO NOT EDIT'!$H$3:$H$12, MATCH(Table2[[#This Row],[WMPInitiativeCategory]],'Initiative mapping-DO NOT EDIT'!$G$3:$G$12,0))) -> 5.3.6. | E82: Automatic recloser operations | G82: =IF(Table2[[#This Row],[WMPInitiativeActivity]]="","x",IF(Table2[[#This Row],[WMPInitiativeActivity]]="other", Table2[[#This Row],[ActivityNameifOther]], INDEX('Initiative mapping-DO NOT EDIT'!$C$3:$C$89,MATCH(Table2[[#This Row],[WMPInitiativeActivity]],'Initiative mapping-DO NOT EDIT'!$D$3:$D$89,0)))) -> 1 | H82: Automatic recloser operations (7.3.6.1) | I82: WMP.513 | J82: =_xlfn.CONCAT(Table2[[#This Row],[UtilityID]],"_", Table2[[#This Row],[WMPInitiativeCategory]],"_", IF(Table2[[#This Row],[WMPInitiativeActivity]]="","x",IF(Table2[[#This Row],[WMPInitiativeActivity]]="other", Table2[[#This Row],[ActivityNameifOther]], Table2[[#This Row],[WMPInitiativeActivity]])),"_",Table2[[#This Row],[InitiativeActivityID]], "_",YEAR(Table2[[#This Row],[Submission Date]])) -> SDGE_Grid Operations & Operating Protocols_Automatic recloser operations _WMP.513_2022 | K82: 305 | L82: N/A | M82: N/A | N82: N/A | O82: N/A | P82: N/A | Q82: N/A | R82: N/A | S82: N/A | T82: N/A | U82: N/A | V82: N/A | W82: N/A | X82: N/A | Y82: N/A | Z82: N/A | AA82: N/A
A83: ='READ ME FIRST'!$D$12 -> SDGE | B83: ='READ ME FIRST'!$D$15 -> 44683 | C83: Grid Operations & Operating Protocols | D83: =IF(Table2[[#This Row],[WMPInitiativeCategory]]="", "",INDEX('Initiative mapping-DO NOT EDIT'!$H$3:$H$12, MATCH(Table2[[#This Row],[WMPInitiativeCategory]],'Initiative mapping-DO NOT EDIT'!$G$3:$G$12,0))) -> 5.3.6. | E83: Other | F83: Sensitive/Fast Protection settings | G83: =IF(Table2[[#This Row],[WMPInitiativeActivity]]="","x",IF(Table2[[#This Row],[WMPInitiativeActivity]]="other", Table2[[#This Row],[ActivityNameifOther]], INDEX('Initiative mapping-DO NOT EDIT'!$C$3:$C$89,MATCH(Table2[[#This Row],[WMPInitiativeActivity]],'Initiative mapping-DO NOT EDIT'!$D$3:$D$89,0)))) -> Sensitive/Fast Protection settings | H83: Sensitive/Fast Protection settings (7.3.6.1.2) | I83: WMP.552 | J83: =_xlfn.CONCAT(Table2[[#This Row],[UtilityID]],"_", Table2[[#This Row],[WMPInitiativeCategory]],"_", IF(Table2[[#This Row],[WMPInitiativeActivity]]="","x",IF(Table2[[#This Row],[WMPInitiativeActivity]]="other", Table2[[#This Row],[ActivityNameifOther]], Table2[[#This Row],[WMPInitiativeActivity]])),"_",Table2[[#This Row],[InitiativeActivityID]], "_",YEAR(Table2[[#This Row],[Submission Date]])) -> SDGE_Grid Operations & Operating Protocols_Sensitive/Fast Protection settings_WMP.552_2022 | K83: 291 | L83: N/A | M83: N/A | N83: N/A | O83: N/A | P83: N/A | Q83: N/A | R83: N/A | S83: N/A | T83: N/A | U83: N/A | V83: N/A | W83: N/A | X83: N/A | Y83: N/A | Z83: N/A | AA83: N/A
A84: ='READ ME FIRST'!$D$12 -> SDGE | B84: ='READ ME FIRST'!$D$15 -> 44683 | C84: Grid Operations & Operating Protocols | D84: =IF(Table2[[#This Row],[WMPInitiativeCategory]]="", "",INDEX('Initiative mapping-DO NOT EDIT'!$H$3:$H$12, MATCH(Table2[[#This Row],[WMPInitiativeCategory]],'Initiative mapping-DO NOT EDIT'!$G$3:$G$12,0))) -> 5.3.6. | E84: Other | F84: Protective equipment and device settings | G84: =IF(Table2[[#This Row],[WMPInitiativeActivity]]="","x",IF(Table2[[#This Row],[WMPInitiativeActivity]]="other", Table2[[#This Row],[ActivityNameifOther]], INDEX('Initiative mapping-DO NOT EDIT'!$C$3:$C$89,MATCH(Table2[[#This Row],[WMPInitiativeActivity]],'Initiative mapping-DO NOT EDIT'!$D$3:$D$89,0)))) -> Protective equipment and device settings | H84: Protective equipment and device settings (7.3.6.2) | I84: WMP.553 | J84: =_xlfn.CONCAT(Table2[[#This Row],[UtilityID]],"_", Table2[[#This Row],[WMPInitiativeCategory]],"_", IF(Table2[[#This Row],[WMPInitiativeActivity]]="","x",IF(Table2[[#This Row],[WMPInitiativeActivity]]="other", Table2[[#This Row],[ActivityNameifOther]], Table2[[#This Row],[WMPInitiativeActivity]])),"_",Table2[[#This Row],[InitiativeActivityID]], "_",YEAR(Table2[[#This Row],[Submission Date]])) -> SDGE_Grid Operations & Operating Protocols_Protective equipment and device settings _WMP.553_2022 | K84: 306 | L84: N/A | M84: N/A | N84: N/A | O84: N/A | P84: N/A | Q84: N/A | R84: N/A | S84: N/A | T84: N/A | U84: N/A | V84: N/A | W84: N/A | Y84: N/A | Z84: N/A | AA84: N/A
A85: ='READ ME FIRST'!$D$12 -> SDGE | B85: ='READ ME FIRST'!$D$15 -> 44683 | C85: Grid Operations & Operating Protocols | D85: =IF(Table2[[#This Row],[WMPInitiativeCategory]]="", "",INDEX('Initiative mapping-DO NOT EDIT'!$H$3:$H$12, MATCH(Table2[[#This Row],[WMPInitiativeCategory]],'Initiative mapping-DO NOT EDIT'!$G$3:$G$12,0))) -> 5.3.6. | E85: Crew-accompanying ignition prevention and suppression resources and services | G85: =IF(Table2[[#This Row],[WMPInitiativeActivity]]="","x",IF(Table2[[#This Row],[WMPInitiativeActivity]]="other", Table2[[#This Row],[ActivityNameifOther]], INDEX('Initiative mapping-DO NOT EDIT'!$C$3:$C$89,MATCH(Table2[[#This Row],[WMPInitiativeActivity]],'Initiative mapping-DO NOT EDIT'!$D$3:$D$89,0)))) -> 2 | H85: Crew accompanying ignition prevention and suppression resources and services (7.3.6.3) | I85: WMP.514 | J85: =_xlfn.CONCAT(Table2[[#This Row],[UtilityID]],"_", Table2[[#This Row],[WMPInitiativeCategory]],"_", IF(Table2[[#This Row],[WMPInitiativeActivity]]="","x",IF(Table2[[#This Row],[WMPInitiativeActivity]]="other", Table2[[#This Row],[ActivityNameifOther]], Table2[[#This Row],[WMPInitiativeActivity]])),"_",Table2[[#This Row],[InitiativeActivityID]], "_",YEAR(Table2[[#This Row],[Submission Date]])) -> SDGE_Grid Operations & Operating Protocols_Crew-accompanying ignition prevention and suppression resources and services _WMP.514_2022 | K85: 307 | L85: N/A | M85: N/A | N85: N/A | O85: N/A | P85: N/A | Q85: N/A | R85: N/A | S85: N/A | T85: N/A | U85: N/A | V85: Fire prevention resources will be utilized as needed based on activity and FPI | W85: Fire prevention resources were utilized as needed based on activity and FPI | X85: Fire prevention resources were utilized as needed based on activity and FPI | AA85: In progress
A86: ='READ ME FIRST'!$D$12 -> SDGE | B86: ='READ ME FIRST'!$D$15 -> 44683 | C86: Grid Operations & Operating Protocols | D86: =IF(Table2[[#This Row],[WMPInitiativeCategory]]="", "",INDEX('Initiative mapping-DO NOT EDIT'!$H$3:$H$12, MATCH(Table2[[#This Row],[WMPInitiativeCategory]],'Initiative mapping-DO NOT EDIT'!$G$3:$G$12,0))) -> 5.3.6. | E86: Personnel work procedures and training in conditions of elevated fire risk | G86: =IF(Table2[[#This Row],[WMPInitiativeActivity]]="","x",IF(Table2[[#This Row],[WMPInitiativeActivity]]="other", Table2[[#This Row],[ActivityNameifOther]], INDEX('Initiative mapping-DO NOT EDIT'!$C$3:$C$89,MATCH(Table2[[#This Row],[WMPInitiativeActivity]],'Initiative mapping-DO NOT EDIT'!$D$3:$D$89,0)))) -> 3 | H86: Personnel work procedures and training in conditions of elevated fire risk (7.3.6.4) | I86: WMP.515 | J86: =_xlfn.CONCAT(Table2[[#This Row],[UtilityID]],"_", Table2[[#This Row],[WMPInitiativeCategory]],"_", IF(Table2[[#This Row],[WMPInitiativeActivity]]="","x",IF(Table2[[#This Row],[WMPInitiativeActivity]]="other", Table2[[#This Row],[ActivityNameifOther]], Table2[[#This Row],[WMPInitiativeActivity]])),"_",Table2[[#This Row],[InitiativeActivityID]], "_",YEAR(Table2[[#This Row],[Submission Date]])) -> SDGE_Grid Operations & Operating Protocols_Personnel work procedures and training in conditions of elevated fire risk _WMP.515_2022 | K86: 308 | L86: N/A | M86: N/A | N86: N/A | O86: N/A | P86: N/A | Q86: N/A | R86: N/A | S86: N/A | T86: N/A | U86: N/A | V86: Update ESP 113.1 and perform training | W86: Updated ESP 113.1 and perform training | X86: ESP 113.1 was utilized and field crews received training as needed on the contents of the plan | AA86: In progress
A87: ='READ ME FIRST'!$D$12 -> SDGE | B87: ='READ ME FIRST'!$D$15 -> 44683 | C87: Grid Operations & Operating Protocols | D87: =IF(Table2[[#This Row],[WMPInitiativeCategory]]="", "",INDEX('Initiative mapping-DO NOT EDIT'!$H$3:$H$12, MATCH(Table2[[#This Row],[WMPInitiativeCategory]],'Initiative mapping-DO NOT EDIT'!$G$3:$G$12,0))) -> 5.3.6. | E87: Protocols for PSPS re-energization | G87: =IF(Table2[[#This Row],[WMPInitiativeActivity]]="","x",IF(Table2[[#This Row],[WMPInitiativeActivity]]="other", Table2[[#This Row],[ActivityNameifOther]], INDEX('Initiative mapping-DO NOT EDIT'!$C$3:$C$89,MATCH(Table2[[#This Row],[WMPInitiativeActivity]],'Initiative mapping-DO NOT EDIT'!$D$3:$D$89,0)))) -> 4 | H87: Protocols for PSPS re‐energization (7.3.6.5) | I87: WMP.516 | J87: =_xlfn.CONCAT(Table2[[#This Row],[UtilityID]],"_", Table2[[#This Row],[WMPInitiativeCategory]],"_", IF(Table2[[#This Row],[WMPInitiativeActivity]]="","x",IF(Table2[[#This Row],[WMPInitiativeActivity]]="other", Table2[[#This Row],[ActivityNameifOther]], Table2[[#This Row],[WMPInitiativeActivity]])),"_",Table2[[#This Row],[InitiativeActivityID]], "_",YEAR(Table2[[#This Row],[Submission Date]])) -> SDGE_Grid Operations & Operating Protocols_Protocols for PSPS re-energization _WMP.516_2022 | K87: 309 | L87: N/A | M87: N/A | N87: N/A | O87: N/A | P87: N/A | Q87: N/A | R87: N/A | S87: N/A | T87: N/A | U87: N/A | V87: N/A | W87: While there were no PSPS events in the first quarter of 2022, should a PSPS event occur, SDG&E intends to follow its patrol and restoration process, committing to a 24 hour patrol and restoration period once the risk event has passed. | X87: While there were no PSPS events in the first or second quarter of 2022, should a PSPS event occur, SDG&E intends to follow its patrol and restoration process, committing to a 24 hour patrol and restoration period once the risk event has passed. | AA87: In progress
A88: ='READ ME FIRST'!$D$12 -> SDGE | B88: ='READ ME FIRST'!$D$15 -> 44683 | C88: Grid Operations & Operating Protocols | D88: =IF(Table2[[#This Row],[WMPInitiativeCategory]]="", "",INDEX('Initiative mapping-DO NOT EDIT'!$H$3:$H$12, MATCH(Table2[[#This Row],[WMPInitiativeCategory]],'Initiative mapping-DO NOT EDIT'!$G$3:$G$12,0))) -> 5.3.6. | E88: PSPS events and mitigation of PSPS impacts | G88: =IF(Table2[[#This Row],[WMPInitiativeActivity]]="","x",IF(Table2[[#This Row],[WMPInitiativeActivity]]="other", Table2[[#This Row],[ActivityNameifOther]], INDEX('Initiative mapping-DO NOT EDIT'!$C$3:$C$89,MATCH(Table2[[#This Row],[WMPInitiativeActivity]],'Initiative mapping-DO NOT EDIT'!$D$3:$D$89,0)))) -> 5 | H88: PSPS events and mitigation of PSPS impacts (7.3.6.6) | I88: WMP.517 | J88: =_xlfn.CONCAT(Table2[[#This Row],[UtilityID]],"_", Table2[[#This Row],[WMPInitiativeCategory]],"_", IF(Table2[[#This Row],[WMPInitiativeActivity]]="","x",IF(Table2[[#This Row],[WMPInitiativeActivity]]="other", Table2[[#This Row],[ActivityNameifOther]], Table2[[#This Row],[WMPInitiativeActivity]])),"_",Table2[[#This Row],[InitiativeActivityID]], "_",YEAR(Table2[[#This Row],[Submission Date]])) -> SDGE_Grid Operations & Operating Protocols_PSPS events and mitigation of PSPS impacts _WMP.517_2022 | K88: 311 | L88: N/A | M88: N/A | N88: N/A | O88: N/A | P88: N/A | Q88: N/A | R88: N/A | S88: N/A | T88: N/A | U88: N/A | V88: N/A | W88: A number of capital project enhancements including strategic undergrounding, covered conductor, and overhead system hardening that all reduce the future scope and impact of PSPS events | X88: SDG&E continues to make progress on its capital project enhancements including strategic undergrounding, covered conductor, and overhead system hardening that all reduce the future scope and impact of PSPS events | AA88: In progress
A89: ='READ ME FIRST'!$D$12 -> SDGE | B89: ='READ ME FIRST'!$D$15 -> 44683 | C89: Grid Operations & Operating Protocols | D89: =IF(Table2[[#This Row],[WMPInitiativeCategory]]="", "",INDEX('Initiative mapping-DO NOT EDIT'!$H$3:$H$12, MATCH(Table2[[#This Row],[WMPInitiativeCategory]],'Initiative mapping-DO NOT EDIT'!$G$3:$G$12,0))) -> 5.3.6. | E89: Stationed and on-call ignition prevention and suppression resources and services | G89: =IF(Table2[[#This Row],[WMPInitiativeActivity]]="","x",IF(Table2[[#This Row],[WMPInitiativeActivity]]="other", Table2[[#This Row],[ActivityNameifOther]], INDEX('Initiative mapping-DO NOT EDIT'!$C$3:$C$89,MATCH(Table2[[#This Row],[WMPInitiativeActivity]],'Initiative mapping-DO NOT EDIT'!$D$3:$D$89,0)))) -> 6 | H89: Stationed and on‐call ignition prevention and suppression resources and services (7.3.6.7) | I89: WMP.518 | J89: =_xlfn.CONCAT(Table2[[#This Row],[UtilityID]],"_", Table2[[#This Row],[WMPInitiativeCategory]],"_", IF(Table2[[#This Row],[WMPInitiativeActivity]]="","x",IF(Table2[[#This Row],[WMPInitiativeActivity]]="other", Table2[[#This Row],[ActivityNameifOther]], Table2[[#This Row],[WMPInitiativeActivity]])),"_",Table2[[#This Row],[InitiativeActivityID]], "_",YEAR(Table2[[#This Row],[Submission Date]])) -> SDGE_Grid Operations & Operating Protocols_Stationed and on-call ignition prevention and suppression resources and services _WMP.518_2022 | K89: 312 | L89: N/A | M89: N/A | N89: N/A | O89: N/A | P89: N/A | Q89: N/A | R89: N/A | S89: N/A | T89: N/A | U89: N/A | V89: N/A | W89: N/A | X89: N/A | Y89: N/A | Z89: N/A | AA89: N/A
A90: ='READ ME FIRST'!$D$12 -> SDGE | B90: ='READ ME FIRST'!$D$15 -> 44683 | C90: Grid Operations & Operating Protocols | D90: =IF(Table2[[#This Row],[WMPInitiativeCategory]]="", "",INDEX('Initiative mapping-DO NOT EDIT'!$H$3:$H$12, MATCH(Table2[[#This Row],[WMPInitiativeCategory]],'Initiative mapping-DO NOT EDIT'!$G$3:$G$12,0))) -> 5.3.6. | E90: Other | F90: Aviation firefighting program | G90: =IF(Table2[[#This Row],[WMPInitiativeActivity]]="","x",IF(Table2[[#This Row],[WMPInitiativeActivity]]="other", Table2[[#This Row],[ActivityNameifOther]], INDEX('Initiative mapping-DO NOT EDIT'!$C$3:$C$89,MATCH(Table2[[#This Row],[WMPInitiativeActivity]],'Initiative mapping-DO NOT EDIT'!$D$3:$D$89,0)))) -> Aviation firefighting program | H90: Aviation firefighting program (7.3.6.7.1) | I90: WMP.554 | J90: =_xlfn.CONCAT(Table2[[#This Row],[UtilityID]],"_", Table2[[#This Row],[WMPInitiativeCategory]],"_", IF(Table2[[#This Row],[WMPInitiativeActivity]]="","x",IF(Table2[[#This Row],[WMPInitiativeActivity]]="other", Table2[[#This Row],[ActivityNameifOther]], Table2[[#This Row],[WMPInitiativeActivity]])),"_",Table2[[#This Row],[InitiativeActivityID]], "_",YEAR(Table2[[#This Row],[Submission Date]])) -> SDGE_Grid Operations & Operating Protocols_Aviation firefighting program_WMP.554_2022 | K90: 312 | L90: N/A | M90: N/A | N90: N/A | O90: N/A | P90: N/A | Q90: N/A | R90: N/A | S90: N/A | T90: N/A | U90: N/A | V90: No unavailable time for aviation firefighting program. | W90: Achieved | X90: Resources remain available | AA90: In progress
A91: ='READ ME FIRST'!$D$12 -> SDGE | B91: ='READ ME FIRST'!$D$15 -> 44683 | C91: Data Governance | D91: =IF(Table2[[#This Row],[WMPInitiativeCategory]]="", "",INDEX('Initiative mapping-DO NOT EDIT'!$H$3:$H$12, MATCH(Table2[[#This Row],[WMPInitiativeCategory]],'Initiative mapping-DO NOT EDIT'!$G$3:$G$12,0))) -> 5.3.7. | E91: Centralized repository for data | G91: =IF(Table2[[#This Row],[WMPInitiativeActivity]]="","x",IF(Table2[[#This Row],[WMPInitiativeActivity]]="other", Table2[[#This Row],[ActivityNameifOther]], INDEX('Initiative mapping-DO NOT EDIT'!$C$3:$C$89,MATCH(Table2[[#This Row],[WMPInitiativeActivity]],'Initiative mapping-DO NOT EDIT'!$D$3:$D$89,0)))) -> 1 | H91: Centralized repository for data (7.3.7.1) | I91: WMP.519 | J91: =_xlfn.CONCAT(Table2[[#This Row],[UtilityID]],"_", Table2[[#This Row],[WMPInitiativeCategory]],"_", IF(Table2[[#This Row],[WMPInitiativeActivity]]="","x",IF(Table2[[#This Row],[WMPInitiativeActivity]]="other", Table2[[#This Row],[ActivityNameifOther]], Table2[[#This Row],[WMPInitiativeActivity]])),"_",Table2[[#This Row],[InitiativeActivityID]], "_",YEAR(Table2[[#This Row],[Submission Date]])) -> SDGE_Data Governance_Centralized repository for data _WMP.519_2022 | K91: 315 | L91: N/A | M91: N/A | N91: N/A | O91: N/A | P91: N/A | Q91: N/A | R91: N/A | S91: N/A | T91: N/A | U91: N/A | V91: Continue documentation for the central catalog of metric logics to provide improved transparency, initiate DGF and documentation standards for data models and predictive analytics algorithms, collaborate on the implementation of the OEIS GeoDatabase schema with Asset Mangagement, deliver of DG education for data owners and data stakeholders, continue to conduct internal mock-audit checks of exsisting documentation. | W91: Collaborated weekly with IT Assenture Teams to continue progress on the centeralization of metrics tables to the repository. Assigned WM teamember to liaise between IT teams over central repository and OEIS schema. Began review of exsisting DG documentation | X91: 72 metrics automated in Q2. MLA documentation for 342 Metrics documented. 37 Metrics repointed to OEIS common Schema. Table 12 QDR and QIU data Centralized. Total 470 metrics supported from HANA Central Repository. | AA91: In progress
A92: ='READ ME FIRST'!$D$12 -> SDGE | B92: ='READ ME FIRST'!$D$15 -> 44683 | C92: Data Governance | D92: =IF(Table2[[#This Row],[WMPInitiativeCategory]]="", "",INDEX('Initiative mapping-DO NOT EDIT'!$H$3:$H$12, MATCH(Table2[[#This Row],[WMPInitiativeCategory]],'Initiative mapping-DO NOT EDIT'!$G$3:$G$12,0))) -> 5.3.7. | E92: Collaborative research on utility ignition and/or wildfire | G92: =IF(Table2[[#This Row],[WMPInitiativeActivity]]="","x",IF(Table2[[#This Row],[WMPInitiativeActivity]]="other", Table2[[#This Row],[ActivityNameifOther]], INDEX('Initiative mapping-DO NOT EDIT'!$C$3:$C$89,MATCH(Table2[[#This Row],[WMPInitiativeActivity]],'Initiative mapping-DO NOT EDIT'!$D$3:$D$89,0)))) -> 2 | H92: Collaborative research on utility ignition and/or wildfire (7.3.7.2) | I92: WMP.520 | J92: =_xlfn.CONCAT(Table2[[#This Row],[UtilityID]],"_", Table2[[#This Row],[WMPInitiativeCategory]],"_", IF(Table2[[#This Row],[WMPInitiativeActivity]]="","x",IF(Table2[[#This Row],[WMPInitiativeActivity]]="other", Table2[[#This Row],[ActivityNameifOther]], Table2[[#This Row],[WMPInitiativeActivity]])),"_",Table2[[#This Row],[InitiativeActivityID]], "_",YEAR(Table2[[#This Row],[Submission Date]])) -> SDGE_Data Governance_Collaborative research on utility ignition and/or wildfire _WMP.520_2022 | K92: 317 | L92: N/A | M92: N/A | N92: N/A | O92: N/A | P92: N/A | Q92: N/A | R92: N/A | S92: N/A | T92: N/A | U92: N/A | V92: Establish lasting partnerships with the at least three members of the academic community to sponsor ongoing wildfire mitigation-related data and collaborative research through internships programs where SDG&E further exposes graduate-level academic students to data driven wildfire mitigation within utility companies. | W92: SDG&E is on track to meet and exceed this goal in 2022. Multiple agreements are being developed with academia to enhance science and share data to support ongoing projects. | X92: An international study was undertaken of the wildfire risk management practices of various distribution and transmission utilities, in countries which experience significant wildfire activity. Cooperating utilities were surveyed and the findings from the survey were collated into the emergency management Prevent-Prepare-Respond-Recover framework. This framework entitled, 'Mitigating the risk of fire starts and the consequences of fire near overhead lines for system operations';has been presented as a white paper with the International Council On Large Electric Systems (a.k.a. CIGRE).;The findings from the study provide an opportunity for utilities already managing significant wildfire risk, to enhance their current practices, or for utilities for whom this risk is emerging, a starting point for preparing comprehensive wildfire risk management plans. | AA92: In progress
A93: ='READ ME FIRST'!$D$12 -> SDGE | B93: ='READ ME FIRST'!$D$15 -> 44683 | C93: Data Governance | D93: =IF(Table2[[#This Row],[WMPInitiativeCategory]]="", "",INDEX('Initiative mapping-DO NOT EDIT'!$H$3:$H$12, MATCH(Table2[[#This Row],[WMPInitiativeCategory]],'Initiative mapping-DO NOT EDIT'!$G$3:$G$12,0))) -> 5.3.7. | E93: Documentation and disclosure of wildfire-related data and algorithms | G93: =IF(Table2[[#This Row],[WMPInitiativeActivity]]="","x",IF(Table2[[#This Row],[WMPInitiativeActivity]]="other", Table2[[#This Row],[ActivityNameifOther]], INDEX('Initiative mapping-DO NOT EDIT'!$C$3:$C$89,MATCH(Table2[[#This Row],[WMPInitiativeActivity]],'Initiative mapping-DO NOT EDIT'!$D$3:$D$89,0)))) -> 3 | H93: Documentation and disclosure of wildfire‐related data and algorithms (7.3.7.3) | I93: WMP.521 | J93: =_xlfn.CONCAT(Table2[[#This Row],[UtilityID]],"_", Table2[[#This Row],[WMPInitiativeCategory]],"_", IF(Table2[[#This Row],[WMPInitiativeActivity]]="","x",IF(Table2[[#This Row],[WMPInitiativeActivity]]="other", Table2[[#This Row],[ActivityNameifOther]], Table2[[#This Row],[WMPInitiativeActivity]])),"_",Table2[[#This Row],[InitiativeActivityID]], "_",YEAR(Table2[[#This Row],[Submission Date]])) -> SDGE_Data Governance_Documentation and disclosure of wildfire-related data and algorithms _WMP.521_2022 | K93: 318 | L93: N/A | M93: N/A | N93: N/A | O93: N/A | P93: N/A | Q93: N/A | R93: N/A | S93: N/A | T93: N/A | U93: N/A | V93: N/A | W93: N/A | X93: N/A | Y93: N/A | Z93: N/A | AA93: N/A
A94: ='READ ME FIRST'!$D$12 -> SDGE | B94: ='READ ME FIRST'!$D$15 -> 44683 | C94: Data Governance | D94: =IF(Table2[[#This Row],[WMPInitiativeCategory]]="", "",INDEX('Initiative mapping-DO NOT EDIT'!$H$3:$H$12, MATCH(Table2[[#This Row],[WMPInitiativeCategory]],'Initiative mapping-DO NOT EDIT'!$G$3:$G$12,0))) -> 5.3.7. | E94: Tracking and analysis of near miss data | G94: =IF(Table2[[#This Row],[WMPInitiativeActivity]]="","x",IF(Table2[[#This Row],[WMPInitiativeActivity]]="other", Table2[[#This Row],[ActivityNameifOther]], INDEX('Initiative mapping-DO NOT EDIT'!$C$3:$C$89,MATCH(Table2[[#This Row],[WMPInitiativeActivity]],'Initiative mapping-DO NOT EDIT'!$D$3:$D$89,0)))) -> 4 | H94: Tracking and analysis of risk event data (7.3.7.4) | I94: WMP.522 | J94: =_xlfn.CONCAT(Table2[[#This Row],[UtilityID]],"_", Table2[[#This Row],[WMPInitiativeCategory]],"_", IF(Table2[[#This Row],[WMPInitiativeActivity]]="","x",IF(Table2[[#This Row],[WMPInitiativeActivity]]="other", Table2[[#This Row],[ActivityNameifOther]], Table2[[#This Row],[WMPInitiativeActivity]])),"_",Table2[[#This Row],[InitiativeActivityID]], "_",YEAR(Table2[[#This Row],[Submission Date]])) -> SDGE_Data Governance_Tracking and analysis of near miss data _WMP.522_2022 | K94: 318 | L94: N/A | M94: N/A | N94: N/A | O94: N/A | P94: N/A | Q94: N/A | R94: N/A | S94: N/A | T94: N/A | U94: N/A | V94: N/A | W94: N/A | X94: N/A | Y94: N/A | Z94: N/A | AA94: N/A
A95: ='READ ME FIRST'!$D$12 -> SDGE | B95: ='READ ME FIRST'!$D$15 -> 44683 | C95: Data Governance | D95: =IF(Table2[[#This Row],[WMPInitiativeCategory]]="", "",INDEX('Initiative mapping-DO NOT EDIT'!$H$3:$H$12, MATCH(Table2[[#This Row],[WMPInitiativeCategory]],'Initiative mapping-DO NOT EDIT'!$G$3:$G$12,0))) -> 5.3.7. | E95: Other | F95: Ignition management program | G95: =IF(Table2[[#This Row],[WMPInitiativeActivity]]="","x",IF(Table2[[#This Row],[WMPInitiativeActivity]]="other", Table2[[#This Row],[ActivityNameifOther]], INDEX('Initiative mapping-DO NOT EDIT'!$C$3:$C$89,MATCH(Table2[[#This Row],[WMPInitiativeActivity]],'Initiative mapping-DO NOT EDIT'!$D$3:$D$89,0)))) -> Ignition management program | H95: Ignition management program (7.3.7.4.1) | I95: WMP.558 | J95: =_xlfn.CONCAT(Table2[[#This Row],[UtilityID]],"_", Table2[[#This Row],[WMPInitiativeCategory]],"_", IF(Table2[[#This Row],[WMPInitiativeActivity]]="","x",IF(Table2[[#This Row],[WMPInitiativeActivity]]="other", Table2[[#This Row],[ActivityNameifOther]], Table2[[#This Row],[WMPInitiativeActivity]])),"_",Table2[[#This Row],[InitiativeActivityID]], "_",YEAR(Table2[[#This Row],[Submission Date]])) -> SDGE_Data Governance_Ignition management program_WMP.558_2022 | K95: 318 | L95: N/A | M95: N/A | N95: N/A | O95: N/A | P95: N/A | Q95: N/A | R95: N/A | S95: N/A | T95: N/A | U95: N/A | V95: Collect evidence of heat reports, coordinate responses to CAL OEIS, and begin the development of process documents with BBB. | W95: Collected evidence of heat reports, coordinated responses to CAL OEIS, and began the development of process documents with BBB. | X95: Collected evidence of heat reports, coordinated responses to CAL OEIS (29300), and continued the development of process documents with BBB | AA95: In progress
A96: ='READ ME FIRST'!$D$12 -> SDGE | B96: ='READ ME FIRST'!$D$15 -> 44683 | C96: Data Governance | D96: =IF(Table2[[#This Row],[WMPInitiativeCategory]]="", "",INDEX('Initiative mapping-DO NOT EDIT'!$H$3:$H$12, MATCH(Table2[[#This Row],[WMPInitiativeCategory]],'Initiative mapping-DO NOT EDIT'!$G$3:$G$12,0))) -> 5.3.7. | E96: Other | F96: Reliability database | G96: Reliability database | H96: Reliability database (7.3.7.4.2) | I96: WMP.559 | J96: =_xlfn.CONCAT(Table2[[#This Row],[UtilityID]],"_", Table2[[#This Row],[WMPInitiativeCategory]],"_", IF(Table2[[#This Row],[WMPInitiativeActivity]]="","x",IF(Table2[[#This Row],[WMPInitiativeActivity]]="other", Table2[[#This Row],[ActivityNameifOther]], Table2[[#This Row],[WMPInitiativeActivity]])),"_",Table2[[#This Row],[InitiativeActivityID]], "_",YEAR(Table2[[#This Row],[Submission Date]])) -> SDGE_Data Governance_Reliability database_WMP.559_2022 | K96: 319 | L96: N/A | M96: N/A | N96: N/A | O96: N/A | P96: N/A | Q96: N/A | R96: N/A | S96: N/A | T96: N/A | U96: N/A | W96: SDG&E continues to work towards migrating the current Access database to an AWS IT supported application for outage coding. The SAIDIDAT+ initiative was re-kicked off late in 2021 and has a target implementation date of late Q2 2022. | X96: SDG&E continues to work towards migrating the current Access database to an AWS IT supported application for outage coding. The SAIDIDAT+ initiative was re-kicked off late in 2021 with a target Phase 1 implementation of July 20 and Phase 2 in October 2022. | AA96: In progress
A97: ='READ ME FIRST'!$D$12 -> SDGE | B97: ='READ ME FIRST'!$D$15 -> 44683 | C97: Resource Allocation Methodology | D97: =IF(Table2[[#This Row],[WMPInitiativeCategory]]="", "",INDEX('Initiative mapping-DO NOT EDIT'!$H$3:$H$12, MATCH(Table2[[#This Row],[WMPInitiativeCategory]],'Initiative mapping-DO NOT EDIT'!$G$3:$G$12,0))) -> 5.3.8. | E97: Allocation methodology development and application | G97: =IF(Table2[[#This Row],[WMPInitiativeActivity]]="","x",IF(Table2[[#This Row],[WMPInitiativeActivity]]="other", Table2[[#This Row],[ActivityNameifOther]], INDEX('Initiative mapping-DO NOT EDIT'!$C$3:$C$89,MATCH(Table2[[#This Row],[WMPInitiativeActivity]],'Initiative mapping-DO NOT EDIT'!$D$3:$D$89,0)))) -> 1 | H97: Allocation methodology development and application (7.3.8.1) | I97: WMP.523 | J97: =_xlfn.CONCAT(Table2[[#This Row],[UtilityID]],"_", Table2[[#This Row],[WMPInitiativeCategory]],"_", IF(Table2[[#This Row],[WMPInitiativeActivity]]="","x",IF(Table2[[#This Row],[WMPInitiativeActivity]]="other", Table2[[#This Row],[ActivityNameifOther]], Table2[[#This Row],[WMPInitiativeActivity]])),"_",Table2[[#This Row],[InitiativeActivityID]], "_",YEAR(Table2[[#This Row],[Submission Date]])) -> SDGE_Resource Allocation Methodology_Allocation methodology development and application _WMP.523_2022 | K97: 320 | L97: N/A | M97: N/A | N97: N/A | O97: N/A | P97: N/A | Q97: N/A | R97: N/A | S97: N/A | T97: N/A | U97: N/A | V97: SDG&E will continue to improve the data that is used in the WiNGS-Planning model that evaluates risk and will work on assessing the need and approach for expanding model use in grid hardening with new data and integration of new modeling elements to support scoping and initiatives for risk-informed prioritization. To reinforce data-driven performance evaluation and sustainable and integrated risk-informed asset management, SDG&E is continuing to pursue alignment with ISO 55000 standards through the implementation of the Investment Prioritization Tool as part of the Asset Integrity Management (AIM) Program.Target: SDG&E will continue to enhance its approach to resource allocation for risk-based decision-making. As data becomes available and integrated across systems, SDG&E plans to increase the use of risk to inform decision-making and increase granularity of risk assessments to enhance the ability to aggregate and disaggregate assets for various modeling applications. This visibility will enable real-time scenario and sensitivity analyses for mature risk-based decision-making Expand the investment prioritization prototype development to other lines of business (i.e., Gas, IT, Fleet, Facilities) to adopt a consistent, common value frameworkDevelop proof of concept for portfolio optimization approach across lines of business Develop associated business processes to implement the tool across lines of business | W97: SDG&E's team is currently making progress on the automation of WiNGS-Planning with the intent of migration to the cloud for advance analytics. The team has begun a more granular approach to update lifecycle cost to be incorporated into the WiNGS-Planning model which will more accurately capture cost associate with different mitigations, ultimately updating our risk-spend efficiency. Other asset level model enhancements are being reviewed to update data and integrate into the WiNGS-Planning model to improve the prioritization efforts and risk-mitigation decision-making. Asset Management is continuing to develop the resource allocation tool for evaluating investments and risk mitigation benefits. This tool incorporates a multi-dimensional value framework to quantitatively compare projects, thereby enhancing the ability to cross-prioritize across SDG&E’s portfolio and optimize investment decisions, including wildfire mitigation investments, while effectively spending ratepayer funds.. Continue investment prioritization prototype development for application to electric distribution projects, including wildfire-driven projects Review associated business processes drafts with relevant business units to finalize for T&S implementation.Commence developing associated business processes to implement the tool with electric distribution business units. | X97: SDG&E's team continues to progress the automation of WiNGS-Planning with updates to model attribution and the intent of migration to the cloud for advance analytics. The team developed a segment-specific lifecycle cost savings methodology;to improved assessment of projected hardening increasing specificity to investment prioritization. The life-cycle cost has been incorporated into the WiNGS-Planning 2.0 model which will more accurately capture cost associate with different mitigations, ultimately updating our risk-spend efficiency. The development of a visualization tool has begun to support risk-mitigation decision-making. Other asset level model enhancements are being reviewed to update data and integrate into the WiNGS-Planning model to improve the prioritization efforts. ;Asset Management is continuing to develop the resource allocation tool for evaluating investments and risk mitigation benefits. This tool incorporates a multi-dimensional value framework to quantitatively compare projects, thereby enhancing the ability to cross-prioritize across SDG&E’s portfolio and optimize investment decisions, including wildfire mitigation investments, while effectively spending ratepayer funds.;In Q2, the Electric Transmission and Substation teams began using the resource allocation tool for FERC projects within their portfolio.; Electric Distribution teams developed and evaluated pilot projects within the tool to refine and test the value framework.; Kickoff and as-is process mapping began for the enterprise business units including IT, Gas Transmission/Distribution, and Generation to document current processes to inform future process development incorporating the new resource allocation tool. | AA97: In progress
A98: ='READ ME FIRST'!$D$12 -> SDGE | B98: ='READ ME FIRST'!$D$15 -> 44683 | C98: Resource Allocation Methodology | D98: =IF(Table2[[#This Row],[WMPInitiativeCategory]]="", "",INDEX('Initiative mapping-DO NOT EDIT'!$H$3:$H$12, MATCH(Table2[[#This Row],[WMPInitiativeCategory]],'Initiative mapping-DO NOT EDIT'!$G$3:$G$12,0))) -> 5.3.8. | E98: Risk reduction scenario development and analysis | G98: =IF(Table2[[#This Row],[WMPInitiativeActivity]]="","x",IF(Table2[[#This Row],[WMPInitiativeActivity]]="other", Table2[[#This Row],[ActivityNameifOther]], INDEX('Initiative mapping-DO NOT EDIT'!$C$3:$C$89,MATCH(Table2[[#This Row],[WMPInitiativeActivity]],'Initiative mapping-DO NOT EDIT'!$D$3:$D$89,0)))) -> 2 | H98: Risk reduction scenario development and analysis (7.3.8.2) | I98: WMP.524 | J98: =_xlfn.CONCAT(Table2[[#This Row],[UtilityID]],"_", Table2[[#This Row],[WMPInitiativeCategory]],"_", IF(Table2[[#This Row],[WMPInitiativeActivity]]="","x",IF(Table2[[#This Row],[WMPInitiativeActivity]]="other", Table2[[#This Row],[ActivityNameifOther]], Table2[[#This Row],[WMPInitiativeActivity]])),"_",Table2[[#This Row],[InitiativeActivityID]], "_",YEAR(Table2[[#This Row],[Submission Date]])) -> SDGE_Resource Allocation Methodology_Risk reduction scenario development and analysis _WMP.524_2022 | K98: 324 | L98: N/A | M98: N/A | N98: N/A | O98: N/A | P98: N/A | Q98: N/A | R98: N/A | S98: N/A | T98: N/A | U98: N/A | V98: N/A | W98: N/A | X98: N/A | Y98: N/A | Z98: N/A | AA98: N/A
A99: ='READ ME FIRST'!$D$12 -> SDGE | B99: ='READ ME FIRST'!$D$15 -> 44683 | C99: Resource Allocation Methodology | D99: =IF(Table2[[#This Row],[WMPInitiativeCategory]]="", "",INDEX('Initiative mapping-DO NOT EDIT'!$H$3:$H$12, MATCH(Table2[[#This Row],[WMPInitiativeCategory]],'Initiative mapping-DO NOT EDIT'!$G$3:$G$12,0))) -> 5.3.8. | E99: Risk spend efficiency analysis | G99: =IF(Table2[[#This Row],[WMPInitiativeActivity]]="","x",IF(Table2[[#This Row],[WMPInitiativeActivity]]="other", Table2[[#This Row],[ActivityNameifOther]], INDEX('Initiative mapping-DO NOT EDIT'!$C$3:$C$89,MATCH(Table2[[#This Row],[WMPInitiativeActivity]],'Initiative mapping-DO NOT EDIT'!$D$3:$D$89,0)))) -> 3 | H99: Risk spend efficiency analysis (7.3.8.3) | I99: WMP.525 | J99: =_xlfn.CONCAT(Table2[[#This Row],[UtilityID]],"_", Table2[[#This Row],[WMPInitiativeCategory]],"_", IF(Table2[[#This Row],[WMPInitiativeActivity]]="","x",IF(Table2[[#This Row],[WMPInitiativeActivity]]="other", Table2[[#This Row],[ActivityNameifOther]], Table2[[#This Row],[WMPInitiativeActivity]])),"_",Table2[[#This Row],[InitiativeActivityID]], "_",YEAR(Table2[[#This Row],[Submission Date]])) -> SDGE_Resource Allocation Methodology_Risk spend efficiency analysis_WMP.525_2022 | K99: 324 | L99: N/A | M99: N/A | N99: N/A | O99: N/A | P99: N/A | Q99: N/A | R99: N/A | S99: N/A | T99: N/A | U99: N/A | V99: N/A | W99: N/A | X99: N/A | Y99: N/A | Z99: N/A | AA99: N/A
A100: ='READ ME FIRST'!$D$12 -> SDGE | B100: ='READ ME FIRST'!$D$15 -> 44683 | C100: Emergency Planning & Preparedness | D100: =IF(Table2[[#This Row],[WMPInitiativeCategory]]="", "",INDEX('Initiative mapping-DO NOT EDIT'!$H$3:$H$12, MATCH(Table2[[#This Row],[WMPInitiativeCategory]],'Initiative mapping-DO NOT EDIT'!$G$3:$G$12,0))) -> 5.3.9. | E100: Adequate and trained workforce for service restoration | G100: =IF(Table2[[#This Row],[WMPInitiativeActivity]]="","x",IF(Table2[[#This Row],[WMPInitiativeActivity]]="other", Table2[[#This Row],[ActivityNameifOther]], INDEX('Initiative mapping-DO NOT EDIT'!$C$3:$C$89,MATCH(Table2[[#This Row],[WMPInitiativeActivity]],'Initiative mapping-DO NOT EDIT'!$D$3:$D$89,0)))) -> 1 | H100: Adequate and trained workforce for service restoration (7.3.9.1) | I100: WMP.526 | J100: =_xlfn.CONCAT(Table2[[#This Row],[UtilityID]],"_", Table2[[#This Row],[WMPInitiativeCategory]],"_", IF(Table2[[#This Row],[WMPInitiativeActivity]]="","x",IF(Table2[[#This Row],[WMPInitiativeActivity]]="other", Table2[[#This Row],[ActivityNameifOther]], Table2[[#This Row],[WMPInitiativeActivity]])),"_",Table2[[#This Row],[InitiativeActivityID]], "_",YEAR(Table2[[#This Row],[Submission Date]])) -> SDGE_Emergency Planning & Preparedness_Adequate and trained workforce for service restoration _WMP.526_2022 | K100: 325 | L100: N/A | M100: N/A | N100: N/A | O100: N/A | P100: N/A | Q100: N/A | R100: N/A | S100: N/A | T100: N/A | U100: N/A | V100: N/A | W100: •Completed 2 UG Phase III Classes for apprentices utilizing the National Utility Training Fund (NUTIF) curriculum tailored to SDG&E 3 year apprentice program. •Ran and completed Troubleshooter (ETS) Class: a.Integrated 2.5 D, E-Learning, videos and smart devices b.Piloted PSPS VR training to encompass patroller and observer roles, ICS, and what to do when damage found. •Built Virtual Reality into our CMP program and 2 classes were conducted 1st Qtr 2022 for our OH inspectors: a.VR and 2.5D OHVI/QC fire ignition infractions built out and training is completed and integrated into Cornerstone LMS b.Utilized the physical infraction yard to test their skills. •Started a Advanced Secondary apprentice class in March 2022. •Completed (1) UG CMP classes in 1st Qtr. •Completed 1 Relief Fault Finding Specialist class in 1st Qtr. •Completed EPZ training in March, utilizing 2.5D VR technology and a hands on portion in the training yard. •Conducted (1) Working Foreman development class in Feb 2022. •At our Skills training Center we have built out an Electric Safety Center a.Conducted 1937 safety field visits 1st Qtr 2022 b.Conducted (2) Protective Bonding (EPZ) steering committee to build bench strength, best practices, and SMEs c.Integrated ICS into our new hire training for Lineman and Line Assistants. d.Target Zero initiative around zero injuries and better retention. Worked with HR to enhance pre-screening of New Hire Lineman and Line Assistants to require a DOT physical, physical capacities screening and agility testing as well as validated physical assessments. Completed 1st Qtr 2022. | X100: Completed Apprentice Advanced Secondary class utilizing National Utility Training Fund (NUTIF) curriculum tailored to SDG&E’s 3 year apprentice program.Completed two relief Troubleshooter (ETS) classes; Integrated 2.5 D, E-Learning, videos and smart devicesCompleted Relief Fault Finder Specialist (FFS) class; Integrated 2.5 D, E-Learning, videos and smart devicesConducted a Line Assistant OrientationStarted 12kV Hot Stick / Rubber Glove Apprentice class & Line Assistant Ground Work class in JuneCompleted a New Hire Lineman Training for new QEWsCompleted the second UG Phase 3 training in April.Continued holding PSPS trainings to encompass patroller and observer roles, ICS, and what to do when damage found & PSPS Required Fire Seasonal Readiness trainings in the districtsDeployed Contractor Orientations on equipment and standards for Michels, PAR Electric, Henkels & McCoy and DCM and provided a new Contractor SP page with all the Standard Practice Requirements included.Developed Pole Rigging Training Video completed a Roadshow in the districtsCompleted Electrical Awareness Trainings in the districts as well as with the Heartland Fire Training Facility,Developed/trained/deployed the new On Duty Supervisor SP List and Power App to the districts to see up to date ODS contact information when on a job. | AA100: In progress
...

Sheet Initiative mapping-DO NOT EDIT
B2: WMP Table # / Category | C2: WMP Initiative # | D2: Initative activity | G2: WMP category | H2: WMP code | J2: Utility
B3: Risk Assessment & Mapping | C3: 1 | D3: A summarized risk map that shows the overall ignition probability and estimated wildfire consequence along the electric lines and equipment | G3: Risk Assessment & Mapping | H3: 5.3.1. | J3: PGE
B4: Risk Assessment & Mapping | C4: 2 | D4: Climate-driven risk map and modelling based on various relevant weather scenarios | G4: Situational Awareness & Forecasting | H4: 5.3.2. | J4: SCE
B5: Risk Assessment & Mapping | C5: 3 | D5: Ignition probability mapping showing the probability of ignition along the electric lines and equipment | G5: Grid Design & System Hardening | H5: 5.3.3. | J5: SDGE
B6: Risk Assessment & Mapping | C6: 4 | D6: Initiative mapping and estimation of wildfire and PSPS risk-reduction impact | G6: Asset Management & Inspections | H6: 5.3.4. | J6: BVES
B7: Risk Assessment & Mapping | C7: 5 | D7: Match drop simulations showing the potential wildfire consequence of ignitions that occur along the electric lines and equipment | G7: Vegetation Management & Inspections | H7: 5.3.5. | J7: LU
B8: Situational Awareness & Forecasting | C8: 1 | D8: Advanced weather monitoring and weather stations | G8: Grid Operations & Operating Protocols | H8: 5.3.6. | J8: PC
B9: Situational Awareness & Forecasting | C9: 2 | D9: Continuous monitoring sensors | G9: Data Governance | H9: 5.3.7. | J9: TBC
B10: Situational Awareness & Forecasting | C10: 3 | D10: Fault indicators for detecting faults on electric lines and equipment | G10: Resource Allocation Methodology | H10: 5.3.8. | J10: HWT
B11: Situational Awareness & Forecasting | C11: 4 | D11: Forecast of a fire risk index, fire potential index, or similar | G11: Emergency Planning & Preparedness | H11: 5.3.9.
B12: Situational Awareness & Forecasting | C12: 5 | D12: Personnel monitoring areas of electric lines and equipment in elevated fire risk conditions | G12: Stakeholder Cooperation & Community Engagement | H12: 5.3.10.
B13: Situational Awareness & Forecasting | C13: 6 | D13: Weather forecasting and estimating impacts on electric lines and equipment
B14: Grid Design & System Hardening | C14: 1 | D14: Capacitor maintenance and replacement program
B15: Grid Design & System Hardening | C15: 2 | D15: Circuit breaker maintenance and installation to de-energize lines upon detecting a fault
B16: Grid Design & System Hardening | C16: 3 | D16: Covered conductor installation
B17: Grid Design & System Hardening | C17: 4 | D17: Covered conductor maintenance
B18: Grid Design & System Hardening | C18: 5 | D18: Crossarm maintenance, repair, and replacement
B19: Grid Design & System Hardening | C19: 6 | D19: Distribution pole replacement and reinforcement, including with composite poles
B20: Grid Design & System Hardening | C20: 7 | D20: Expulsion fuse replacement
B21: Grid Design & System Hardening | C21: 8 | D21: Grid topology improvements to mitigate or reduce PSPS events
B22: Grid Design & System Hardening | C22: 9 | D22: Installation of system automation equipment
B23: Grid Design & System Hardening | C23: 10 | D23: Maintenance, repair, and replacement of connectors, including hotline clamps
B24: Grid Design & System Hardening | C24: 11 | D24: Mitigation of impact on customers and other residents affected during PSPS event
... B88: Stakeholder Cooperation & Community Engagement | C88: 4 | D88: Forest service and fuel reduction cooperation and joint roadmap
C89: x | D89: Other
